Workbook

Sheet Guide
C3: Expenses Tracking Diary
C4: version 20080901
H5: © Constantinos Mamais
C6: You can use this worksheet to keep a track on your expenses. Use it on a daily basis so that it is accurate. If not, you should enter your expenses at least once a week. As the weeks accumulate, you will get an idea of where you are spending a lot and try to reduce you outgoings accordingly. A basic income sheet has been produced to help you check your balance.
C8: On the diary pages, enter the date for the Monday in the buff box. Dates for the rest of the sheet will be calculated from this. Under each date, add the amount of money spent and the corresponding code next to it (you can see a reminder list on the right). Calculations are made between the Start and the End worksheets, hence you can move any number of weeks between these sheets and include them on the calculations shown on the summary and expenses sheets.
C10: You can edit the classification of your expenses here. In order to avoid the calculations getting mixed up, please do any editing now, before you start adding data. You can change the field names to anything you want (Excel should update the rest of the workgroup accordingly) but you CANNOT add new rows. Use the User defined fields instead (of course if you know excel quite well than you can modify it in any way you wish!).
C11: You are free to modify this excel sheet and distribute it for free and non-comercial reasons as long as you credit my attempt somewhere. I based my work on three sources mainly: "Budget Planner" from www.MoneySavingExpert.com, "Personal Budget Spreadsheet" from www.vertex42.com and the "Job Planning Diary" from www.consultantscommittee.info.
C12: Name: | D12: Costas
C14: Currency: | D14: GBP | F14: Enter your currency (e.g. GBP, USD, EUR)
C16: Expenses Classification - Codes
F18: Any changes to field names should be made here
C19: Health
C20: H1 | F20: Health Insurance | H20: Includes dental
C21: H2 | F21: Hospital expenses | H21: includes dentists, tests, operations etc
C22: H3 | F22: Medicines | H22: includes toothpaste etc
C23: H4 | F23: Sports | H23: health centre memberships, equipment, etc
C24: H5 | F24: other (can add own)
C25: H6 | F25: User defined
C26: H7 | F26: User defined
C27: H8 | F27: User defined
C29: Daily Living
C30: L1 | F30: Groceries
C31: L2 | F31: Dining Out
C32: L3 | F32: Clothing
C33: L4 | F33: Hair
C34: L5 | F34: Mobile phone
C35: L6 | F35: other (can add own)
C36: L7 | F36: User defined
C37: L8 | F37: User defined
C38: L9 | F38: User defined
C40: Home
C41: B1 | F41: Mortgage / Rent
C42: B2 | F42: Buildings Insurance | H42: Includes boiler insurance, water insurance etc
C43: B3 | F43: Electricity
C44: B4 | F44: Gas / oil
C45: B5 | F45: Water / Sewer / Trash
C46: B6 | F46: Land line
C47: B7 | F47: TV
C48: B8 | F48: Internet
C49: B9 | F49: Maintenance | H49: Furniture, appliances, improvements, cleaning
C50: B10 | F50: other (can add own)
C51: B11 | F51: Council Tax
C52: B12 | F52: User defined
C53: B13 | F53: User defined
C55: Transportation
C56: T1 | F56: Fuel
C57: T2 | F57: Insurance
C58: T3 | F58: Registration / Licence
C59: T4 | F59: Maintenance | H59: MOT, service, cleaning, repairs
C60: T5 | F60: Public transport | H60: do NOT include transport for holidays or education
C61: T6 | F61: Vehicle payments | H61: if you bought it on loan
C62: T7 | F62: other (can add own)
C63: T8 | F63: Parking
C64: T9 | F64: User defined
C65: T10 | F65: User defined
C67: Education
C68: D1 | F68: Books | H68: Include journal subscriptions
C69: D2 | F69: Fees
C70: D3 | F70: Exams
C71: D4 | F71: Materials | H71: Papers, equipment
C72: D5 | F72: other (can add own) | H72: Inc accomodation, travel
C73: D6 | F73: User defined
C74: D7 | F74: User defined
C75: D8 | F75: User defined
C77: Entertainment
C78: E1 | F78: Movies | H78: DVD, cinema, theatre
C79: E2 | F79: Computer | H79: Games, upgrades
C80: E3 | F80: Books and Magazines | H80: Include magazines, subscriptions, newspapers
C81: E4 | F81: Hobbies
C82: E5 | F82: Holidays | H82: Whole package (transport, food, accommodation)
C83: E6 | F83: other (can add own)
C84: E7 | F84: Going Out | H84: Drinks, meals with others, Theme parks etc
C85: E8 | F85: User defined
C86: E9 | F86: User defined
C88: Other
C89: O1 | F89: Income Protection
C90: O2 | F90: Life insurance
C91: O3 | F91: Gifts | H91: Personal or other donations
C92: O4 | F92: Pet | H92: Food, health, toys
C93: O5 | F93: Investments | H93: Retirement, savings, for kids
C94: O6 | F94: Loans, debts, taxes | H94: only if they do not fit in any other category *
C95: O7 | F95: Other (can add own)
C96: O8 | F96: Professional Anuities | H96: For Tax Relief Purposes (MDU, GMC etc)
C97: O9 | F97: User defined
C98: O10 | F98: User defined
C102: Income Classification - Codes
C103: I1 | F103: Salary | H103: Regular salary, bonuses
C104: I2 | F104: Gifts
C105: I3 | F105: Investments **
C106: I4 | F106: Benefits
C107: I5 | F107: Pension
C108: I6 | F108: Other (can add own)
C109: I7 | F109: Taxed Interest | H109: NOT ISA
C110: I8 | F110: User defined
C111: I9 | F111: User defined
C113: * | D113: Loans and debts are expenses but usually fit in some other category. If you take a lump sum loan, you have to enter it as Income. Then enter the monthly payout as Expense together with everything else you buy. Loans for cars go to the transportation category, loans for a specific item should go to the appropriate category. Say you get a loan of 10.000 Euros for house improvement. You can EITHER put only the loan repayments directly to the House - Maintenance section without putting anything on the income OR put the 10000 Euros as income, the loan repayments under the section Other - Loans and the bill for the house improvement on the House - Maintenance. Make a choice now and stick to it!
C115: ** | D115: Investments count as expenses if you deposit them somewhere out of reach. Once you put that money into a current account, then add them on the income section. Therefore you have to put as income all the amount. Say you deposit 100 Euro on a investment plan. This amounts to expense of 100 Euros. Once this has grown to 110 Euros, you can put it as 110 Euros income once you take all the money out of the investment plan. This will keep everything balanced even in case you lose money

Sheet Summary
C3: Expenses Tracking Diary
C4: =Guide!C4 -> version 20080901
G5: Calculations between Start and End week
C7: Name: | D7: =Guide!D12 -> Costas
C8: Period | D8: =TEXT(MIN(Start:End!L2:L2),"d mmmm yyyy") -> 29 March 2010 | F8: to | G8: =TEXT(MAX(Start:End!L2:L2)+6,"d mmmm yyyy") -> 18 April 2010
C10: Expenses | H10: Income
F11: Do not make any changes here
C13: =Guide!C19 -> Health | D13: Total | E13: Monthly (Av) | H13: Income | I13: =D13 -> Total | J13: =E13 -> Monthly (Av)
D14: =SUM(Expenses!D14:D21) -> 0 | E14: =$D14/($G$8-$D$8)*30.5 -> 0 | I14: =SUM(Income!D14:D22) -> 400 | J14: =I14/(G8-D8)*30.5 -> 610
C15: Daily Living | D15: =D13 -> Total | E15: =E13 -> Monthly (Av)
D16: =SUM(Expenses!D24:D32) -> 19.4 | E16: =$D16/($G$8-$D$8)*30.5 -> 29.585
C17: Home | D17: =D13 -> Total | E17: =E13 -> Monthly (Av)
D18: =SUM(Expenses!D35:D47) -> 0 | E18: =$D18/($G$8-$D$8)*30.5 -> 0
C19: Transportation | D19: =D13 -> Total | E19: =E13 -> Monthly (Av) | H19: Total Out | I19: =SUM(D14,D16,D18,D20,D22,D24,D26) -> 157.74
D20: =SUM(Expenses!D50:D59) -> 49.84 | E20: =$D20/($G$8-$D$8)*30.5 -> 76.006
C21: Education | D21: =D13 -> Total | E21: =E13 -> Monthly (Av) | H21: Total In | I21: =I14 -> 400
D22: =SUM(Expenses!D62:D69) -> 16 | E22: =$D22/($G$8-$D$8)*30.5 -> 24.4
C23: Entertainment | D23: =D13 -> Total | E23: =E13 -> Monthly (Av) | H23: Balance | I23: =I21-I19 -> 242.26 | J23: =Guide!D14 -> GBP
D24: =SUM(Expenses!D72:D80) -> 72.5 | E24: =$D24/($G$8-$D$8)*30.5 -> 110.5625
C25: Other | D25: =D13 -> Total | E25: =E13 -> Monthly (Av)
D26: =SUM(Expenses!D83:D92) -> 0 | E26: =$D26/($G$8-$D$8)*30.5 -> 0

Sheet Expenses
C3: Expenses Tracking Diary
C4: =Guide!C4 -> version 20080901
G5: Calculations between Start and End week
C7: Name: | D7: =Guide!D12 -> Costas | J7: =Summary!D13 -> Total | K7: =SUM(D14:D21,D24:D32,D35:D47,D50:D59,D62:D69,D72:D80,D83:D92) -> 157.74
C8: Period | D8: =TEXT(MIN(Start:End!L2:L2),"d mmmm yyyy") -> 29 March 2010 | F8: to | G8: =TEXT(MAX(Start:End!L2:L2)+6,"d mmmm yyyy") -> 18 April 2010 | J8: =Summary!E13 -> Monthly (Av) | K8: =K7/(G8-D8)*30.5 -> 240.5535
C10: Expenses Classification
F12: Do not make any changes here
C13: =Guide!C19 -> Health | D13: =Summary!D13 -> Total | E13: =Summary!E13 -> Monthly (Av)
C14: =Guide!C20 -> H1 | D14: =SUM(Start:End!W4:W4) -> 0 | E14: =$D14/($G$8-$D$8)*30.5 -> 0 | F14: =Guide!F20 -> Health Insurance
C15: =Guide!C21 -> H2 | D15: =SUM(Start:End!W5:W5) -> 0 | E15: =$D15/($G$8-$D$8)*30.5 -> 0 | F15: =Guide!F21 -> Hospital expenses
C16: =Guide!C22 -> H3 | D16: =SUM(Start:End!W6:W6) -> 0 | E16: =$D16/($G$8-$D$8)*30.5 -> 0 | F16: =Guide!F22 -> Medicines
C17: =Guide!C23 -> H4 | D17: =SUM(Start:End!W7:W7) -> 0 | E17: =$D17/($G$8-$D$8)*30.5 -> 0 | F17: =Guide!F23 -> Sports
C18: =Guide!C24 -> H5 | D18: =SUM(Start:End!W8:W8) -> 0 | E18: =$D18/($G$8-$D$8)*30.5 -> 0 | F18: =Guide!F24 -> other (can add own)
C19: =Guide!C25 -> H6 | D19: =SUM(Start:End!W9:W9) -> 0 | E19: =$D19/($G$8-$D$8)*30.5 -> 0 | F19: =Guide!F25 -> User defined
C20: =Guide!C26 -> H7 | D20: =SUM(Start:End!W10:W10) -> 0 | E20: =$D20/($G$8-$D$8)*30.5 -> 0 | F20: =Guide!F26 -> User defined
C21: =Guide!C27 -> H8 | D21: =SUM(Start:End!W11:W11) -> 0 | E21: =$D21/($G$8-$D$8)*30.5 -> 0 | F21: =Guide!F27 -> User defined
C23: Daily Living | D23: =D13 -> Total | E23: =E13 -> Monthly (Av)
C24: =Guide!C30 -> L1 | D24: =SUM(Start:End!W13:W13) -> 0 | E24: =$D24/($G$8-$D$8)*30.5 -> 0 | F24: =Guide!F30 -> Groceries
C25: =Guide!C31 -> L2 | D25: =SUM(Start:End!W14:W14) -> 19.4 | E25: =$D25/($G$8-$D$8)*30.5 -> 29.585 | F25: =Guide!F31 -> Dining Out
C26: =Guide!C32 -> L3 | D26: =SUM(Start:End!W15:W15) -> 0 | E26: =$D26/($G$8-$D$8)*30.5 -> 0 | F26: =Guide!F32 -> Clothing
C27: =Guide!C33 -> L4 | D27: =SUM(Start:End!W16:W16) -> 0 | E27: =$D27/($G$8-$D$8)*30.5 -> 0 | F27: =Guide!F33 -> Hair
C28: =Guide!C34 -> L5 | D28: =SUM(Start:End!W17:W17) -> 0 | E28: =$D28/($G$8-$D$8)*30.5 -> 0 | F28: =Guide!F34 -> Mobile phone
C29: =Guide!C35 -> L6 | D29: =SUM(Start:End!W18:W18) -> 0 | E29: =$D29/($G$8-$D$8)*30.5 -> 0 | F29: =Guide!F35 -> other (can add own)
C30: =Guide!C36 -> L7 | D30: =SUM(Start:End!W19:W19) -> 0 | E30: =$D30/($G$8-$D$8)*30.5 -> 0 | F30: =Guide!F36 -> User defined
C31: =Guide!C37 -> L8 | D31: =SUM(Start:End!W20:W20) -> 0 | E31: =$D31/($G$8-$D$8)*30.5 -> 0 | F31: =Guide!F37 -> User defined
C32: =Guide!C38 -> L9 | D32: =SUM(Start:End!W21:W21) -> 0 | E32: =$D32/($G$8-$D$8)*30.5 -> 0 | F32: =Guide!F38 -> User defined
C34: Home | D34: =D13 -> Total | E34: =E13 -> Monthly (Av)
C35: =Guide!C41 -> B1 | D35: =SUM(Start:End!W23:W23) -> 0 | E35: =$D35/($G$8-$D$8)*30.5 -> 0 | F35: =Guide!F41 -> Mortgage / Rent
C36: =Guide!C42 -> B2 | D36: =SUM(Start:End!W24:W24) -> 0 | E36: =$D36/($G$8-$D$8)*30.5 -> 0 | F36: =Guide!F42 -> Buildings Insurance
C37: =Guide!C43 -> B3 | D37: =SUM(Start:End!W25:W25) -> 0 | E37: =$D37/($G$8-$D$8)*30.5 -> 0 | F37: =Guide!F43 -> Electricity
C38: =Guide!C44 -> B4 | D38: =SUM(Start:End!W26:W26) -> 0 | E38: =$D38/($G$8-$D$8)*30.5 -> 0 | F38: =Guide!F44 -> Gas / oil
C39: =Guide!C45 -> B5 | D39: =SUM(Start:End!W27:W27) -> 0 | E39: =$D39/($G$8-$D$8)*30.5 -> 0 | F39: =Guide!F45 -> Water / Sewer / Trash
C40: =Guide!C46 -> B6 | D40: =SUM(Start:End!W28:W28) -> 0 | E40: =$D40/($G$8-$D$8)*30.5 -> 0 | F40: =Guide!F46 -> Land line
C41: =Guide!C47 -> B7 | D41: =SUM(Start:End!W29:W29) -> 0 | E41: =$D41/($G$8-$D$8)*30.5 -> 0 | F41: =Guide!F47 -> TV
C42: =Guide!C48 -> B8 | D42: =SUM(Start:End!W30:W30) -> 0 | E42: =$D42/($G$8-$D$8)*30.5 -> 0 | F42: =Guide!F48 -> Internet
C43: =Guide!C49 -> B9 | D43: =SUM(Start:End!W31:W31) -> 0 | E43: =$D43/($G$8-$D$8)*30.5 -> 0 | F43: =Guide!F49 -> Maintenance
C44: =Guide!C50 -> B10 | D44: =SUM(Start:End!W32:W32) -> 0 | E44: =$D44/($G$8-$D$8)*30.5 -> 0 | F44: =Guide!F50 -> other (can add own)
C45: =Guide!C51 -> B11 | D45: =SUM(Start:End!W33:W33) -> 0 | E45: =$D45/($G$8-$D$8)*30.5 -> 0 | F45: =Guide!F51 -> Council Tax
C46: =Guide!C52 -> B12 | D46: =SUM(Start:End!W34:W34) -> 0 | E46: =$D46/($G$8-$D$8)*30.5 -> 0 | F46: =Guide!F52 -> User defined
C47: =Guide!C53 -> B13 | D47: =SUM(Start:End!W35:W35) -> 0 | E47: =$D47/($G$8-$D$8)*30.5 -> 0 | F47: =Guide!F53 -> User defined
C49: Transportation | D49: =D34 -> Total | E49: =E34 -> Monthly (Av)
C50: =Guide!C56 -> T1 | D50: =SUM(Start:End!W37:W37) -> 49.84 | E50: =$D50/($G$8-$D$8)*30.5 -> 76.006 | F50: =Guide!F56 -> Fuel
C51: =Guide!C57 -> T2 | D51: =SUM(Start:End!W38:W38) -> 0 | E51: =$D51/($G$8-$D$8)*30.5 -> 0 | F51: =Guide!F57 -> Insurance
C52: =Guide!C58 -> T3 | D52: =SUM(Start:End!W39:W39) -> 0 | E52: =$D52/($G$8-$D$8)*30.5 -> 0 | F52: =Guide!F58 -> Registration / Licence
C53: =Guide!C59 -> T4 | D53: =SUM(Start:End!W40:W40) -> 0 | E53: =$D53/($G$8-$D$8)*30.5 -> 0 | F53: =Guide!F59 -> Maintenance
C54: =Guide!C60 -> T5 | D54: =SUM(Start:End!W41:W41) -> 0 | E54: =$D54/($G$8-$D$8)*30.5 -> 0 | F54: =Guide!F60 -> Public transport
C55: =Guide!C61 -> T6 | D55: =SUM(Start:End!W42:W42) -> 0 | E55: =$D55/($G$8-$D$8)*30.5 -> 0 | F55: =Guide!F61 -> Vehicle payments
C56: =Guide!C62 -> T7 | D56: =SUM(Start:End!W43:W43) -> 0 | E56: =$D56/($G$8-$D$8)*30.5 -> 0 | F56: =Guide!F62 -> other (can add own)
C57: =Guide!C63 -> T8 | D57: =SUM(Start:End!W44:W44) -> 0 | E57: =$D57/($G$8-$D$8)*30.5 -> 0 | F57: =Guide!F63 -> Parking
C58: =Guide!C64 -> T9 | D58: =SUM(Start:End!W45:W45) -> 0 | E58: =$D58/($G$8-$D$8)*30.5 -> 0 | F58: =Guide!F64 -> User defined
C59: =Guide!C65 -> T10 | D59: =SUM(Start:End!W46:W46) -> 0 | E59: =$D59/($G$8-$D$8)*30.5 -> 0 | F59: =Guide!F65 -> User defined
C61: Education | D61: =D49 -> Total | E61: =E49 -> Monthly (Av)
C62: =Guide!C68 -> D1 | D62: =SUM(Start:End!W48:W48) -> 0 | E62: =$D62/($G$8-$D$8)*30.5 -> 0 | F62: =Guide!F68 -> Books
C63: =Guide!C69 -> D2 | D63: =SUM(Start:End!W49:W49) -> 0 | E63: =$D63/($G$8-$D$8)*30.5 -> 0 | F63: =Guide!F69 -> Fees
C64: =Guide!C70 -> D3 | D64: =SUM(Start:End!W50:W50) -> 0 | E64: =$D64/($G$8-$D$8)*30.5 -> 0 | F64: =Guide!F70 -> Exams
C65: =Guide!C71 -> D4 | D65: =SUM(Start:End!W51:W51) -> 16 | E65: =$D65/($G$8-$D$8)*30.5 -> 24.4 | F65: =Guide!F71 -> Materials
C66: =Guide!C72 -> D5 | D66: =SUM(Start:End!W52:W52) -> 0 | E66: =$D66/($G$8-$D$8)*30.5 -> 0 | F66: =Guide!F72 -> other (can add own)
C67: =Guide!C73 -> D6 | D67: =SUM(Start:End!W53:W53) -> 0 | E67: =$D67/($G$8-$D$8)*30.5 -> 0 | F67: =Guide!F73 -> User defined
C68: =Guide!C74 -> D7 | D68: =SUM(Start:End!W54:W54) -> 0 | E68: =$D68/($G$8-$D$8)*30.5 -> 0 | F68: =Guide!F74 -> User defined
C69: =Guide!C75 -> D8 | D69: =SUM(Start:End!W55:W55) -> 0 | E69: =$D69/($G$8-$D$8)*30.5 -> 0 | F69: =Guide!F75 -> User defined
C71: Entertainment | D71: =D61 -> Total | E71: =E61 -> Monthly (Av)
C72: =Guide!C78 -> E1 | D72: =SUM(Start:End!W57:W57) -> 0 | E72: =$D72/($G$8-$D$8)*30.5 -> 0 | F72: =Guide!F78 -> Movies
C73: =Guide!C79 -> E2 | D73: =SUM(Start:End!W58:W58) -> 0 | E73: =$D73/($G$8-$D$8)*30.5 -> 0 | F73: =Guide!F79 -> Computer
C74: =Guide!C80 -> E3 | D74: =SUM(Start:End!W59:W59) -> 0 | E74: =$D74/($G$8-$D$8)*30.5 -> 0 | F74: =Guide!F80 -> Books and Magazines
C75: =Guide!C81 -> E4 | D75: =SUM(Start:End!W60:W60) -> 0 | E75: =$D75/($G$8-$D$8)*30.5 -> 0 | F75: =Guide!F81 -> Hobbies
C76: =Guide!C82 -> E5 | D76: =SUM(Start:End!W61:W61) -> 0 | E76: =$D76/($G$8-$D$8)*30.5 -> 0 | F76: =Guide!F82 -> Holidays
C77: =Guide!C83 -> E6 | D77: =SUM(Start:End!W62:W62) -> 0 | E77: =$D77/($G$8-$D$8)*30.5 -> 0 | F77: =Guide!F83 -> other (can add own)
C78: =Guide!C84 -> E7 | D78: =SUM(Start:End!W63:W63) -> 72.5 | E78: =$D78/($G$8-$D$8)*30.5 -> 110.5625 | F78: =Guide!F84 -> Going Out
C79: =Guide!C85 -> E8 | D79: =SUM(Start:End!W64:W64) -> 0 | E79: =$D79/($G$8-$D$8)*30.5 -> 0 | F79: =Guide!F85 -> User defined
C80: =Guide!C86 -> E9 | D80: =SUM(Start:End!W65:W65) -> 0 | E80: =$D80/($G$8-$D$8)*30.5 -> 0 | F80: =Guide!F86 -> User defined
C82: Other | D82: =D71 -> Total | E82: =E71 -> Monthly (Av)
C83: =Guide!C89 -> O1 | D83: =SUM(Start:End!W67:W67) -> 0 | E83: =$D83/($G$8-$D$8)*30.5 -> 0 | F83: =Guide!F89 -> Income Protection
C84: =Guide!C90 -> O2 | D84: =SUM(Start:End!W68:W68) -> 0 | E84: =$D84/($G$8-$D$8)*30.5 -> 0 | F84: =Guide!F90 -> Life insurance
C85: =Guide!C91 -> O3 | D85: =SUM(Start:End!W69:W69) -> 0 | E85: =$D85/($G$8-$D$8)*30.5 -> 0 | F85: =Guide!F91 -> Gifts
C86: =Guide!C92 -> O4 | D86: =SUM(Start:End!W70:W70) -> 0 | E86: =$D86/($G$8-$D$8)*30.5 -> 0 | F86: =Guide!F92 -> Pet
C87: =Guide!C93 -> O5 | D87: =SUM(Start:End!W71:W71) -> 0 | E87: =$D87/($G$8-$D$8)*30.5 -> 0 | F87: =Guide!F93 -> Investments
C88: =Guide!C94 -> O6 | D88: =SUM(Start:End!W72:W72) -> 0 | E88: =$D88/($G$8-$D$8)*30.5 -> 0 | F88: =Guide!F94 -> Loans, debts, taxes
C89: =Guide!C95 -> O7 | D89: =SUM(Start:End!W73:W73) -> 0 | E89: =$D89/($G$8-$D$8)*30.5 -> 0 | F89: =Guide!F95 -> Other (can add own)
C90: =Guide!C96 -> O8 | D90: =SUM(Start:End!W74:W74) -> 0 | E90: =$D90/($G$8-$D$8)*30.5 -> 0 | F90: =Guide!F96 -> Professional Anuities
C91: =Guide!C97 -> O9 | D91: =SUM(Start:End!W75:W75) -> 0 | E91: =$D91/($G$8-$D$8)*30.5 -> 0 | F91: =Guide!F97 -> User defined
C92: =Guide!C98 -> O10 | D92: =SUM(Start:End!W76:W76) -> 0 | E92: =$D92/($G$8-$D$8)*30.5 -> 0 | F92: =Guide!F98 -> User defined

Sheet Income
C3: Income Tracking Diary
C4: =Guide!C4 -> version 20080901
H5: Calculations between Start and End week
C7: Name: | D7: =Guide!D12 -> Costas | J7: =Summary!D13 -> Total | K7: =SUM(D14:D22) -> 400
C8: Period | D8: =TEXT(MIN(Start:End!L2:L2),"d mmmm yyyy") -> 29 March 2010 | F8: to | G8: =TEXT(MAX(Start:End!L2:L2)+6,"d mmmm yyyy") -> 18 April 2010 | J8: =Summary!E13 -> Monthly (Av) | K8: =K7/(G8-D8)*30.5 -> 610
C10: Income Classification
F12: Do not make any changes here
C13: Income | D13: =Expenses!D13 -> Total | E13: =Expenses!E13 -> Monthly (Av)
C14: =Guide!C103 -> I1 | D14: =SUM(Start:End!AC4:AC4) -> 0 | E14: =$D14/($G$8-$D$8)*30.5 -> 0 | F14: =Guide!F103 -> Salary
C15: =Guide!C104 -> I2 | D15: =SUM(Start:End!AC5:AC5) -> 200 | E15: =$D15/($G$8-$D$8)*30.5 -> 305 | F15: =Guide!F104 -> Gifts
C16: =Guide!C105 -> I3 | D16: =SUM(Start:End!AC6:AC6) -> 0 | E16: =$D16/($G$8-$D$8)*30.5 -> 0 | F16: =Guide!F105 -> Investments **
C17: =Guide!C106 -> I4 | D17: =SUM(Start:End!AC7:AC7) -> 0 | E17: =$D17/($G$8-$D$8)*30.5 -> 0 | F17: =Guide!F106 -> Benefits
C18: =Guide!C107 -> I5 | D18: =SUM(Start:End!AC8:AC8) -> 0 | E18: =$D18/($G$8-$D$8)*30.5 -> 0 | F18: =Guide!F107 -> Pension
C19: =Guide!C108 -> I6 | D19: =SUM(Start:End!AC9:AC9) -> 0 | E19: =$D19/($G$8-$D$8)*30.5 -> 0 | F19: =Guide!F108 -> Other (can add own)
C20: =Guide!C109 -> I7 | D20: =SUM(Start:End!AC10:AC10) -> 0 | E20: =$D20/($G$8-$D$8)*30.5 -> 0 | F20: =Guide!F109 -> Taxed Interest
C21: =Guide!C110 -> I8 | D21: =SUM(Start:End!AC11:AC11) -> 200 | E21: =$D21/($G$8-$D$8)*30.5 -> 305 | F21: =Guide!F110 -> User defined
C22: =Guide!C111 -> I9 | D22: =SUM(Start:End!AC12:AC12) -> 0 | E22: =$D22/($G$8-$D$8)*30.5 -> 0 | F22: =Guide!F111 -> User defined

Sheet Week Template
C2: =Guide!D12 -> Costas | J2: =IF(TEXT(L2,"ddd")<>"Mon","Set date to a Monday date","") | L2: 39846 | S2: =Guide!C16 -> Expenses Classification - Codes | Y2: =Guide!C102 -> Income Classification - Codes
C3: =TEXT(C4,"dddd") -> Monday | E3: =TEXT(E4,"dddd") -> Tuesday | G3: =TEXT(G4,"dddd") -> Wednesday | I3: =TEXT(I4,"dddd") -> Thursday | K3: =TEXT(K4,"dddd") -> Friday | M3: =TEXT(M4,"dddd") -> Saturday | O3: =TEXT(O4,"dddd") -> Sunday | S3: =Guide!C19 -> Health | V3: Instances | W3: Cost | Y3: Income | AB3: Instances | AC3: Cost
C4: =L2 -> 39846 | E4: =L2+1 -> 39847 | G4: =L2+2 -> 39848 | I4: =L2+3 -> 39849 | K4: =L2+4 -> 39850 | M4: =L2+5 -> 39851 | O4: =L2+6 -> 39852 | R4: =Guide!C20 -> H1 | S4: =Guide!F20 -> Health Insurance | V4: =COUNTIF($D$6:$D$29,$R4)+COUNTIF($F$6:$F$29,$R4)+COUNTIF($H$6:$H$29,$R4)+COUNTIF($J$6:$J$29,$R4)+COUNTIF($L$6:$L$29,$R4)+COUNTIF($N$6:$N$29,$R4)+COUNTIF($P$6:$P$29,$R4) -> 0 | W4: =SUMIF($D$6:$D$29,$R4,$C$6:$C$29) +SUMIF($F$6:$F$29,$R4,$E$6:$E$29) +SUMIF($H$6:$H$29,$R4,$G$6:$G$29)+SUMIF($J$6:$J$29,$R4,$I$6:$I$29)+SUMIF($L$6:$L$29,$R4,$K$6:$K$29)+SUMIF($N$6:$N$29,$R4,$M$6:$M$29)+SUMIF($P$6:$P$29,$R4,$O$6:$O$29) -> 0 | X4: =Guide!C103 -> I1 | Y4: =Guide!F103 -> Salary | AB4: =COUNTIF($D$6:$D$29,$X4)+COUNTIF($F$6:$F$29,$X4)+COUNTIF($H$6:$H$29,$X4)+COUNTIF($J$6:$J$29,$X4)+COUNTIF($L$6:$L$29,$X4)+COUNTIF($N$6:$N$29,$X4)+COUNTIF($P$6:$P$29,$X4) -> 0 | AC4: =SUMIF($D$6:$D$29,$X4,$C$6:$C$29) +SUMIF($F$6:$F$29,$X4,$E$6:$E$29) +SUMIF($H$6:$H$29,$X4,$G$6:$G$29)+SUMIF($J$6:$J$29,$X4,$I$6:$I$29)+SUMIF($L$6:$L$29,$X4,$K$6:$K$29)+SUMIF($N$6:$N$29,$X4,$M$6:$M$29)+SUMIF($P$6:$P$29,$X4,$O$6:$O$29) -> 0
C5: =Guide!D14 -> GBP | D5: Code | E5: =Guide!D14 -> GBP | F5: Code | G5: =Guide!D14 -> GBP | H5: Code | I5: =Guide!D14 -> GBP | J5: Code | K5: =Guide!D14 -> GBP | L5: Code | M5: =Guide!D14 -> GBP | N5: Code | O5: =Guide!D14 -> GBP | P5: Code | R5: =Guide!C21 -> H2 | S5: =Guide!F21 -> Hospital expenses | V5: =COUNTIF($D$6:$D$29,$R5)+COUNTIF($F$6:$F$29,$R5)+COUNTIF($H$6:$H$29,$R5)+COUNTIF($J$6:$J$29,$R5)+COUNTIF($L$6:$L$29,$R5)+COUNTIF($N$6:$N$29,$R5)+COUNTIF($P$6:$P$29,$R5) -> 0 | W5: =SUMIF($D$6:$D$29,$R5,$C$6:$C$29) +SUMIF($F$6:$F$29,$R5,$E$6:$E$29) +SUMIF($H$6:$H$29,$R5,$G$6:$G$29)+SUMIF($J$6:$J$29,$R5,$I$6:$I$29)+SUMIF($L$6:$L$29,$R5,$K$6:$K$29)+SUMIF($N$6:$N$29,$R5,$M$6:$M$29)+SUMIF($P$6:$P$29,$R5,$O$6:$O$29) -> 0 | X5: =Guide!C104 -> I2 | Y5: =Guide!F104 -> Gifts | AB5: =COUNTIF($D$6:$D$29,$X5)+COUNTIF($F$6:$F$29,$X5)+COUNTIF($H$6:$H$29,$X5)+COUNTIF($J$6:$J$29,$X5)+COUNTIF($L$6:$L$29,$X5)+COUNTIF($N$6:$N$29,$X5)+COUNTIF($P$6:$P$29,$X5) -> 0 | AC5: =SUMIF($D$6:$D$29,$X5,$C$6:$C$29) +SUMIF($F$6:$F$29,$X5,$E$6:$E$29) +SUMIF($H$6:$H$29,$X5,$G$6:$G$29)+SUMIF($J$6:$J$29,$X5,$I$6:$I$29)+SUMIF($L$6:$L$29,$X5,$K$6:$K$29)+SUMIF($N$6:$N$29,$X5,$M$6:$M$29)+SUMIF($P$6:$P$29,$X5,$O$6:$O$29) -> 0
R6: =Guide!C22 -> H3 | S6: =Guide!F22 -> Medicines | V6: =COUNTIF($D$6:$D$29,$R6)+COUNTIF($F$6:$F$29,$R6)+COUNTIF($H$6:$H$29,$R6)+COUNTIF($J$6:$J$29,$R6)+COUNTIF($L$6:$L$29,$R6)+COUNTIF($N$6:$N$29,$R6)+COUNTIF($P$6:$P$29,$R6) -> 0 | W6: =SUMIF($D$6:$D$29,$R6,$C$6:$C$29) +SUMIF($F$6:$F$29,$R6,$E$6:$E$29) +SUMIF($H$6:$H$29,$R6,$G$6:$G$29)+SUMIF($J$6:$J$29,$R6,$I$6:$I$29)+SUMIF($L$6:$L$29,$R6,$K$6:$K$29)+SUMIF($N$6:$N$29,$R6,$M$6:$M$29)+SUMIF($P$6:$P$29,$R6,$O$6:$O$29) -> 0 | X6: =Guide!C105 -> I3 | Y6: =Guide!F105 -> Investments ** | AB6: =COUNTIF($D$6:$D$29,$X6)+COUNTIF($F$6:$F$29,$X6)+COUNTIF($H$6:$H$29,$X6)+COUNTIF($J$6:$J$29,$X6)+COUNTIF($L$6:$L$29,$X6)+COUNTIF($N$6:$N$29,$X6)+COUNTIF($P$6:$P$29,$X6) -> 0 | AC6: =SUMIF($D$6:$D$29,$X6,$C$6:$C$29) +SUMIF($F$6:$F$29,$X6,$E$6:$E$29) +SUMIF($H$6:$H$29,$X6,$G$6:$G$29)+SUMIF($J$6:$J$29,$X6,$I$6:$I$29)+SUMIF($L$6:$L$29,$X6,$K$6:$K$29)+SUMIF($N$6:$N$29,$X6,$M$6:$M$29)+SUMIF($P$6:$P$29,$X6,$O$6:$O$29) -> 0
R7: =Guide!C23 -> H4 | S7: =Guide!F23 -> Sports | V7: =COUNTIF($D$6:$D$29,$R7)+COUNTIF($F$6:$F$29,$R7)+COUNTIF($H$6:$H$29,$R7)+COUNTIF($J$6:$J$29,$R7)+COUNTIF($L$6:$L$29,$R7)+COUNTIF($N$6:$N$29,$R7)+COUNTIF($P$6:$P$29,$R7) -> 0 | W7: =SUMIF($D$6:$D$29,$R7,$C$6:$C$29) +SUMIF($F$6:$F$29,$R7,$E$6:$E$29) +SUMIF($H$6:$H$29,$R7,$G$6:$G$29)+SUMIF($J$6:$J$29,$R7,$I$6:$I$29)+SUMIF($L$6:$L$29,$R7,$K$6:$K$29)+SUMIF($N$6:$N$29,$R7,$M$6:$M$29)+SUMIF($P$6:$P$29,$R7,$O$6:$O$29) -> 0 | X7: =Guide!C106 -> I4 | Y7: =Guide!F106 -> Benefits | AB7: =COUNTIF($D$6:$D$29,$X7)+COUNTIF($F$6:$F$29,$X7)+COUNTIF($H$6:$H$29,$X7)+COUNTIF($J$6:$J$29,$X7)+COUNTIF($L$6:$L$29,$X7)+COUNTIF($N$6:$N$29,$X7)+COUNTIF($P$6:$P$29,$X7) -> 0 | AC7: =SUMIF($D$6:$D$29,$X7,$C$6:$C$29) +SUMIF($F$6:$F$29,$X7,$E$6:$E$29) +SUMIF($H$6:$H$29,$X7,$G$6:$G$29)+SUMIF($J$6:$J$29,$X7,$I$6:$I$29)+SUMIF($L$6:$L$29,$X7,$K$6:$K$29)+SUMIF($N$6:$N$29,$X7,$M$6:$M$29)+SUMIF($P$6:$P$29,$X7,$O$6:$O$29) -> 0
R8: =Guide!C24 -> H5 | S8: =Guide!F24 -> other (can add own) | V8: =COUNTIF($D$6:$D$29,$R8)+COUNTIF($F$6:$F$29,$R8)+COUNTIF($H$6:$H$29,$R8)+COUNTIF($J$6:$J$29,$R8)+COUNTIF($L$6:$L$29,$R8)+COUNTIF($N$6:$N$29,$R8)+COUNTIF($P$6:$P$29,$R8) -> 0 | W8: =SUMIF($D$6:$D$29,$R8,$C$6:$C$29) +SUMIF($F$6:$F$29,$R8,$E$6:$E$29) +SUMIF($H$6:$H$29,$R8,$G$6:$G$29)+SUMIF($J$6:$J$29,$R8,$I$6:$I$29)+SUMIF($L$6:$L$29,$R8,$K$6:$K$29)+SUMIF($N$6:$N$29,$R8,$M$6:$M$29)+SUMIF($P$6:$P$29,$R8,$O$6:$O$29) -> 0 | X8: =Guide!C107 -> I5 | Y8: =Guide!F107 -> Pension | AB8: =COUNTIF($D$6:$D$29,$X8)+COUNTIF($F$6:$F$29,$X8)+COUNTIF($H$6:$H$29,$X8)+COUNTIF($J$6:$J$29,$X8)+COUNTIF($L$6:$L$29,$X8)+COUNTIF($N$6:$N$29,$X8)+COUNTIF($P$6:$P$29,$X8) -> 0 | AC8: =SUMIF($D$6:$D$29,$X8,$C$6:$C$29) +SUMIF($F$6:$F$29,$X8,$E$6:$E$29) +SUMIF($H$6:$H$29,$X8,$G$6:$G$29)+SUMIF($J$6:$J$29,$X8,$I$6:$I$29)+SUMIF($L$6:$L$29,$X8,$K$6:$K$29)+SUMIF($N$6:$N$29,$X8,$M$6:$M$29)+SUMIF($P$6:$P$29,$X8,$O$6:$O$29) -> 0
R9: =Guide!C25 -> H6 | S9: =Guide!F25 -> User defined | V9: =COUNTIF($D$6:$D$29,$R9)+COUNTIF($F$6:$F$29,$R9)+COUNTIF($H$6:$H$29,$R9)+COUNTIF($J$6:$J$29,$R9)+COUNTIF($L$6:$L$29,$R9)+COUNTIF($N$6:$N$29,$R9)+COUNTIF($P$6:$P$29,$R9) -> 0 | W9: =SUMIF($D$6:$D$29,$R9,$C$6:$C$29) +SUMIF($F$6:$F$29,$R9,$E$6:$E$29) +SUMIF($H$6:$H$29,$R9,$G$6:$G$29)+SUMIF($J$6:$J$29,$R9,$I$6:$I$29)+SUMIF($L$6:$L$29,$R9,$K$6:$K$29)+SUMIF($N$6:$N$29,$R9,$M$6:$M$29)+SUMIF($P$6:$P$29,$R9,$O$6:$O$29) -> 0 | X9: =Guide!C108 -> I6 | Y9: =Guide!F108 -> Other (can add own) | AB9: =COUNTIF($D$6:$D$29,$X9)+COUNTIF($F$6:$F$29,$X9)+COUNTIF($H$6:$H$29,$X9)+COUNTIF($J$6:$J$29,$X9)+COUNTIF($L$6:$L$29,$X9)+COUNTIF($N$6:$N$29,$X9)+COUNTIF($P$6:$P$29,$X9) -> 0 | AC9: =SUMIF($D$6:$D$29,$X9,$C$6:$C$29) +SUMIF($F$6:$F$29,$X9,$E$6:$E$29) +SUMIF($H$6:$H$29,$X9,$G$6:$G$29)+SUMIF($J$6:$J$29,$X9,$I$6:$I$29)+SUMIF($L$6:$L$29,$X9,$K$6:$K$29)+SUMIF($N$6:$N$29,$X9,$M$6:$M$29)+SUMIF($P$6:$P$29,$X9,$O$6:$O$29) -> 0
R10: =Guide!C26 -> H7 | S10: =Guide!F26 -> User defined | V10: =COUNTIF($D$6:$D$29,$R10)+COUNTIF($F$6:$F$29,$R10)+COUNTIF($H$6:$H$29,$R10)+COUNTIF($J$6:$J$29,$R10)+COUNTIF($L$6:$L$29,$R10)+COUNTIF($N$6:$N$29,$R10)+COUNTIF($P$6:$P$29,$R10) -> 0 | W10: =SUMIF($D$6:$D$29,$R10,$C$6:$C$29) +SUMIF($F$6:$F$29,$R10,$E$6:$E$29) +SUMIF($H$6:$H$29,$R10,$G$6:$G$29)+SUMIF($J$6:$J$29,$R10,$I$6:$I$29)+SUMIF($L$6:$L$29,$R10,$K$6:$K$29)+SUMIF($N$6:$N$29,$R10,$M$6:$M$29)+SUMIF($P$6:$P$29,$R10,$O$6:$O$29) -> 0 | X10: =Guide!C109 -> I7 | Y10: =Guide!F109 -> Taxed Interest | AB10: =COUNTIF($D$6:$D$29,$X10)+COUNTIF($F$6:$F$29,$X10)+COUNTIF($H$6:$H$29,$X10)+COUNTIF($J$6:$J$29,$X10)+COUNTIF($L$6:$L$29,$X10)+COUNTIF($N$6:$N$29,$X10)+COUNTIF($P$6:$P$29,$X10) -> 0 | AC10: =SUMIF($D$6:$D$29,$X10,$C$6:$C$29) +SUMIF($F$6:$F$29,$X10,$E$6:$E$29) +SUMIF($H$6:$H$29,$X10,$G$6:$G$29)+SUMIF($J$6:$J$29,$X10,$I$6:$I$29)+SUMIF($L$6:$L$29,$X10,$K$6:$K$29)+SUMIF($N$6:$N$29,$X10,$M$6:$M$29)+SUMIF($P$6:$P$29,$X10,$O$6:$O$29) -> 0
R11: =Guide!C27 -> H8 | S11: =Guide!F27 -> User defined | V11: =COUNTIF($D$6:$D$29,$R11)+COUNTIF($F$6:$F$29,$R11)+COUNTIF($H$6:$H$29,$R11)+COUNTIF($J$6:$J$29,$R11)+COUNTIF($L$6:$L$29,$R11)+COUNTIF($N$6:$N$29,$R11)+COUNTIF($P$6:$P$29,$R11) -> 0 | W11: =SUMIF($D$6:$D$29,$R11,$C$6:$C$29) +SUMIF($F$6:$F$29,$R11,$E$6:$E$29) +SUMIF($H$6:$H$29,$R11,$G$6:$G$29)+SUMIF($J$6:$J$29,$R11,$I$6:$I$29)+SUMIF($L$6:$L$29,$R11,$K$6:$K$29)+SUMIF($N$6:$N$29,$R11,$M$6:$M$29)+SUMIF($P$6:$P$29,$R11,$O$6:$O$29) -> 0 | X11: =Guide!C110 -> I8 | Y11: =Guide!F110 -> User defined | AB11: =COUNTIF($D$6:$D$29,$X11)+COUNTIF($F$6:$F$29,$X11)+COUNTIF($H$6:$H$29,$X11)+COUNTIF($J$6:$J$29,$X11)+COUNTIF($L$6:$L$29,$X11)+COUNTIF($N$6:$N$29,$X11)+COUNTIF($P$6:$P$29,$X11) -> 0 | AC11: =SUMIF($D$6:$D$29,$X11,$C$6:$C$29) +SUMIF($F$6:$F$29,$X11,$E$6:$E$29) +SUMIF($H$6:$H$29,$X11,$G$6:$G$29)+SUMIF($J$6:$J$29,$X11,$I$6:$I$29)+SUMIF($L$6:$L$29,$X11,$K$6:$K$29)+SUMIF($N$6:$N$29,$X11,$M$6:$M$29)+SUMIF($P$6:$P$29,$X11,$O$6:$O$29) -> 0
S12: =Guide!C29 -> Daily Living | X12: =Guide!C111 -> I9 | Y12: =Guide!F111 -> User defined | AB12: =COUNTIF($D$6:$D$29,$X12)+COUNTIF($F$6:$F$29,$X12)+COUNTIF($H$6:$H$29,$X12)+COUNTIF($J$6:$J$29,$X12)+COUNTIF($L$6:$L$29,$X12)+COUNTIF($N$6:$N$29,$X12)+COUNTIF($P$6:$P$29,$X12) -> 0 | AC12: =SUMIF($D$6:$D$29,$X12,$C$6:$C$29) +SUMIF($F$6:$F$29,$X12,$E$6:$E$29) +SUMIF($H$6:$H$29,$X12,$G$6:$G$29)+SUMIF($J$6:$J$29,$X12,$I$6:$I$29)+SUMIF($L$6:$L$29,$X12,$K$6:$K$29)+SUMIF($N$6:$N$29,$X12,$M$6:$M$29)+SUMIF($P$6:$P$29,$X12,$O$6:$O$29) -> 0
R13: =Guide!C30 -> L1 | S13: =Guide!F30 -> Groceries | V13: =COUNTIF($D$6:$D$29,$R13)+COUNTIF($F$6:$F$29,$R13)+COUNTIF($H$6:$H$29,$R13)+COUNTIF($J$6:$J$29,$R13)+COUNTIF($L$6:$L$29,$R13)+COUNTIF($N$6:$N$29,$R13)+COUNTIF($P$6:$P$29,$R13) -> 0 | W13: =SUMIF($D$6:$D$29,$R13,$C$6:$C$29) +SUMIF($F$6:$F$29,$R13,$E$6:$E$29) +SUMIF($H$6:$H$29,$R13,$G$6:$G$29)+SUMIF($J$6:$J$29,$R13,$I$6:$I$29)+SUMIF($L$6:$L$29,$R13,$K$6:$K$29)+SUMIF($N$6:$N$29,$R13,$M$6:$M$29)+SUMIF($P$6:$P$29,$R13,$O$6:$O$29) -> 0
R14: =Guide!C31 -> L2 | S14: =Guide!F31 -> Dining Out | V14: =COUNTIF($D$6:$D$29,$R14)+COUNTIF($F$6:$F$29,$R14)+COUNTIF($H$6:$H$29,$R14)+COUNTIF($J$6:$J$29,$R14)+COUNTIF($L$6:$L$29,$R14)+COUNTIF($N$6:$N$29,$R14)+COUNTIF($P$6:$P$29,$R14) -> 0 | W14: =SUMIF($D$6:$D$29,$R14,$C$6:$C$29) +SUMIF($F$6:$F$29,$R14,$E$6:$E$29) +SUMIF($H$6:$H$29,$R14,$G$6:$G$29)+SUMIF($J$6:$J$29,$R14,$I$6:$I$29)+SUMIF($L$6:$L$29,$R14,$K$6:$K$29)+SUMIF($N$6:$N$29,$R14,$M$6:$M$29)+SUMIF($P$6:$P$29,$R14,$O$6:$O$29) -> 0 | AB14: Total | AC14: =SUM(AC4:AC12) -> 0
R15: =Guide!C32 -> L3 | S15: =Guide!F32 -> Clothing | V15: =COUNTIF($D$6:$D$29,$R15)+COUNTIF($F$6:$F$29,$R15)+COUNTIF($H$6:$H$29,$R15)+COUNTIF($J$6:$J$29,$R15)+COUNTIF($L$6:$L$29,$R15)+COUNTIF($N$6:$N$29,$R15)+COUNTIF($P$6:$P$29,$R15) -> 0 | W15: =SUMIF($D$6:$D$29,$R15,$C$6:$C$29) +SUMIF($F$6:$F$29,$R15,$E$6:$E$29) +SUMIF($H$6:$H$29,$R15,$G$6:$G$29)+SUMIF($J$6:$J$29,$R15,$I$6:$I$29)+SUMIF($L$6:$L$29,$R15,$K$6:$K$29)+SUMIF($N$6:$N$29,$R15,$M$6:$M$29)+SUMIF($P$6:$P$29,$R15,$O$6:$O$29) -> 0
R16: =Guide!C33 -> L4 | S16: =Guide!F33 -> Hair | V16: =COUNTIF($D$6:$D$29,$R16)+COUNTIF($F$6:$F$29,$R16)+COUNTIF($H$6:$H$29,$R16)+COUNTIF($J$6:$J$29,$R16)+COUNTIF($L$6:$L$29,$R16)+COUNTIF($N$6:$N$29,$R16)+COUNTIF($P$6:$P$29,$R16) -> 0 | W16: =SUMIF($D$6:$D$29,$R16,$C$6:$C$29) +SUMIF($F$6:$F$29,$R16,$E$6:$E$29) +SUMIF($H$6:$H$29,$R16,$G$6:$G$29)+SUMIF($J$6:$J$29,$R16,$I$6:$I$29)+SUMIF($L$6:$L$29,$R16,$K$6:$K$29)+SUMIF($N$6:$N$29,$R16,$M$6:$M$29)+SUMIF($P$6:$P$29,$R16,$O$6:$O$29) -> 0
R17: =Guide!C34 -> L5 | S17: =Guide!F34 -> Mobile phone | V17: =COUNTIF($D$6:$D$29,$R17)+COUNTIF($F$6:$F$29,$R17)+COUNTIF($H$6:$H$29,$R17)+COUNTIF($J$6:$J$29,$R17)+COUNTIF($L$6:$L$29,$R17)+COUNTIF($N$6:$N$29,$R17)+COUNTIF($P$6:$P$29,$R17) -> 0 | W17: =SUMIF($D$6:$D$29,$R17,$C$6:$C$29) +SUMIF($F$6:$F$29,$R17,$E$6:$E$29) +SUMIF($H$6:$H$29,$R17,$G$6:$G$29)+SUMIF($J$6:$J$29,$R17,$I$6:$I$29)+SUMIF($L$6:$L$29,$R17,$K$6:$K$29)+SUMIF($N$6:$N$29,$R17,$M$6:$M$29)+SUMIF($P$6:$P$29,$R17,$O$6:$O$29) -> 0
R18: =Guide!C35 -> L6 | S18: =Guide!F35 -> other (can add own) | V18: =COUNTIF($D$6:$D$29,$R18)+COUNTIF($F$6:$F$29,$R18)+COUNTIF($H$6:$H$29,$R18)+COUNTIF($J$6:$J$29,$R18)+COUNTIF($L$6:$L$29,$R18)+COUNTIF($N$6:$N$29,$R18)+COUNTIF($P$6:$P$29,$R18) -> 0 | W18: =SUMIF($D$6:$D$29,$R18,$C$6:$C$29) +SUMIF($F$6:$F$29,$R18,$E$6:$E$29) +SUMIF($H$6:$H$29,$R18,$G$6:$G$29)+SUMIF($J$6:$J$29,$R18,$I$6:$I$29)+SUMIF($L$6:$L$29,$R18,$K$6:$K$29)+SUMIF($N$6:$N$29,$R18,$M$6:$M$29)+SUMIF($P$6:$P$29,$R18,$O$6:$O$29) -> 0
R19: =Guide!C36 -> L7 | S19: =Guide!F36 -> User defined | V19: =COUNTIF($D$6:$D$29,$R19)+COUNTIF($F$6:$F$29,$R19)+COUNTIF($H$6:$H$29,$R19)+COUNTIF($J$6:$J$29,$R19)+COUNTIF($L$6:$L$29,$R19)+COUNTIF($N$6:$N$29,$R19)+COUNTIF($P$6:$P$29,$R19) -> 0 | W19: =SUMIF($D$6:$D$29,$R19,$C$6:$C$29) +SUMIF($F$6:$F$29,$R19,$E$6:$E$29) +SUMIF($H$6:$H$29,$R19,$G$6:$G$29)+SUMIF($J$6:$J$29,$R19,$I$6:$I$29)+SUMIF($L$6:$L$29,$R19,$K$6:$K$29)+SUMIF($N$6:$N$29,$R19,$M$6:$M$29)+SUMIF($P$6:$P$29,$R19,$O$6:$O$29) -> 0
R20: =Guide!C37 -> L8 | S20: =Guide!F37 -> User defined | V20: =COUNTIF($D$6:$D$29,$R20)+COUNTIF($F$6:$F$29,$R20)+COUNTIF($H$6:$H$29,$R20)+COUNTIF($J$6:$J$29,$R20)+COUNTIF($L$6:$L$29,$R20)+COUNTIF($N$6:$N$29,$R20)+COUNTIF($P$6:$P$29,$R20) -> 0 | W20: =SUMIF($D$6:$D$29,$R20,$C$6:$C$29) +SUMIF($F$6:$F$29,$R20,$E$6:$E$29) +SUMIF($H$6:$H$29,$R20,$G$6:$G$29)+SUMIF($J$6:$J$29,$R20,$I$6:$I$29)+SUMIF($L$6:$L$29,$R20,$K$6:$K$29)+SUMIF($N$6:$N$29,$R20,$M$6:$M$29)+SUMIF($P$6:$P$29,$R20,$O$6:$O$29) -> 0
R21: =Guide!C38 -> L9 | S21: =Guide!F38 -> User defined | V21: =COUNTIF($D$6:$D$29,$R21)+COUNTIF($F$6:$F$29,$R21)+COUNTIF($H$6:$H$29,$R21)+COUNTIF($J$6:$J$29,$R21)+COUNTIF($L$6:$L$29,$R21)+COUNTIF($N$6:$N$29,$R21)+COUNTIF($P$6:$P$29,$R21) -> 0 | W21: =SUMIF($D$6:$D$29,$R21,$C$6:$C$29) +SUMIF($F$6:$F$29,$R21,$E$6:$E$29) +SUMIF($H$6:$H$29,$R21,$G$6:$G$29)+SUMIF($J$6:$J$29,$R21,$I$6:$I$29)+SUMIF($L$6:$L$29,$R21,$K$6:$K$29)+SUMIF($N$6:$N$29,$R21,$M$6:$M$29)+SUMIF($P$6:$P$29,$R21,$O$6:$O$29) -> 0
S22: =Guide!C40 -> Home
R23: =Guide!C41 -> B1 | S23: =Guide!F41 -> Mortgage / Rent | V23: =COUNTIF($D$6:$D$29,$R23)+COUNTIF($F$6:$F$29,$R23)+COUNTIF($H$6:$H$29,$R23)+COUNTIF($J$6:$J$29,$R23)+COUNTIF($L$6:$L$29,$R23)+COUNTIF($N$6:$N$29,$R23)+COUNTIF($P$6:$P$29,$R23) -> 0 | W23: =SUMIF($D$6:$D$29,$R23,$C$6:$C$29) +SUMIF($F$6:$F$29,$R23,$E$6:$E$29) +SUMIF($H$6:$H$29,$R23,$G$6:$G$29)+SUMIF($J$6:$J$29,$R23,$I$6:$I$29)+SUMIF($L$6:$L$29,$R23,$K$6:$K$29)+SUMIF($N$6:$N$29,$R23,$M$6:$M$29)+SUMIF($P$6:$P$29,$R23,$O$6:$O$29) -> 0
R24: =Guide!C42 -> B2 | S24: =Guide!F42 -> Buildings Insurance | V24: =COUNTIF($D$6:$D$29,$R24)+COUNTIF($F$6:$F$29,$R24)+COUNTIF($H$6:$H$29,$R24)+COUNTIF($J$6:$J$29,$R24)+COUNTIF($L$6:$L$29,$R24)+COUNTIF($N$6:$N$29,$R24)+COUNTIF($P$6:$P$29,$R24) -> 0 | W24: =SUMIF($D$6:$D$29,$R24,$C$6:$C$29) +SUMIF($F$6:$F$29,$R24,$E$6:$E$29) +SUMIF($H$6:$H$29,$R24,$G$6:$G$29)+SUMIF($J$6:$J$29,$R24,$I$6:$I$29)+SUMIF($L$6:$L$29,$R24,$K$6:$K$29)+SUMIF($N$6:$N$29,$R24,$M$6:$M$29)+SUMIF($P$6:$P$29,$R24,$O$6:$O$29) -> 0
R25: =Guide!C43 -> B3 | S25: =Guide!F43 -> Electricity | V25: =COUNTIF($D$6:$D$29,$R25)+COUNTIF($F$6:$F$29,$R25)+COUNTIF($H$6:$H$29,$R25)+COUNTIF($J$6:$J$29,$R25)+COUNTIF($L$6:$L$29,$R25)+COUNTIF($N$6:$N$29,$R25)+COUNTIF($P$6:$P$29,$R25) -> 0 | W25: =SUMIF($D$6:$D$29,$R25,$C$6:$C$29) +SUMIF($F$6:$F$29,$R25,$E$6:$E$29) +SUMIF($H$6:$H$29,$R25,$G$6:$G$29)+SUMIF($J$6:$J$29,$R25,$I$6:$I$29)+SUMIF($L$6:$L$29,$R25,$K$6:$K$29)+SUMIF($N$6:$N$29,$R25,$M$6:$M$29)+SUMIF($P$6:$P$29,$R25,$O$6:$O$29) -> 0
R26: =Guide!C44 -> B4 | S26: =Guide!F44 -> Gas / oil | V26: =COUNTIF($D$6:$D$29,$R26)+COUNTIF($F$6:$F$29,$R26)+COUNTIF($H$6:$H$29,$R26)+COUNTIF($J$6:$J$29,$R26)+COUNTIF($L$6:$L$29,$R26)+COUNTIF($N$6:$N$29,$R26)+COUNTIF($P$6:$P$29,$R26) -> 0 | W26: =SUMIF($D$6:$D$29,$R26,$C$6:$C$29) +SUMIF($F$6:$F$29,$R26,$E$6:$E$29) +SUMIF($H$6:$H$29,$R26,$G$6:$G$29)+SUMIF($J$6:$J$29,$R26,$I$6:$I$29)+SUMIF($L$6:$L$29,$R26,$K$6:$K$29)+SUMIF($N$6:$N$29,$R26,$M$6:$M$29)+SUMIF($P$6:$P$29,$R26,$O$6:$O$29) -> 0
R27: =Guide!C45 -> B5 | S27: =Guide!F45 -> Water / Sewer / Trash | V27: =COUNTIF($D$6:$D$29,$R27)+COUNTIF($F$6:$F$29,$R27)+COUNTIF($H$6:$H$29,$R27)+COUNTIF($J$6:$J$29,$R27)+COUNTIF($L$6:$L$29,$R27)+COUNTIF($N$6:$N$29,$R27)+COUNTIF($P$6:$P$29,$R27) -> 0 | W27: =SUMIF($D$6:$D$29,$R27,$C$6:$C$29) +SUMIF($F$6:$F$29,$R27,$E$6:$E$29) +SUMIF($H$6:$H$29,$R27,$G$6:$G$29)+SUMIF($J$6:$J$29,$R27,$I$6:$I$29)+SUMIF($L$6:$L$29,$R27,$K$6:$K$29)+SUMIF($N$6:$N$29,$R27,$M$6:$M$29)+SUMIF($P$6:$P$29,$R27,$O$6:$O$29) -> 0
R28: =Guide!C46 -> B6 | S28: =Guide!F46 -> Land line | V28: =COUNTIF($D$6:$D$29,$R28)+COUNTIF($F$6:$F$29,$R28)+COUNTIF($H$6:$H$29,$R28)+COUNTIF($J$6:$J$29,$R28)+COUNTIF($L$6:$L$29,$R28)+COUNTIF($N$6:$N$29,$R28)+COUNTIF($P$6:$P$29,$R28) -> 0 | W28: =SUMIF($D$6:$D$29,$R28,$C$6:$C$29) +SUMIF($F$6:$F$29,$R28,$E$6:$E$29) +SUMIF($H$6:$H$29,$R28,$G$6:$G$29)+SUMIF($J$6:$J$29,$R28,$I$6:$I$29)+SUMIF($L$6:$L$29,$R28,$K$6:$K$29)+SUMIF($N$6:$N$29,$R28,$M$6:$M$29)+SUMIF($P$6:$P$29,$R28,$O$6:$O$29) -> 0
R29: =Guide!C47 -> B7 | S29: =Guide!F47 -> TV | V29: =COUNTIF($D$6:$D$29,$R29)+COUNTIF($F$6:$F$29,$R29)+COUNTIF($H$6:$H$29,$R29)+COUNTIF($J$6:$J$29,$R29)+COUNTIF($L$6:$L$29,$R29)+COUNTIF($N$6:$N$29,$R29)+COUNTIF($P$6:$P$29,$R29) -> 0 | W29: =SUMIF($D$6:$D$29,$R29,$C$6:$C$29) +SUMIF($F$6:$F$29,$R29,$E$6:$E$29) +SUMIF($H$6:$H$29,$R29,$G$6:$G$29)+SUMIF($J$6:$J$29,$R29,$I$6:$I$29)+SUMIF($L$6:$L$29,$R29,$K$6:$K$29)+SUMIF($N$6:$N$29,$R29,$M$6:$M$29)+SUMIF($P$6:$P$29,$R29,$O$6:$O$29) -> 0
C30: DO NOT ADD ROWS BELOW THIS OR THEY WONT BE INCLUDED IN THE CALCULATIONS | R30: =Guide!C48 -> B8 | S30: =Guide!F48 -> Internet | V30: =COUNTIF($D$6:$D$29,$R30)+COUNTIF($F$6:$F$29,$R30)+COUNTIF($H$6:$H$29,$R30)+COUNTIF($J$6:$J$29,$R30)+COUNTIF($L$6:$L$29,$R30)+COUNTIF($N$6:$N$29,$R30)+COUNTIF($P$6:$P$29,$R30) -> 0 | W30: =SUMIF($D$6:$D$29,$R30,$C$6:$C$29) +SUMIF($F$6:$F$29,$R30,$E$6:$E$29) +SUMIF($H$6:$H$29,$R30,$G$6:$G$29)+SUMIF($J$6:$J$29,$R30,$I$6:$I$29)+SUMIF($L$6:$L$29,$R30,$K$6:$K$29)+SUMIF($N$6:$N$29,$R30,$M$6:$M$29)+SUMIF($P$6:$P$29,$R30,$O$6:$O$29) -> 0
D31: To add more rows, select a row starting at column C ending at column P. | R31: =Guide!C49 -> B9 | S31: =Guide!F49 -> Maintenance | V31: =COUNTIF($D$6:$D$29,$R31)+COUNTIF($F$6:$F$29,$R31)+COUNTIF($H$6:$H$29,$R31)+COUNTIF($J$6:$J$29,$R31)+COUNTIF($L$6:$L$29,$R31)+COUNTIF($N$6:$N$29,$R31)+COUNTIF($P$6:$P$29,$R31) -> 0 | W31: =SUMIF($D$6:$D$29,$R31,$C$6:$C$29) +SUMIF($F$6:$F$29,$R31,$E$6:$E$29) +SUMIF($H$6:$H$29,$R31,$G$6:$G$29)+SUMIF($J$6:$J$29,$R31,$I$6:$I$29)+SUMIF($L$6:$L$29,$R31,$K$6:$K$29)+SUMIF($N$6:$N$29,$R31,$M$6:$M$29)+SUMIF($P$6:$P$29,$R31,$O$6:$O$29) -> 0
D32: Then press right click and choose insert and Ok (shift cells down). | R32: =Guide!C50 -> B10 | S32: =Guide!F50 -> other (can add own) | V32: =COUNTIF($D$6:$D$29,$R32)+COUNTIF($F$6:$F$29,$R32)+COUNTIF($H$6:$H$29,$R32)+COUNTIF($J$6:$J$29,$R32)+COUNTIF($L$6:$L$29,$R32)+COUNTIF($N$6:$N$29,$R32)+COUNTIF($P$6:$P$29,$R32) -> 0 | W32: =SUMIF($D$6:$D$29,$R32,$C$6:$C$29) +SUMIF($F$6:$F$29,$R32,$E$6:$E$29) +SUMIF($H$6:$H$29,$R32,$G$6:$G$29)+SUMIF($J$6:$J$29,$R32,$I$6:$I$29)+SUMIF($L$6:$L$29,$R32,$K$6:$K$29)+SUMIF($N$6:$N$29,$R32,$M$6:$M$29)+SUMIF($P$6:$P$29,$R32,$O$6:$O$29) -> 0
R33: =Guide!C51 -> B11 | S33: =Guide!F51 -> Council Tax | V33: =COUNTIF($D$6:$D$29,$R33)+COUNTIF($F$6:$F$29,$R33)+COUNTIF($H$6:$H$29,$R33)+COUNTIF($J$6:$J$29,$R33)+COUNTIF($L$6:$L$29,$R33)+COUNTIF($N$6:$N$29,$R33)+COUNTIF($P$6:$P$29,$R33) -> 0 | W33: =SUMIF($D$6:$D$29,$R33,$C$6:$C$29) +SUMIF($F$6:$F$29,$R33,$E$6:$E$29) +SUMIF($H$6:$H$29,$R33,$G$6:$G$29)+SUMIF($J$6:$J$29,$R33,$I$6:$I$29)+SUMIF($L$6:$L$29,$R33,$K$6:$K$29)+SUMIF($N$6:$N$29,$R33,$M$6:$M$29)+SUMIF($P$6:$P$29,$R33,$O$6:$O$29) -> 0
R34: =Guide!C52 -> B12 | S34: =Guide!F52 -> User defined | V34: =COUNTIF($D$6:$D$29,$R34)+COUNTIF($F$6:$F$29,$R34)+COUNTIF($H$6:$H$29,$R34)+COUNTIF($J$6:$J$29,$R34)+COUNTIF($L$6:$L$29,$R34)+COUNTIF($N$6:$N$29,$R34)+COUNTIF($P$6:$P$29,$R34) -> 0 | W34: =SUMIF($D$6:$D$29,$R34,$C$6:$C$29) +SUMIF($F$6:$F$29,$R34,$E$6:$E$29) +SUMIF($H$6:$H$29,$R34,$G$6:$G$29)+SUMIF($J$6:$J$29,$R34,$I$6:$I$29)+SUMIF($L$6:$L$29,$R34,$K$6:$K$29)+SUMIF($N$6:$N$29,$R34,$M$6:$M$29)+SUMIF($P$6:$P$29,$R34,$O$6:$O$29) -> 0
D35: Weekly Income | R35: =Guide!C53 -> B13 | S35: =Guide!F53 -> User defined | V35: =COUNTIF($D$6:$D$29,$R35)+COUNTIF($F$6:$F$29,$R35)+COUNTIF($H$6:$H$29,$R35)+COUNTIF($J$6:$J$29,$R35)+COUNTIF($L$6:$L$29,$R35)+COUNTIF($N$6:$N$29,$R35)+COUNTIF($P$6:$P$29,$R35) -> 0 | W35: =SUMIF($D$6:$D$29,$R35,$C$6:$C$29) +SUMIF($F$6:$F$29,$R35,$E$6:$E$29) +SUMIF($H$6:$H$29,$R35,$G$6:$G$29)+SUMIF($J$6:$J$29,$R35,$I$6:$I$29)+SUMIF($L$6:$L$29,$R35,$K$6:$K$29)+SUMIF($N$6:$N$29,$R35,$M$6:$M$29)+SUMIF($P$6:$P$29,$R35,$O$6:$O$29) -> 0
H36: =AC14 -> 0 | I36: =Guide!D14 -> GBP | J36: BALANCE | L36: =H36-H38 -> 0 | S36: =Guide!C55 -> Transportation
R37: =Guide!C56 -> T1 | S37: =Guide!F56 -> Fuel | V37: =COUNTIF($D$6:$D$29,$R37)+COUNTIF($F$6:$F$29,$R37)+COUNTIF($H$6:$H$29,$R37)+COUNTIF($J$6:$J$29,$R37)+COUNTIF($L$6:$L$29,$R37)+COUNTIF($N$6:$N$29,$R37)+COUNTIF($P$6:$P$29,$R37) -> 0 | W37: =SUMIF($D$6:$D$29,$R37,$C$6:$C$29) +SUMIF($F$6:$F$29,$R37,$E$6:$E$29) +SUMIF($H$6:$H$29,$R37,$G$6:$G$29)+SUMIF($J$6:$J$29,$R37,$I$6:$I$29)+SUMIF($L$6:$L$29,$R37,$K$6:$K$29)+SUMIF($N$6:$N$29,$R37,$M$6:$M$29)+SUMIF($P$6:$P$29,$R37,$O$6:$O$29) -> 0
D38: Weekly Expenses | H38: =W78 -> 0 | I38: =Guide!D14 -> GBP | R38: =Guide!C57 -> T2 | S38: =Guide!F57 -> Insurance | V38: =COUNTIF($D$6:$D$29,$R38)+COUNTIF($F$6:$F$29,$R38)+COUNTIF($H$6:$H$29,$R38)+COUNTIF($J$6:$J$29,$R38)+COUNTIF($L$6:$L$29,$R38)+COUNTIF($N$6:$N$29,$R38)+COUNTIF($P$6:$P$29,$R38) -> 0 | W38: =SUMIF($D$6:$D$29,$R38,$C$6:$C$29) +SUMIF($F$6:$F$29,$R38,$E$6:$E$29) +SUMIF($H$6:$H$29,$R38,$G$6:$G$29)+SUMIF($J$6:$J$29,$R38,$I$6:$I$29)+SUMIF($L$6:$L$29,$R38,$K$6:$K$29)+SUMIF($N$6:$N$29,$R38,$M$6:$M$29)+SUMIF($P$6:$P$29,$R38,$O$6:$O$29) -> 0
R39: =Guide!C58 -> T3 | S39: =Guide!F58 -> Registration / Licence | V39: =COUNTIF($D$6:$D$29,$R39)+COUNTIF($F$6:$F$29,$R39)+COUNTIF($H$6:$H$29,$R39)+COUNTIF($J$6:$J$29,$R39)+COUNTIF($L$6:$L$29,$R39)+COUNTIF($N$6:$N$29,$R39)+COUNTIF($P$6:$P$29,$R39) -> 0 | W39: =SUMIF($D$6:$D$29,$R39,$C$6:$C$29) +SUMIF($F$6:$F$29,$R39,$E$6:$E$29) +SUMIF($H$6:$H$29,$R39,$G$6:$G$29)+SUMIF($J$6:$J$29,$R39,$I$6:$I$29)+SUMIF($L$6:$L$29,$R39,$K$6:$K$29)+SUMIF($N$6:$N$29,$R39,$M$6:$M$29)+SUMIF($P$6:$P$29,$R39,$O$6:$O$29) -> 0
R40: =Guide!C59 -> T4 | S40: =Guide!F59 -> Maintenance | V40: =COUNTIF($D$6:$D$29,$R40)+COUNTIF($F$6:$F$29,$R40)+COUNTIF($H$6:$H$29,$R40)+COUNTIF($J$6:$J$29,$R40)+COUNTIF($L$6:$L$29,$R40)+COUNTIF($N$6:$N$29,$R40)+COUNTIF($P$6:$P$29,$R40) -> 0 | W40: =SUMIF($D$6:$D$29,$R40,$C$6:$C$29) +SUMIF($F$6:$F$29,$R40,$E$6:$E$29) +SUMIF($H$6:$H$29,$R40,$G$6:$G$29)+SUMIF($J$6:$J$29,$R40,$I$6:$I$29)+SUMIF($L$6:$L$29,$R40,$K$6:$K$29)+SUMIF($N$6:$N$29,$R40,$M$6:$M$29)+SUMIF($P$6:$P$29,$R40,$O$6:$O$29) -> 0
R41: =Guide!C60 -> T5 | S41: =Guide!F60 -> Public transport | V41: =COUNTIF($D$6:$D$29,$R41)+COUNTIF($F$6:$F$29,$R41)+COUNTIF($H$6:$H$29,$R41)+COUNTIF($J$6:$J$29,$R41)+COUNTIF($L$6:$L$29,$R41)+COUNTIF($N$6:$N$29,$R41)+COUNTIF($P$6:$P$29,$R41) -> 0 | W41: =SUMIF($D$6:$D$29,$R41,$C$6:$C$29) +SUMIF($F$6:$F$29,$R41,$E$6:$E$29) +SUMIF($H$6:$H$29,$R41,$G$6:$G$29)+SUMIF($J$6:$J$29,$R41,$I$6:$I$29)+SUMIF($L$6:$L$29,$R41,$K$6:$K$29)+SUMIF($N$6:$N$29,$R41,$M$6:$M$29)+SUMIF($P$6:$P$29,$R41,$O$6:$O$29) -> 0
R42: =Guide!C61 -> T6 | S42: =Guide!F61 -> Vehicle payments | V42: =COUNTIF($D$6:$D$29,$R42)+COUNTIF($F$6:$F$29,$R42)+COUNTIF($H$6:$H$29,$R42)+COUNTIF($J$6:$J$29,$R42)+COUNTIF($L$6:$L$29,$R42)+COUNTIF($N$6:$N$29,$R42)+COUNTIF($P$6:$P$29,$R42) -> 0 | W42: =SUMIF($D$6:$D$29,$R42,$C$6:$C$29) +SUMIF($F$6:$F$29,$R42,$E$6:$E$29) +SUMIF($H$6:$H$29,$R42,$G$6:$G$29)+SUMIF($J$6:$J$29,$R42,$I$6:$I$29)+SUMIF($L$6:$L$29,$R42,$K$6:$K$29)+SUMIF($N$6:$N$29,$R42,$M$6:$M$29)+SUMIF($P$6:$P$29,$R42,$O$6:$O$29) -> 0
R43: =Guide!C62 -> T7 | S43: =Guide!F62 -> other (can add own) | V43: =COUNTIF($D$6:$D$29,$R43)+COUNTIF($F$6:$F$29,$R43)+COUNTIF($H$6:$H$29,$R43)+COUNTIF($J$6:$J$29,$R43)+COUNTIF($L$6:$L$29,$R43)+COUNTIF($N$6:$N$29,$R43)+COUNTIF($P$6:$P$29,$R43) -> 0 | W43: =SUMIF($D$6:$D$29,$R43,$C$6:$C$29) +SUMIF($F$6:$F$29,$R43,$E$6:$E$29) +SUMIF($H$6:$H$29,$R43,$G$6:$G$29)+SUMIF($J$6:$J$29,$R43,$I$6:$I$29)+SUMIF($L$6:$L$29,$R43,$K$6:$K$29)+SUMIF($N$6:$N$29,$R43,$M$6:$M$29)+SUMIF($P$6:$P$29,$R43,$O$6:$O$29) -> 0
R44: =Guide!C63 -> T8 | S44: =Guide!F63 -> Parking | V44: =COUNTIF($D$6:$D$29,$R44)+COUNTIF($F$6:$F$29,$R44)+COUNTIF($H$6:$H$29,$R44)+COUNTIF($J$6:$J$29,$R44)+COUNTIF($L$6:$L$29,$R44)+COUNTIF($N$6:$N$29,$R44)+COUNTIF($P$6:$P$29,$R44) -> 0 | W44: =SUMIF($D$6:$D$29,$R44,$C$6:$C$29) +SUMIF($F$6:$F$29,$R44,$E$6:$E$29) +SUMIF($H$6:$H$29,$R44,$G$6:$G$29)+SUMIF($J$6:$J$29,$R44,$I$6:$I$29)+SUMIF($L$6:$L$29,$R44,$K$6:$K$29)+SUMIF($N$6:$N$29,$R44,$M$6:$M$29)+SUMIF($P$6:$P$29,$R44,$O$6:$O$29) -> 0
R45: =Guide!C64 -> T9 | S45: =Guide!F64 -> User defined | V45: =COUNTIF($D$6:$D$29,$R45)+COUNTIF($F$6:$F$29,$R45)+COUNTIF($H$6:$H$29,$R45)+COUNTIF($J$6:$J$29,$R45)+COUNTIF($L$6:$L$29,$R45)+COUNTIF($N$6:$N$29,$R45)+COUNTIF($P$6:$P$29,$R45) -> 0 | W45: =SUMIF($D$6:$D$29,$R45,$C$6:$C$29) +SUMIF($F$6:$F$29,$R45,$E$6:$E$29) +SUMIF($H$6:$H$29,$R45,$G$6:$G$29)+SUMIF($J$6:$J$29,$R45,$I$6:$I$29)+SUMIF($L$6:$L$29,$R45,$K$6:$K$29)+SUMIF($N$6:$N$29,$R45,$M$6:$M$29)+SUMIF($P$6:$P$29,$R45,$O$6:$O$29) -> 0
R46: =Guide!C65 -> T10 | S46: =Guide!F65 -> User defined | V46: =COUNTIF($D$6:$D$29,$R46)+COUNTIF($F$6:$F$29,$R46)+COUNTIF($H$6:$H$29,$R46)+COUNTIF($J$6:$J$29,$R46)+COUNTIF($L$6:$L$29,$R46)+COUNTIF($N$6:$N$29,$R46)+COUNTIF($P$6:$P$29,$R46) -> 0 | W46: =SUMIF($D$6:$D$29,$R46,$C$6:$C$29) +SUMIF($F$6:$F$29,$R46,$E$6:$E$29) +SUMIF($H$6:$H$29,$R46,$G$6:$G$29)+SUMIF($J$6:$J$29,$R46,$I$6:$I$29)+SUMIF($L$6:$L$29,$R46,$K$6:$K$29)+SUMIF($N$6:$N$29,$R46,$M$6:$M$29)+SUMIF($P$6:$P$29,$R46,$O$6:$O$29) -> 0
S47: =Guide!C67 -> Education
R48: =Guide!C68 -> D1 | S48: =Guide!F68 -> Books | V48: =COUNTIF($D$6:$D$29,$R48)+COUNTIF($F$6:$F$29,$R48)+COUNTIF($H$6:$H$29,$R48)+COUNTIF($J$6:$J$29,$R48)+COUNTIF($L$6:$L$29,$R48)+COUNTIF($N$6:$N$29,$R48)+COUNTIF($P$6:$P$29,$R48) -> 0 | W48: =SUMIF($D$6:$D$29,$R48,$C$6:$C$29) +SUMIF($F$6:$F$29,$R48,$E$6:$E$29) +SUMIF($H$6:$H$29,$R48,$G$6:$G$29)+SUMIF($J$6:$J$29,$R48,$I$6:$I$29)+SUMIF($L$6:$L$29,$R48,$K$6:$K$29)+SUMIF($N$6:$N$29,$R48,$M$6:$M$29)+SUMIF($P$6:$P$29,$R48,$O$6:$O$29) -> 0
R49: =Guide!C69 -> D2 | S49: =Guide!F69 -> Fees | V49: =COUNTIF($D$6:$D$29,$R49)+COUNTIF($F$6:$F$29,$R49)+COUNTIF($H$6:$H$29,$R49)+COUNTIF($J$6:$J$29,$R49)+COUNTIF($L$6:$L$29,$R49)+COUNTIF($N$6:$N$29,$R49)+COUNTIF($P$6:$P$29,$R49) -> 0 | W49: =SUMIF($D$6:$D$29,$R49,$C$6:$C$29) +SUMIF($F$6:$F$29,$R49,$E$6:$E$29) +SUMIF($H$6:$H$29,$R49,$G$6:$G$29)+SUMIF($J$6:$J$29,$R49,$I$6:$I$29)+SUMIF($L$6:$L$29,$R49,$K$6:$K$29)+SUMIF($N$6:$N$29,$R49,$M$6:$M$29)+SUMIF($P$6:$P$29,$R49,$O$6:$O$29) -> 0
R50: =Guide!C70 -> D3 | S50: =Guide!F70 -> Exams | V50: =COUNTIF($D$6:$D$29,$R50)+COUNTIF($F$6:$F$29,$R50)+COUNTIF($H$6:$H$29,$R50)+COUNTIF($J$6:$J$29,$R50)+COUNTIF($L$6:$L$29,$R50)+COUNTIF($N$6:$N$29,$R50)+COUNTIF($P$6:$P$29,$R50) -> 0 | W50: =SUMIF($D$6:$D$29,$R50,$C$6:$C$29) +SUMIF($F$6:$F$29,$R50,$E$6:$E$29) +SUMIF($H$6:$H$29,$R50,$G$6:$G$29)+SUMIF($J$6:$J$29,$R50,$I$6:$I$29)+SUMIF($L$6:$L$29,$R50,$K$6:$K$29)+SUMIF($N$6:$N$29,$R50,$M$6:$M$29)+SUMIF($P$6:$P$29,$R50,$O$6:$O$29) -> 0
R51: =Guide!C71 -> D4 | S51: =Guide!F71 -> Materials | V51: =COUNTIF($D$6:$D$29,$R51)+COUNTIF($F$6:$F$29,$R51)+COUNTIF($H$6:$H$29,$R51)+COUNTIF($J$6:$J$29,$R51)+COUNTIF($L$6:$L$29,$R51)+COUNTIF($N$6:$N$29,$R51)+COUNTIF($P$6:$P$29,$R51) -> 0 | W51: =SUMIF($D$6:$D$29,$R51,$C$6:$C$29) +SUMIF($F$6:$F$29,$R51,$E$6:$E$29) +SUMIF($H$6:$H$29,$R51,$G$6:$G$29)+SUMIF($J$6:$J$29,$R51,$I$6:$I$29)+SUMIF($L$6:$L$29,$R51,$K$6:$K$29)+SUMIF($N$6:$N$29,$R51,$M$6:$M$29)+SUMIF($P$6:$P$29,$R51,$O$6:$O$29) -> 0
R52: =Guide!C72 -> D5 | S52: =Guide!F72 -> other (can add own) | V52: =COUNTIF($D$6:$D$29,$R52)+COUNTIF($F$6:$F$29,$R52)+COUNTIF($H$6:$H$29,$R52)+COUNTIF($J$6:$J$29,$R52)+COUNTIF($L$6:$L$29,$R52)+COUNTIF($N$6:$N$29,$R52)+COUNTIF($P$6:$P$29,$R52) -> 0 | W52: =SUMIF($D$6:$D$29,$R52,$C$6:$C$29) +SUMIF($F$6:$F$29,$R52,$E$6:$E$29) +SUMIF($H$6:$H$29,$R52,$G$6:$G$29)+SUMIF($J$6:$J$29,$R52,$I$6:$I$29)+SUMIF($L$6:$L$29,$R52,$K$6:$K$29)+SUMIF($N$6:$N$29,$R52,$M$6:$M$29)+SUMIF($P$6:$P$29,$R52,$O$6:$O$29) -> 0
R53: =Guide!C73 -> D6 | S53: =Guide!F73 -> User defined | V53: =COUNTIF($D$6:$D$29,$R53)+COUNTIF($F$6:$F$29,$R53)+COUNTIF($H$6:$H$29,$R53)+COUNTIF($J$6:$J$29,$R53)+COUNTIF($L$6:$L$29,$R53)+COUNTIF($N$6:$N$29,$R53)+COUNTIF($P$6:$P$29,$R53) -> 0 | W53: =SUMIF($D$6:$D$29,$R53,$C$6:$C$29) +SUMIF($F$6:$F$29,$R53,$E$6:$E$29) +SUMIF($H$6:$H$29,$R53,$G$6:$G$29)+SUMIF($J$6:$J$29,$R53,$I$6:$I$29)+SUMIF($L$6:$L$29,$R53,$K$6:$K$29)+SUMIF($N$6:$N$29,$R53,$M$6:$M$29)+SUMIF($P$6:$P$29,$R53,$O$6:$O$29) -> 0
R54: =Guide!C74 -> D7 | S54: =Guide!F74 -> User defined | V54: =COUNTIF($D$6:$D$29,$R54)+COUNTIF($F$6:$F$29,$R54)+COUNTIF($H$6:$H$29,$R54)+COUNTIF($J$6:$J$29,$R54)+COUNTIF($L$6:$L$29,$R54)+COUNTIF($N$6:$N$29,$R54)+COUNTIF($P$6:$P$29,$R54) -> 0 | W54: =SUMIF($D$6:$D$29,$R54,$C$6:$C$29) +SUMIF($F$6:$F$29,$R54,$E$6:$E$29) +SUMIF($H$6:$H$29,$R54,$G$6:$G$29)+SUMIF($J$6:$J$29,$R54,$I$6:$I$29)+SUMIF($L$6:$L$29,$R54,$K$6:$K$29)+SUMIF($N$6:$N$29,$R54,$M$6:$M$29)+SUMIF($P$6:$P$29,$R54,$O$6:$O$29) -> 0
R55: =Guide!C75 -> D8 | S55: =Guide!F75 -> User defined | V55: =COUNTIF($D$6:$D$29,$R55)+COUNTIF($F$6:$F$29,$R55)+COUNTIF($H$6:$H$29,$R55)+COUNTIF($J$6:$J$29,$R55)+COUNTIF($L$6:$L$29,$R55)+COUNTIF($N$6:$N$29,$R55)+COUNTIF($P$6:$P$29,$R55) -> 0 | W55: =SUMIF($D$6:$D$29,$R55,$C$6:$C$29) +SUMIF($F$6:$F$29,$R55,$E$6:$E$29) +SUMIF($H$6:$H$29,$R55,$G$6:$G$29)+SUMIF($J$6:$J$29,$R55,$I$6:$I$29)+SUMIF($L$6:$L$29,$R55,$K$6:$K$29)+SUMIF($N$6:$N$29,$R55,$M$6:$M$29)+SUMIF($P$6:$P$29,$R55,$O$6:$O$29) -> 0
S56: =Guide!C77 -> Entertainment
R57: =Guide!C78 -> E1 | S57: =Guide!F78 -> Movies | V57: =COUNTIF($D$6:$D$29,$R57)+COUNTIF($F$6:$F$29,$R57)+COUNTIF($H$6:$H$29,$R57)+COUNTIF($J$6:$J$29,$R57)+COUNTIF($L$6:$L$29,$R57)+COUNTIF($N$6:$N$29,$R57)+COUNTIF($P$6:$P$29,$R57) -> 0 | W57: =SUMIF($D$6:$D$29,$R57,$C$6:$C$29) +SUMIF($F$6:$F$29,$R57,$E$6:$E$29) +SUMIF($H$6:$H$29,$R57,$G$6:$G$29)+SUMIF($J$6:$J$29,$R57,$I$6:$I$29)+SUMIF($L$6:$L$29,$R57,$K$6:$K$29)+SUMIF($N$6:$N$29,$R57,$M$6:$M$29)+SUMIF($P$6:$P$29,$R57,$O$6:$O$29) -> 0
R58: =Guide!C79 -> E2 | S58: =Guide!F79 -> Computer | V58: =COUNTIF($D$6:$D$29,$R58)+COUNTIF($F$6:$F$29,$R58)+COUNTIF($H$6:$H$29,$R58)+COUNTIF($J$6:$J$29,$R58)+COUNTIF($L$6:$L$29,$R58)+COUNTIF($N$6:$N$29,$R58)+COUNTIF($P$6:$P$29,$R58) -> 0 | W58: =SUMIF($D$6:$D$29,$R58,$C$6:$C$29) +SUMIF($F$6:$F$29,$R58,$E$6:$E$29) +SUMIF($H$6:$H$29,$R58,$G$6:$G$29)+SUMIF($J$6:$J$29,$R58,$I$6:$I$29)+SUMIF($L$6:$L$29,$R58,$K$6:$K$29)+SUMIF($N$6:$N$29,$R58,$M$6:$M$29)+SUMIF($P$6:$P$29,$R58,$O$6:$O$29) -> 0
R59: =Guide!C80 -> E3 | S59: =Guide!F80 -> Books and Magazines | V59: =COUNTIF($D$6:$D$29,$R59)+COUNTIF($F$6:$F$29,$R59)+COUNTIF($H$6:$H$29,$R59)+COUNTIF($J$6:$J$29,$R59)+COUNTIF($L$6:$L$29,$R59)+COUNTIF($N$6:$N$29,$R59)+COUNTIF($P$6:$P$29,$R59) -> 0 | W59: =SUMIF($D$6:$D$29,$R59,$C$6:$C$29) +SUMIF($F$6:$F$29,$R59,$E$6:$E$29) +SUMIF($H$6:$H$29,$R59,$G$6:$G$29)+SUMIF($J$6:$J$29,$R59,$I$6:$I$29)+SUMIF($L$6:$L$29,$R59,$K$6:$K$29)+SUMIF($N$6:$N$29,$R59,$M$6:$M$29)+SUMIF($P$6:$P$29,$R59,$O$6:$O$29) -> 0
R60: =Guide!C81 -> E4 | S60: =Guide!F81 -> Hobbies | V60: =COUNTIF($D$6:$D$29,$R60)+COUNTIF($F$6:$F$29,$R60)+COUNTIF($H$6:$H$29,$R60)+COUNTIF($J$6:$J$29,$R60)+COUNTIF($L$6:$L$29,$R60)+COUNTIF($N$6:$N$29,$R60)+COUNTIF($P$6:$P$29,$R60) -> 0 | W60: =SUMIF($D$6:$D$29,$R60,$C$6:$C$29) +SUMIF($F$6:$F$29,$R60,$E$6:$E$29) +SUMIF($H$6:$H$29,$R60,$G$6:$G$29)+SUMIF($J$6:$J$29,$R60,$I$6:$I$29)+SUMIF($L$6:$L$29,$R60,$K$6:$K$29)+SUMIF($N$6:$N$29,$R60,$M$6:$M$29)+SUMIF($P$6:$P$29,$R60,$O$6:$O$29) -> 0
R61: =Guide!C82 -> E5 | S61: =Guide!F82 -> Holidays | V61: =COUNTIF($D$6:$D$29,$R61)+COUNTIF($F$6:$F$29,$R61)+COUNTIF($H$6:$H$29,$R61)+COUNTIF($J$6:$J$29,$R61)+COUNTIF($L$6:$L$29,$R61)+COUNTIF($N$6:$N$29,$R61)+COUNTIF($P$6:$P$29,$R61) -> 0 | W61: =SUMIF($D$6:$D$29,$R61,$C$6:$C$29) +SUMIF($F$6:$F$29,$R61,$E$6:$E$29) +SUMIF($H$6:$H$29,$R61,$G$6:$G$29)+SUMIF($J$6:$J$29,$R61,$I$6:$I$29)+SUMIF($L$6:$L$29,$R61,$K$6:$K$29)+SUMIF($N$6:$N$29,$R61,$M$6:$M$29)+SUMIF($P$6:$P$29,$R61,$O$6:$O$29) -> 0
R62: =Guide!C83 -> E6 | S62: =Guide!F83 -> other (can add own) | V62: =COUNTIF($D$6:$D$29,$R62)+COUNTIF($F$6:$F$29,$R62)+COUNTIF($H$6:$H$29,$R62)+COUNTIF($J$6:$J$29,$R62)+COUNTIF($L$6:$L$29,$R62)+COUNTIF($N$6:$N$29,$R62)+COUNTIF($P$6:$P$29,$R62) -> 0 | W62: =SUMIF($D$6:$D$29,$R62,$C$6:$C$29) +SUMIF($F$6:$F$29,$R62,$E$6:$E$29) +SUMIF($H$6:$H$29,$R62,$G$6:$G$29)+SUMIF($J$6:$J$29,$R62,$I$6:$I$29)+SUMIF($L$6:$L$29,$R62,$K$6:$K$29)+SUMIF($N$6:$N$29,$R62,$M$6:$M$29)+SUMIF($P$6:$P$29,$R62,$O$6:$O$29) -> 0
R63: =Guide!C84 -> E7 | S63: =Guide!F84 -> Going Out | V63: =COUNTIF($D$6:$D$29,$R63)+COUNTIF($F$6:$F$29,$R63)+COUNTIF($H$6:$H$29,$R63)+COUNTIF($J$6:$J$29,$R63)+COUNTIF($L$6:$L$29,$R63)+COUNTIF($N$6:$N$29,$R63)+COUNTIF($P$6:$P$29,$R63) -> 0 | W63: =SUMIF($D$6:$D$29,$R63,$C$6:$C$29) +SUMIF($F$6:$F$29,$R63,$E$6:$E$29) +SUMIF($H$6:$H$29,$R63,$G$6:$G$29)+SUMIF($J$6:$J$29,$R63,$I$6:$I$29)+SUMIF($L$6:$L$29,$R63,$K$6:$K$29)+SUMIF($N$6:$N$29,$R63,$M$6:$M$29)+SUMIF($P$6:$P$29,$R63,$O$6:$O$29) -> 0
R64: =Guide!C85 -> E8 | S64: =Guide!F85 -> User defined | V64: =COUNTIF($D$6:$D$29,$R64)+COUNTIF($F$6:$F$29,$R64)+COUNTIF($H$6:$H$29,$R64)+COUNTIF($J$6:$J$29,$R64)+COUNTIF($L$6:$L$29,$R64)+COUNTIF($N$6:$N$29,$R64)+COUNTIF($P$6:$P$29,$R64) -> 0 | W64: =SUMIF($D$6:$D$29,$R64,$C$6:$C$29) +SUMIF($F$6:$F$29,$R64,$E$6:$E$29) +SUMIF($H$6:$H$29,$R64,$G$6:$G$29)+SUMIF($J$6:$J$29,$R64,$I$6:$I$29)+SUMIF($L$6:$L$29,$R64,$K$6:$K$29)+SUMIF($N$6:$N$29,$R64,$M$6:$M$29)+SUMIF($P$6:$P$29,$R64,$O$6:$O$29) -> 0
R65: =Guide!C86 -> E9 | S65: =Guide!F86 -> User defined | V65: =COUNTIF($D$6:$D$29,$R65)+COUNTIF($F$6:$F$29,$R65)+COUNTIF($H$6:$H$29,$R65)+COUNTIF($J$6:$J$29,$R65)+COUNTIF($L$6:$L$29,$R65)+COUNTIF($N$6:$N$29,$R65)+COUNTIF($P$6:$P$29,$R65) -> 0 | W65: =SUMIF($D$6:$D$29,$R65,$C$6:$C$29) +SUMIF($F$6:$F$29,$R65,$E$6:$E$29) +SUMIF($H$6:$H$29,$R65,$G$6:$G$29)+SUMIF($J$6:$J$29,$R65,$I$6:$I$29)+SUMIF($L$6:$L$29,$R65,$K$6:$K$29)+SUMIF($N$6:$N$29,$R65,$M$6:$M$29)+SUMIF($P$6:$P$29,$R65,$O$6:$O$29) -> 0
S66: =Guide!C88 -> Other
R67: =Guide!C89 -> O1 | S67: =Guide!F89 -> Income Protection | V67: =COUNTIF($D$6:$D$29,$R67)+COUNTIF($F$6:$F$29,$R67)+COUNTIF($H$6:$H$29,$R67)+COUNTIF($J$6:$J$29,$R67)+COUNTIF($L$6:$L$29,$R67)+COUNTIF($N$6:$N$29,$R67)+COUNTIF($P$6:$P$29,$R67) -> 0 | W67: =SUMIF($D$6:$D$29,$R67,$C$6:$C$29) +SUMIF($F$6:$F$29,$R67,$E$6:$E$29) +SUMIF($H$6:$H$29,$R67,$G$6:$G$29)+SUMIF($J$6:$J$29,$R67,$I$6:$I$29)+SUMIF($L$6:$L$29,$R67,$K$6:$K$29)+SUMIF($N$6:$N$29,$R67,$M$6:$M$29)+SUMIF($P$6:$P$29,$R67,$O$6:$O$29) -> 0
R68: =Guide!C90 -> O2 | S68: =Guide!F90 -> Life insurance | V68: =COUNTIF($D$6:$D$29,$R68)+COUNTIF($F$6:$F$29,$R68)+COUNTIF($H$6:$H$29,$R68)+COUNTIF($J$6:$J$29,$R68)+COUNTIF($L$6:$L$29,$R68)+COUNTIF($N$6:$N$29,$R68)+COUNTIF($P$6:$P$29,$R68) -> 0 | W68: =SUMIF($D$6:$D$29,$R68,$C$6:$C$29) +SUMIF($F$6:$F$29,$R68,$E$6:$E$29) +SUMIF($H$6:$H$29,$R68,$G$6:$G$29)+SUMIF($J$6:$J$29,$R68,$I$6:$I$29)+SUMIF($L$6:$L$29,$R68,$K$6:$K$29)+SUMIF($N$6:$N$29,$R68,$M$6:$M$29)+SUMIF($P$6:$P$29,$R68,$O$6:$O$29) -> 0
R69: =Guide!C91 -> O3 | S69: =Guide!F91 -> Gifts | V69: =COUNTIF($D$6:$D$29,$R69)+COUNTIF($F$6:$F$29,$R69)+COUNTIF($H$6:$H$29,$R69)+COUNTIF($J$6:$J$29,$R69)+COUNTIF($L$6:$L$29,$R69)+COUNTIF($N$6:$N$29,$R69)+COUNTIF($P$6:$P$29,$R69) -> 0 | W69: =SUMIF($D$6:$D$29,$R69,$C$6:$C$29) +SUMIF($F$6:$F$29,$R69,$E$6:$E$29) +SUMIF($H$6:$H$29,$R69,$G$6:$G$29)+SUMIF($J$6:$J$29,$R69,$I$6:$I$29)+SUMIF($L$6:$L$29,$R69,$K$6:$K$29)+SUMIF($N$6:$N$29,$R69,$M$6:$M$29)+SUMIF($P$6:$P$29,$R69,$O$6:$O$29) -> 0
R70: =Guide!C92 -> O4 | S70: =Guide!F92 -> Pet | V70: =COUNTIF($D$6:$D$29,$R70)+COUNTIF($F$6:$F$29,$R70)+COUNTIF($H$6:$H$29,$R70)+COUNTIF($J$6:$J$29,$R70)+COUNTIF($L$6:$L$29,$R70)+COUNTIF($N$6:$N$29,$R70)+COUNTIF($P$6:$P$29,$R70) -> 0 | W70: =SUMIF($D$6:$D$29,$R70,$C$6:$C$29) +SUMIF($F$6:$F$29,$R70,$E$6:$E$29) +SUMIF($H$6:$H$29,$R70,$G$6:$G$29)+SUMIF($J$6:$J$29,$R70,$I$6:$I$29)+SUMIF($L$6:$L$29,$R70,$K$6:$K$29)+SUMIF($N$6:$N$29,$R70,$M$6:$M$29)+SUMIF($P$6:$P$29,$R70,$O$6:$O$29) -> 0
R71: =Guide!C93 -> O5 | S71: =Guide!F93 -> Investments | V71: =COUNTIF($D$6:$D$29,$R71)+COUNTIF($F$6:$F$29,$R71)+COUNTIF($H$6:$H$29,$R71)+COUNTIF($J$6:$J$29,$R71)+COUNTIF($L$6:$L$29,$R71)+COUNTIF($N$6:$N$29,$R71)+COUNTIF($P$6:$P$29,$R71) -> 0 | W71: =SUMIF($D$6:$D$29,$R71,$C$6:$C$29) +SUMIF($F$6:$F$29,$R71,$E$6:$E$29) +SUMIF($H$6:$H$29,$R71,$G$6:$G$29)+SUMIF($J$6:$J$29,$R71,$I$6:$I$29)+SUMIF($L$6:$L$29,$R71,$K$6:$K$29)+SUMIF($N$6:$N$29,$R71,$M$6:$M$29)+SUMIF($P$6:$P$29,$R71,$O$6:$O$29) -> 0
R72: =Guide!C94 -> O6 | S72: =Guide!F94 -> Loans, debts, taxes | V72: =COUNTIF($D$6:$D$29,$R72)+COUNTIF($F$6:$F$29,$R72)+COUNTIF($H$6:$H$29,$R72)+COUNTIF($J$6:$J$29,$R72)+COUNTIF($L$6:$L$29,$R72)+COUNTIF($N$6:$N$29,$R72)+COUNTIF($P$6:$P$29,$R72) -> 0 | W72: =SUMIF($D$6:$D$29,$R72,$C$6:$C$29) +SUMIF($F$6:$F$29,$R72,$E$6:$E$29) +SUMIF($H$6:$H$29,$R72,$G$6:$G$29)+SUMIF($J$6:$J$29,$R72,$I$6:$I$29)+SUMIF($L$6:$L$29,$R72,$K$6:$K$29)+SUMIF($N$6:$N$29,$R72,$M$6:$M$29)+SUMIF($P$6:$P$29,$R72,$O$6:$O$29) -> 0
R73: =Guide!C95 -> O7 | S73: =Guide!F95 -> Other (can add own) | V73: =COUNTIF($D$6:$D$29,$R73)+COUNTIF($F$6:$F$29,$R73)+COUNTIF($H$6:$H$29,$R73)+COUNTIF($J$6:$J$29,$R73)+COUNTIF($L$6:$L$29,$R73)+COUNTIF($N$6:$N$29,$R73)+COUNTIF($P$6:$P$29,$R73) -> 0 | W73: =SUMIF($D$6:$D$29,$R73,$C$6:$C$29) +SUMIF($F$6:$F$29,$R73,$E$6:$E$29) +SUMIF($H$6:$H$29,$R73,$G$6:$G$29)+SUMIF($J$6:$J$29,$R73,$I$6:$I$29)+SUMIF($L$6:$L$29,$R73,$K$6:$K$29)+SUMIF($N$6:$N$29,$R73,$M$6:$M$29)+SUMIF($P$6:$P$29,$R73,$O$6:$O$29) -> 0
R74: =Guide!C96 -> O8 | S74: =Guide!F96 -> Professional Anuities | V74: =COUNTIF($D$6:$D$29,$R74)+COUNTIF($F$6:$F$29,$R74)+COUNTIF($H$6:$H$29,$R74)+COUNTIF($J$6:$J$29,$R74)+COUNTIF($L$6:$L$29,$R74)+COUNTIF($N$6:$N$29,$R74)+COUNTIF($P$6:$P$29,$R74) -> 0 | W74: =SUMIF($D$6:$D$29,$R74,$C$6:$C$29) +SUMIF($F$6:$F$29,$R74,$E$6:$E$29) +SUMIF($H$6:$H$29,$R74,$G$6:$G$29)+SUMIF($J$6:$J$29,$R74,$I$6:$I$29)+SUMIF($L$6:$L$29,$R74,$K$6:$K$29)+SUMIF($N$6:$N$29,$R74,$M$6:$M$29)+SUMIF($P$6:$P$29,$R74,$O$6:$O$29) -> 0
R75: =Guide!C97 -> O9 | S75: =Guide!F97 -> User defined | V75: =COUNTIF($D$6:$D$29,$R75)+COUNTIF($F$6:$F$29,$R75)+COUNTIF($H$6:$H$29,$R75)+COUNTIF($J$6:$J$29,$R75)+COUNTIF($L$6:$L$29,$R75)+COUNTIF($N$6:$N$29,$R75)+COUNTIF($P$6:$P$29,$R75) -> 0 | W75: =SUMIF($D$6:$D$29,$R75,$C$6:$C$29) +SUMIF($F$6:$F$29,$R75,$E$6:$E$29) +SUMIF($H$6:$H$29,$R75,$G$6:$G$29)+SUMIF($J$6:$J$29,$R75,$I$6:$I$29)+SUMIF($L$6:$L$29,$R75,$K$6:$K$29)+SUMIF($N$6:$N$29,$R75,$M$6:$M$29)+SUMIF($P$6:$P$29,$R75,$O$6:$O$29) -> 0
R76: =Guide!C98 -> O10 | S76: =Guide!F98 -> User defined | V76: =COUNTIF($D$6:$D$29,$R76)+COUNTIF($F$6:$F$29,$R76)+COUNTIF($H$6:$H$29,$R76)+COUNTIF($J$6:$J$29,$R76)+COUNTIF($L$6:$L$29,$R76)+COUNTIF($N$6:$N$29,$R76)+COUNTIF($P$6:$P$29,$R76) -> 0 | W76: =SUMIF($D$6:$D$29,$R76,$C$6:$C$29) +SUMIF($F$6:$F$29,$R76,$E$6:$E$29) +SUMIF($H$6:$H$29,$R76,$G$6:$G$29)+SUMIF($J$6:$J$29,$R76,$I$6:$I$29)+SUMIF($L$6:$L$29,$R76,$K$6:$K$29)+SUMIF($N$6:$N$29,$R76,$M$6:$M$29)+SUMIF($P$6:$P$29,$R76,$O$6:$O$29) -> 0
V78: Total | W78: =SUM(W4:W76) -> 0

Sheet Start
B2: Please do not enter any data on this sheet, and please do not copy or move this sheet. The calculations in the summary and analysis sheets are done on data that lie between the 'Start' and 'End' sheets.

Sheet 12 4 10
C2: =Guide!D12 -> Costas | J2: =IF(TEXT(L2,"ddd")<>"Mon","Set date to a Monday date","") | L2: 40280 | S2: =Guide!C16 -> Expenses Classification - Codes | Y2: =Guide!C102 -> Income Classification - Codes
C3: =TEXT(C4,"dddd") -> Monday | E3: =TEXT(E4,"dddd") -> Tuesday | G3: =TEXT(G4,"dddd") -> Wednesday | I3: =TEXT(I4,"dddd") -> Thursday | K3: =TEXT(K4,"dddd") -> Friday | M3: =TEXT(M4,"dddd") -> Saturday | O3: =TEXT(O4,"dddd") -> Sunday | S3: =Guide!C19 -> Health | V3: Instances | W3: Cost | Y3: Income | AB3: Instances | AC3: Cost
C4: =L2 -> 40280 | E4: =L2+1 -> 40281 | G4: =L2+2 -> 40282 | I4: =L2+3 -> 40283 | K4: =L2+4 -> 40284 | M4: =L2+5 -> 40285 | O4: =L2+6 -> 40286 | R4: =Guide!C20 -> H1 | S4: =Guide!F20 -> Health Insurance | V4: =COUNTIF($D$6:$D$29,$R4)+COUNTIF($F$6:$F$29,$R4)+COUNTIF($H$6:$H$29,$R4)+COUNTIF($J$6:$J$29,$R4)+COUNTIF($L$6:$L$29,$R4)+COUNTIF($N$6:$N$29,$R4)+COUNTIF($P$6:$P$29,$R4) -> 0 | W4: =SUMIF($D$6:$D$29,$R4,$C$6:$C$29) +SUMIF($F$6:$F$29,$R4,$E$6:$E$29) +SUMIF($H$6:$H$29,$R4,$G$6:$G$29)+SUMIF($J$6:$J$29,$R4,$I$6:$I$29)+SUMIF($L$6:$L$29,$R4,$K$6:$K$29)+SUMIF($N$6:$N$29,$R4,$M$6:$M$29)+SUMIF($P$6:$P$29,$R4,$O$6:$O$29) -> 0 | X4: =Guide!C103 -> I1 | Y4: =Guide!F103 -> Salary | AB4: =COUNTIF($D$6:$D$29,$X4)+COUNTIF($F$6:$F$29,$X4)+COUNTIF($H$6:$H$29,$X4)+COUNTIF($J$6:$J$29,$X4)+COUNTIF($L$6:$L$29,$X4)+COUNTIF($N$6:$N$29,$X4)+COUNTIF($P$6:$P$29,$X4) -> 0 | AC4: =SUMIF($D$6:$D$29,$X4,$C$6:$C$29) +SUMIF($F$6:$F$29,$X4,$E$6:$E$29) +SUMIF($H$6:$H$29,$X4,$G$6:$G$29)+SUMIF($J$6:$J$29,$X4,$I$6:$I$29)+SUMIF($L$6:$L$29,$X4,$K$6:$K$29)+SUMIF($N$6:$N$29,$X4,$M$6:$M$29)+SUMIF($P$6:$P$29,$X4,$O$6:$O$29) -> 0
C5: =Guide!D14 -> GBP | D5: Code | E5: =Guide!D14 -> GBP | F5: Code | G5: =Guide!D14 -> GBP | H5: Code | I5: =Guide!D14 -> GBP | J5: Code | K5: =Guide!D14 -> GBP | L5: Code | M5: =Guide!D14 -> GBP | N5: Code | O5: =Guide!D14 -> GBP | P5: Code | R5: =Guide!C21 -> H2 | S5: =Guide!F21 -> Hospital expenses | V5: =COUNTIF($D$6:$D$29,$R5)+COUNTIF($F$6:$F$29,$R5)+COUNTIF($H$6:$H$29,$R5)+COUNTIF($J$6:$J$29,$R5)+COUNTIF($L$6:$L$29,$R5)+COUNTIF($N$6:$N$29,$R5)+COUNTIF($P$6:$P$29,$R5) -> 0 | W5: =SUMIF($D$6:$D$29,$R5,$C$6:$C$29) +SUMIF($F$6:$F$29,$R5,$E$6:$E$29) +SUMIF($H$6:$H$29,$R5,$G$6:$G$29)+SUMIF($J$6:$J$29,$R5,$I$6:$I$29)+SUMIF($L$6:$L$29,$R5,$K$6:$K$29)+SUMIF($N$6:$N$29,$R5,$M$6:$M$29)+SUMIF($P$6:$P$29,$R5,$O$6:$O$29) -> 0 | X5: =Guide!C104 -> I2 | Y5: =Guide!F104 -> Gifts | AB5: =COUNTIF($D$6:$D$29,$X5)+COUNTIF($F$6:$F$29,$X5)+COUNTIF($H$6:$H$29,$X5)+COUNTIF($J$6:$J$29,$X5)+COUNTIF($L$6:$L$29,$X5)+COUNTIF($N$6:$N$29,$X5)+COUNTIF($P$6:$P$29,$X5) -> 0 | AC5: =SUMIF($D$6:$D$29,$X5,$C$6:$C$29) +SUMIF($F$6:$F$29,$X5,$E$6:$E$29) +SUMIF($H$6:$H$29,$X5,$G$6:$G$29)+SUMIF($J$6:$J$29,$X5,$I$6:$I$29)+SUMIF($L$6:$L$29,$X5,$K$6:$K$29)+SUMIF($N$6:$N$29,$X5,$M$6:$M$29)+SUMIF($P$6:$P$29,$X5,$O$6:$O$29) -> 0
E6: 2.2 | F6: L2 | R6: =Guide!C22 -> H3 | S6: =Guide!F22 -> Medicines | V6: =COUNTIF($D$6:$D$29,$R6)+COUNTIF($F$6:$F$29,$R6)+COUNTIF($H$6:$H$29,$R6)+COUNTIF($J$6:$J$29,$R6)+COUNTIF($L$6:$L$29,$R6)+COUNTIF($N$6:$N$29,$R6)+COUNTIF($P$6:$P$29,$R6) -> 0 | W6: =SUMIF($D$6:$D$29,$R6,$C$6:$C$29) +SUMIF($F$6:$F$29,$R6,$E$6:$E$29) +SUMIF($H$6:$H$29,$R6,$G$6:$G$29)+SUMIF($J$6:$J$29,$R6,$I$6:$I$29)+SUMIF($L$6:$L$29,$R6,$K$6:$K$29)+SUMIF($N$6:$N$29,$R6,$M$6:$M$29)+SUMIF($P$6:$P$29,$R6,$O$6:$O$29) -> 0 | X6: =Guide!C105 -> I3 | Y6: =Guide!F105 -> Investments ** | AB6: =COUNTIF($D$6:$D$29,$X6)+COUNTIF($F$6:$F$29,$X6)+COUNTIF($H$6:$H$29,$X6)+COUNTIF($J$6:$J$29,$X6)+COUNTIF($L$6:$L$29,$X6)+COUNTIF($N$6:$N$29,$X6)+COUNTIF($P$6:$P$29,$X6) -> 0 | AC6: =SUMIF($D$6:$D$29,$X6,$C$6:$C$29) +SUMIF($F$6:$F$29,$X6,$E$6:$E$29) +SUMIF($H$6:$H$29,$X6,$G$6:$G$29)+SUMIF($J$6:$J$29,$X6,$I$6:$I$29)+SUMIF($L$6:$L$29,$X6,$K$6:$K$29)+SUMIF($N$6:$N$29,$X6,$M$6:$M$29)+SUMIF($P$6:$P$29,$X6,$O$6:$O$29) -> 0
E7: 25 | F7: E7 | I7: 30 | J7: E7 | K7: 1.5 | L7: E7 | R7: =Guide!C23 -> H4 | S7: =Guide!F23 -> Sports | V7: =COUNTIF($D$6:$D$29,$R7)+COUNTIF($F$6:$F$29,$R7)+COUNTIF($H$6:$H$29,$R7)+COUNTIF($J$6:$J$29,$R7)+COUNTIF($L$6:$L$29,$R7)+COUNTIF($N$6:$N$29,$R7)+COUNTIF($P$6:$P$29,$R7) -> 0 | W7: =SUMIF($D$6:$D$29,$R7,$C$6:$C$29) +SUMIF($F$6:$F$29,$R7,$E$6:$E$29) +SUMIF($H$6:$H$29,$R7,$G$6:$G$29)+SUMIF($J$6:$J$29,$R7,$I$6:$I$29)+SUMIF($L$6:$L$29,$R7,$K$6:$K$29)+SUMIF($N$6:$N$29,$R7,$M$6:$M$29)+SUMIF($P$6:$P$29,$R7,$O$6:$O$29) -> 0 | X7: =Guide!C106 -> I4 | Y7: =Guide!F106 -> Benefits | AB7: =COUNTIF($D$6:$D$29,$X7)+COUNTIF($F$6:$F$29,$X7)+COUNTIF($H$6:$H$29,$X7)+COUNTIF($J$6:$J$29,$X7)+COUNTIF($L$6:$L$29,$X7)+COUNTIF($N$6:$N$29,$X7)+COUNTIF($P$6:$P$29,$X7) -> 0 | AC7: =SUMIF($D$6:$D$29,$X7,$C$6:$C$29) +SUMIF($F$6:$F$29,$X7,$E$6:$E$29) +SUMIF($H$6:$H$29,$X7,$G$6:$G$29)+SUMIF($J$6:$J$29,$X7,$I$6:$I$29)+SUMIF($L$6:$L$29,$X7,$K$6:$K$29)+SUMIF($N$6:$N$29,$X7,$M$6:$M$29)+SUMIF($P$6:$P$29,$X7,$O$6:$O$29) -> 0
I8: 5 | J8: L2 | R8: =Guide!C24 -> H5 | S8: =Guide!F24 -> other (can add own) | V8: =COUNTIF($D$6:$D$29,$R8)+COUNTIF($F$6:$F$29,$R8)+COUNTIF($H$6:$H$29,$R8)+COUNTIF($J$6:$J$29,$R8)+COUNTIF($L$6:$L$29,$R8)+COUNTIF($N$6:$N$29,$R8)+COUNTIF($P$6:$P$29,$R8) -> 0 | W8: =SUMIF($D$6:$D$29,$R8,$C$6:$C$29) +SUMIF($F$6:$F$29,$R8,$E$6:$E$29) +SUMIF($H$6:$H$29,$R8,$G$6:$G$29)+SUMIF($J$6:$J$29,$R8,$I$6:$I$29)+SUMIF($L$6:$L$29,$R8,$K$6:$K$29)+SUMIF($N$6:$N$29,$R8,$M$6:$M$29)+SUMIF($P$6:$P$29,$R8,$O$6:$O$29) -> 0 | X8: =Guide!C107 -> I5 | Y8: =Guide!F107 -> Pension | AB8: =COUNTIF($D$6:$D$29,$X8)+COUNTIF($F$6:$F$29,$X8)+COUNTIF($H$6:$H$29,$X8)+COUNTIF($J$6:$J$29,$X8)+COUNTIF($L$6:$L$29,$X8)+COUNTIF($N$6:$N$29,$X8)+COUNTIF($P$6:$P$29,$X8) -> 0 | AC8: =SUMIF($D$6:$D$29,$X8,$C$6:$C$29) +SUMIF($F$6:$F$29,$X8,$E$6:$E$29) +SUMIF($H$6:$H$29,$X8,$G$6:$G$29)+SUMIF($J$6:$J$29,$X8,$I$6:$I$29)+SUMIF($L$6:$L$29,$X8,$K$6:$K$29)+SUMIF($N$6:$N$29,$X8,$M$6:$M$29)+SUMIF($P$6:$P$29,$X8,$O$6:$O$29) -> 0
R9: =Guide!C25 -> H6 | S9: =Guide!F25 -> User defined | V9: =COUNTIF($D$6:$D$29,$R9)+COUNTIF($F$6:$F$29,$R9)+COUNTIF($H$6:$H$29,$R9)+COUNTIF($J$6:$J$29,$R9)+COUNTIF($L$6:$L$29,$R9)+COUNTIF($N$6:$N$29,$R9)+COUNTIF($P$6:$P$29,$R9) -> 0 | W9: =SUMIF($D$6:$D$29,$R9,$C$6:$C$29) +SUMIF($F$6:$F$29,$R9,$E$6:$E$29) +SUMIF($H$6:$H$29,$R9,$G$6:$G$29)+SUMIF($J$6:$J$29,$R9,$I$6:$I$29)+SUMIF($L$6:$L$29,$R9,$K$6:$K$29)+SUMIF($N$6:$N$29,$R9,$M$6:$M$29)+SUMIF($P$6:$P$29,$R9,$O$6:$O$29) -> 0 | X9: =Guide!C108 -> I6 | Y9: =Guide!F108 -> Other (can add own) | AB9: =COUNTIF($D$6:$D$29,$X9)+COUNTIF($F$6:$F$29,$X9)+COUNTIF($H$6:$H$29,$X9)+COUNTIF($J$6:$J$29,$X9)+COUNTIF($L$6:$L$29,$X9)+COUNTIF($N$6:$N$29,$X9)+COUNTIF($P$6:$P$29,$X9) -> 0 | AC9: =SUMIF($D$6:$D$29,$X9,$C$6:$C$29) +SUMIF($F$6:$F$29,$X9,$E$6:$E$29) +SUMIF($H$6:$H$29,$X9,$G$6:$G$29)+SUMIF($J$6:$J$29,$X9,$I$6:$I$29)+SUMIF($L$6:$L$29,$X9,$K$6:$K$29)+SUMIF($N$6:$N$29,$X9,$M$6:$M$29)+SUMIF($P$6:$P$29,$X9,$O$6:$O$29) -> 0
R10: =Guide!C26 -> H7 | S10: =Guide!F26 -> User defined | V10: =COUNTIF($D$6:$D$29,$R10)+COUNTIF($F$6:$F$29,$R10)+COUNTIF($H$6:$H$29,$R10)+COUNTIF($J$6:$J$29,$R10)+COUNTIF($L$6:$L$29,$R10)+COUNTIF($N$6:$N$29,$R10)+COUNTIF($P$6:$P$29,$R10) -> 0 | W10: =SUMIF($D$6:$D$29,$R10,$C$6:$C$29) +SUMIF($F$6:$F$29,$R10,$E$6:$E$29) +SUMIF($H$6:$H$29,$R10,$G$6:$G$29)+SUMIF($J$6:$J$29,$R10,$I$6:$I$29)+SUMIF($L$6:$L$29,$R10,$K$6:$K$29)+SUMIF($N$6:$N$29,$R10,$M$6:$M$29)+SUMIF($P$6:$P$29,$R10,$O$6:$O$29) -> 0 | X10: =Guide!C109 -> I7 | Y10: =Guide!F109 -> Taxed Interest | AB10: =COUNTIF($D$6:$D$29,$X10)+COUNTIF($F$6:$F$29,$X10)+COUNTIF($H$6:$H$29,$X10)+COUNTIF($J$6:$J$29,$X10)+COUNTIF($L$6:$L$29,$X10)+COUNTIF($N$6:$N$29,$X10)+COUNTIF($P$6:$P$29,$X10) -> 0 | AC10: =SUMIF($D$6:$D$29,$X10,$C$6:$C$29) +SUMIF($F$6:$F$29,$X10,$E$6:$E$29) +SUMIF($H$6:$H$29,$X10,$G$6:$G$29)+SUMIF($J$6:$J$29,$X10,$I$6:$I$29)+SUMIF($L$6:$L$29,$X10,$K$6:$K$29)+SUMIF($N$6:$N$29,$X10,$M$6:$M$29)+SUMIF($P$6:$P$29,$X10,$O$6:$O$29) -> 0
R11: =Guide!C27 -> H8 | S11: =Guide!F27 -> User defined | V11: =COUNTIF($D$6:$D$29,$R11)+COUNTIF($F$6:$F$29,$R11)+COUNTIF($H$6:$H$29,$R11)+COUNTIF($J$6:$J$29,$R11)+COUNTIF($L$6:$L$29,$R11)+COUNTIF($N$6:$N$29,$R11)+COUNTIF($P$6:$P$29,$R11) -> 0 | W11: =SUMIF($D$6:$D$29,$R11,$C$6:$C$29) +SUMIF($F$6:$F$29,$R11,$E$6:$E$29) +SUMIF($H$6:$H$29,$R11,$G$6:$G$29)+SUMIF($J$6:$J$29,$R11,$I$6:$I$29)+SUMIF($L$6:$L$29,$R11,$K$6:$K$29)+SUMIF($N$6:$N$29,$R11,$M$6:$M$29)+SUMIF($P$6:$P$29,$R11,$O$6:$O$29) -> 0 | X11: =Guide!C110 -> I8 | Y11: =Guide!F110 -> User defined | AB11: =COUNTIF($D$6:$D$29,$X11)+COUNTIF($F$6:$F$29,$X11)+COUNTIF($H$6:$H$29,$X11)+COUNTIF($J$6:$J$29,$X11)+COUNTIF($L$6:$L$29,$X11)+COUNTIF($N$6:$N$29,$X11)+COUNTIF($P$6:$P$29,$X11) -> 0 | AC11: =SUMIF($D$6:$D$29,$X11,$C$6:$C$29) +SUMIF($F$6:$F$29,$X11,$E$6:$E$29) +SUMIF($H$6:$H$29,$X11,$G$6:$G$29)+SUMIF($J$6:$J$29,$X11,$I$6:$I$29)+SUMIF($L$6:$L$29,$X11,$K$6:$K$29)+SUMIF($N$6:$N$29,$X11,$M$6:$M$29)+SUMIF($P$6:$P$29,$X11,$O$6:$O$29) -> 0
S12: =Guide!C29 -> Daily Living | X12: =Guide!C111 -> I9 | Y12: =Guide!F111 -> User defined | AB12: =COUNTIF($D$6:$D$29,$X12)+COUNTIF($F$6:$F$29,$X12)+COUNTIF($H$6:$H$29,$X12)+COUNTIF($J$6:$J$29,$X12)+COUNTIF($L$6:$L$29,$X12)+COUNTIF($N$6:$N$29,$X12)+COUNTIF($P$6:$P$29,$X12) -> 0 | AC12: =SUMIF($D$6:$D$29,$X12,$C$6:$C$29) +SUMIF($F$6:$F$29,$X12,$E$6:$E$29) +SUMIF($H$6:$H$29,$X12,$G$6:$G$29)+SUMIF($J$6:$J$29,$X12,$I$6:$I$29)+SUMIF($L$6:$L$29,$X12,$K$6:$K$29)+SUMIF($N$6:$N$29,$X12,$M$6:$M$29)+SUMIF($P$6:$P$29,$X12,$O$6:$O$29) -> 0
R13: =Guide!C30 -> L1 | S13: =Guide!F30 -> Groceries | V13: =COUNTIF($D$6:$D$29,$R13)+COUNTIF($F$6:$F$29,$R13)+COUNTIF($H$6:$H$29,$R13)+COUNTIF($J$6:$J$29,$R13)+COUNTIF($L$6:$L$29,$R13)+COUNTIF($N$6:$N$29,$R13)+COUNTIF($P$6:$P$29,$R13) -> 0 | W13: =SUMIF($D$6:$D$29,$R13,$C$6:$C$29) +SUMIF($F$6:$F$29,$R13,$E$6:$E$29) +SUMIF($H$6:$H$29,$R13,$G$6:$G$29)+SUMIF($J$6:$J$29,$R13,$I$6:$I$29)+SUMIF($L$6:$L$29,$R13,$K$6:$K$29)+SUMIF($N$6:$N$29,$R13,$M$6:$M$29)+SUMIF($P$6:$P$29,$R13,$O$6:$O$29) -> 0
R14: =Guide!C31 -> L2 | S14: =Guide!F31 -> Dining Out | V14: =COUNTIF($D$6:$D$29,$R14)+COUNTIF($F$6:$F$29,$R14)+COUNTIF($H$6:$H$29,$R14)+COUNTIF($J$6:$J$29,$R14)+COUNTIF($L$6:$L$29,$R14)+COUNTIF($N$6:$N$29,$R14)+COUNTIF($P$6:$P$29,$R14) -> 2 | W14: =SUMIF($D$6:$D$29,$R14,$C$6:$C$29) +SUMIF($F$6:$F$29,$R14,$E$6:$E$29) +SUMIF($H$6:$H$29,$R14,$G$6:$G$29)+SUMIF($J$6:$J$29,$R14,$I$6:$I$29)+SUMIF($L$6:$L$29,$R14,$K$6:$K$29)+SUMIF($N$6:$N$29,$R14,$M$6:$M$29)+SUMIF($P$6:$P$29,$R14,$O$6:$O$29) -> 7.2 | AB14: Total | AC14: =SUM(AC4:AC12) -> 0
R15: =Guide!C32 -> L3 | S15: =Guide!F32 -> Clothing | V15: =COUNTIF($D$6:$D$29,$R15)+COUNTIF($F$6:$F$29,$R15)+COUNTIF($H$6:$H$29,$R15)+COUNTIF($J$6:$J$29,$R15)+COUNTIF($L$6:$L$29,$R15)+COUNTIF($N$6:$N$29,$R15)+COUNTIF($P$6:$P$29,$R15) -> 0 | W15: =SUMIF($D$6:$D$29,$R15,$C$6:$C$29) +SUMIF($F$6:$F$29,$R15,$E$6:$E$29) +SUMIF($H$6:$H$29,$R15,$G$6:$G$29)+SUMIF($J$6:$J$29,$R15,$I$6:$I$29)+SUMIF($L$6:$L$29,$R15,$K$6:$K$29)+SUMIF($N$6:$N$29,$R15,$M$6:$M$29)+SUMIF($P$6:$P$29,$R15,$O$6:$O$29) -> 0
R16: =Guide!C33 -> L4 | S16: =Guide!F33 -> Hair | V16: =COUNTIF($D$6:$D$29,$R16)+COUNTIF($F$6:$F$29,$R16)+COUNTIF($H$6:$H$29,$R16)+COUNTIF($J$6:$J$29,$R16)+COUNTIF($L$6:$L$29,$R16)+COUNTIF($N$6:$N$29,$R16)+COUNTIF($P$6:$P$29,$R16) -> 0 | W16: =SUMIF($D$6:$D$29,$R16,$C$6:$C$29) +SUMIF($F$6:$F$29,$R16,$E$6:$E$29) +SUMIF($H$6:$H$29,$R16,$G$6:$G$29)+SUMIF($J$6:$J$29,$R16,$I$6:$I$29)+SUMIF($L$6:$L$29,$R16,$K$6:$K$29)+SUMIF($N$6:$N$29,$R16,$M$6:$M$29)+SUMIF($P$6:$P$29,$R16,$O$6:$O$29) -> 0
R17: =Guide!C34 -> L5 | S17: =Guide!F34 -> Mobile phone | V17: =COUNTIF($D$6:$D$29,$R17)+COUNTIF($F$6:$F$29,$R17)+COUNTIF($H$6:$H$29,$R17)+COUNTIF($J$6:$J$29,$R17)+COUNTIF($L$6:$L$29,$R17)+COUNTIF($N$6:$N$29,$R17)+COUNTIF($P$6:$P$29,$R17) -> 0 | W17: =SUMIF($D$6:$D$29,$R17,$C$6:$C$29) +SUMIF($F$6:$F$29,$R17,$E$6:$E$29) +SUMIF($H$6:$H$29,$R17,$G$6:$G$29)+SUMIF($J$6:$J$29,$R17,$I$6:$I$29)+SUMIF($L$6:$L$29,$R17,$K$6:$K$29)+SUMIF($N$6:$N$29,$R17,$M$6:$M$29)+SUMIF($P$6:$P$29,$R17,$O$6:$O$29) -> 0
R18: =Guide!C35 -> L6 | S18: =Guide!F35 -> other (can add own) | V18: =COUNTIF($D$6:$D$29,$R18)+COUNTIF($F$6:$F$29,$R18)+COUNTIF($H$6:$H$29,$R18)+COUNTIF($J$6:$J$29,$R18)+COUNTIF($L$6:$L$29,$R18)+COUNTIF($N$6:$N$29,$R18)+COUNTIF($P$6:$P$29,$R18) -> 0 | W18: =SUMIF($D$6:$D$29,$R18,$C$6:$C$29) +SUMIF($F$6:$F$29,$R18,$E$6:$E$29) +SUMIF($H$6:$H$29,$R18,$G$6:$G$29)+SUMIF($J$6:$J$29,$R18,$I$6:$I$29)+SUMIF($L$6:$L$29,$R18,$K$6:$K$29)+SUMIF($N$6:$N$29,$R18,$M$6:$M$29)+SUMIF($P$6:$P$29,$R18,$O$6:$O$29) -> 0
R19: =Guide!C36 -> L7 | S19: =Guide!F36 -> User defined | V19: =COUNTIF($D$6:$D$29,$R19)+COUNTIF($F$6:$F$29,$R19)+COUNTIF($H$6:$H$29,$R19)+COUNTIF($J$6:$J$29,$R19)+COUNTIF($L$6:$L$29,$R19)+COUNTIF($N$6:$N$29,$R19)+COUNTIF($P$6:$P$29,$R19) -> 0 | W19: =SUMIF($D$6:$D$29,$R19,$C$6:$C$29) +SUMIF($F$6:$F$29,$R19,$E$6:$E$29) +SUMIF($H$6:$H$29,$R19,$G$6:$G$29)+SUMIF($J$6:$J$29,$R19,$I$6:$I$29)+SUMIF($L$6:$L$29,$R19,$K$6:$K$29)+SUMIF($N$6:$N$29,$R19,$M$6:$M$29)+SUMIF($P$6:$P$29,$R19,$O$6:$O$29) -> 0
R20: =Guide!C37 -> L8 | S20: =Guide!F37 -> User defined | V20: =COUNTIF($D$6:$D$29,$R20)+COUNTIF($F$6:$F$29,$R20)+COUNTIF($H$6:$H$29,$R20)+COUNTIF($J$6:$J$29,$R20)+COUNTIF($L$6:$L$29,$R20)+COUNTIF($N$6:$N$29,$R20)+COUNTIF($P$6:$P$29,$R20) -> 0 | W20: =SUMIF($D$6:$D$29,$R20,$C$6:$C$29) +SUMIF($F$6:$F$29,$R20,$E$6:$E$29) +SUMIF($H$6:$H$29,$R20,$G$6:$G$29)+SUMIF($J$6:$J$29,$R20,$I$6:$I$29)+SUMIF($L$6:$L$29,$R20,$K$6:$K$29)+SUMIF($N$6:$N$29,$R20,$M$6:$M$29)+SUMIF($P$6:$P$29,$R20,$O$6:$O$29) -> 0
R21: =Guide!C38 -> L9 | S21: =Guide!F38 -> User defined | V21: =COUNTIF($D$6:$D$29,$R21)+COUNTIF($F$6:$F$29,$R21)+COUNTIF($H$6:$H$29,$R21)+COUNTIF($J$6:$J$29,$R21)+COUNTIF($L$6:$L$29,$R21)+COUNTIF($N$6:$N$29,$R21)+COUNTIF($P$6:$P$29,$R21) -> 0 | W21: =SUMIF($D$6:$D$29,$R21,$C$6:$C$29) +SUMIF($F$6:$F$29,$R21,$E$6:$E$29) +SUMIF($H$6:$H$29,$R21,$G$6:$G$29)+SUMIF($J$6:$J$29,$R21,$I$6:$I$29)+SUMIF($L$6:$L$29,$R21,$K$6:$K$29)+SUMIF($N$6:$N$29,$R21,$M$6:$M$29)+SUMIF($P$6:$P$29,$R21,$O$6:$O$29) -> 0
S22: =Guide!C40 -> Home
R23: =Guide!C41 -> B1 | S23: =Guide!F41 -> Mortgage / Rent | V23: =COUNTIF($D$6:$D$29,$R23)+COUNTIF($F$6:$F$29,$R23)+COUNTIF($H$6:$H$29,$R23)+COUNTIF($J$6:$J$29,$R23)+COUNTIF($L$6:$L$29,$R23)+COUNTIF($N$6:$N$29,$R23)+COUNTIF($P$6:$P$29,$R23) -> 0 | W23: =SUMIF($D$6:$D$29,$R23,$C$6:$C$29) +SUMIF($F$6:$F$29,$R23,$E$6:$E$29) +SUMIF($H$6:$H$29,$R23,$G$6:$G$29)+SUMIF($J$6:$J$29,$R23,$I$6:$I$29)+SUMIF($L$6:$L$29,$R23,$K$6:$K$29)+SUMIF($N$6:$N$29,$R23,$M$6:$M$29)+SUMIF($P$6:$P$29,$R23,$O$6:$O$29) -> 0
R24: =Guide!C42 -> B2 | S24: =Guide!F42 -> Buildings Insurance | V24: =COUNTIF($D$6:$D$29,$R24)+COUNTIF($F$6:$F$29,$R24)+COUNTIF($H$6:$H$29,$R24)+COUNTIF($J$6:$J$29,$R24)+COUNTIF($L$6:$L$29,$R24)+COUNTIF($N$6:$N$29,$R24)+COUNTIF($P$6:$P$29,$R24) -> 0 | W24: =SUMIF($D$6:$D$29,$R24,$C$6:$C$29) +SUMIF($F$6:$F$29,$R24,$E$6:$E$29) +SUMIF($H$6:$H$29,$R24,$G$6:$G$29)+SUMIF($J$6:$J$29,$R24,$I$6:$I$29)+SUMIF($L$6:$L$29,$R24,$K$6:$K$29)+SUMIF($N$6:$N$29,$R24,$M$6:$M$29)+SUMIF($P$6:$P$29,$R24,$O$6:$O$29) -> 0
R25: =Guide!C43 -> B3 | S25: =Guide!F43 -> Electricity | V25: =COUNTIF($D$6:$D$29,$R25)+COUNTIF($F$6:$F$29,$R25)+COUNTIF($H$6:$H$29,$R25)+COUNTIF($J$6:$J$29,$R25)+COUNTIF($L$6:$L$29,$R25)+COUNTIF($N$6:$N$29,$R25)+COUNTIF($P$6:$P$29,$R25) -> 0 | W25: =SUMIF($D$6:$D$29,$R25,$C$6:$C$29) +SUMIF($F$6:$F$29,$R25,$E$6:$E$29) +SUMIF($H$6:$H$29,$R25,$G$6:$G$29)+SUMIF($J$6:$J$29,$R25,$I$6:$I$29)+SUMIF($L$6:$L$29,$R25,$K$6:$K$29)+SUMIF($N$6:$N$29,$R25,$M$6:$M$29)+SUMIF($P$6:$P$29,$R25,$O$6:$O$29) -> 0
R26: =Guide!C44 -> B4 | S26: =Guide!F44 -> Gas / oil | V26: =COUNTIF($D$6:$D$29,$R26)+COUNTIF($F$6:$F$29,$R26)+COUNTIF($H$6:$H$29,$R26)+COUNTIF($J$6:$J$29,$R26)+COUNTIF($L$6:$L$29,$R26)+COUNTIF($N$6:$N$29,$R26)+COUNTIF($P$6:$P$29,$R26) -> 0 | W26: =SUMIF($D$6:$D$29,$R26,$C$6:$C$29) +SUMIF($F$6:$F$29,$R26,$E$6:$E$29) +SUMIF($H$6:$H$29,$R26,$G$6:$G$29)+SUMIF($J$6:$J$29,$R26,$I$6:$I$29)+SUMIF($L$6:$L$29,$R26,$K$6:$K$29)+SUMIF($N$6:$N$29,$R26,$M$6:$M$29)+SUMIF($P$6:$P$29,$R26,$O$6:$O$29) -> 0
R27: =Guide!C45 -> B5 | S27: =Guide!F45 -> Water / Sewer / Trash | V27: =COUNTIF($D$6:$D$29,$R27)+COUNTIF($F$6:$F$29,$R27)+COUNTIF($H$6:$H$29,$R27)+COUNTIF($J$6:$J$29,$R27)+COUNTIF($L$6:$L$29,$R27)+COUNTIF($N$6:$N$29,$R27)+COUNTIF($P$6:$P$29,$R27) -> 0 | W27: =SUMIF($D$6:$D$29,$R27,$C$6:$C$29) +SUMIF($F$6:$F$29,$R27,$E$6:$E$29) +SUMIF($H$6:$H$29,$R27,$G$6:$G$29)+SUMIF($J$6:$J$29,$R27,$I$6:$I$29)+SUMIF($L$6:$L$29,$R27,$K$6:$K$29)+SUMIF($N$6:$N$29,$R27,$M$6:$M$29)+SUMIF($P$6:$P$29,$R27,$O$6:$O$29) -> 0
R28: =Guide!C46 -> B6 | S28: =Guide!F46 -> Land line | V28: =COUNTIF($D$6:$D$29,$R28)+COUNTIF($F$6:$F$29,$R28)+COUNTIF($H$6:$H$29,$R28)+COUNTIF($J$6:$J$29,$R28)+COUNTIF($L$6:$L$29,$R28)+COUNTIF($N$6:$N$29,$R28)+COUNTIF($P$6:$P$29,$R28) -> 0 | W28: =SUMIF($D$6:$D$29,$R28,$C$6:$C$29) +SUMIF($F$6:$F$29,$R28,$E$6:$E$29) +SUMIF($H$6:$H$29,$R28,$G$6:$G$29)+SUMIF($J$6:$J$29,$R28,$I$6:$I$29)+SUMIF($L$6:$L$29,$R28,$K$6:$K$29)+SUMIF($N$6:$N$29,$R28,$M$6:$M$29)+SUMIF($P$6:$P$29,$R28,$O$6:$O$29) -> 0
R29: =Guide!C47 -> B7 | S29: =Guide!F47 -> TV | V29: =COUNTIF($D$6:$D$29,$R29)+COUNTIF($F$6:$F$29,$R29)+COUNTIF($H$6:$H$29,$R29)+COUNTIF($J$6:$J$29,$R29)+COUNTIF($L$6:$L$29,$R29)+COUNTIF($N$6:$N$29,$R29)+COUNTIF($P$6:$P$29,$R29) -> 0 | W29: =SUMIF($D$6:$D$29,$R29,$C$6:$C$29) +SUMIF($F$6:$F$29,$R29,$E$6:$E$29) +SUMIF($H$6:$H$29,$R29,$G$6:$G$29)+SUMIF($J$6:$J$29,$R29,$I$6:$I$29)+SUMIF($L$6:$L$29,$R29,$K$6:$K$29)+SUMIF($N$6:$N$29,$R29,$M$6:$M$29)+SUMIF($P$6:$P$29,$R29,$O$6:$O$29) -> 0
C30: DO NOT ADD ROWS BELOW THIS OR THEY WONT BE INCLUDED IN THE CALCULATIONS | R30: =Guide!C48 -> B8 | S30: =Guide!F48 -> Internet | V30: =COUNTIF($D$6:$D$29,$R30)+COUNTIF($F$6:$F$29,$R30)+COUNTIF($H$6:$H$29,$R30)+COUNTIF($J$6:$J$29,$R30)+COUNTIF($L$6:$L$29,$R30)+COUNTIF($N$6:$N$29,$R30)+COUNTIF($P$6:$P$29,$R30) -> 0 | W30: =SUMIF($D$6:$D$29,$R30,$C$6:$C$29) +SUMIF($F$6:$F$29,$R30,$E$6:$E$29) +SUMIF($H$6:$H$29,$R30,$G$6:$G$29)+SUMIF($J$6:$J$29,$R30,$I$6:$I$29)+SUMIF($L$6:$L$29,$R30,$K$6:$K$29)+SUMIF($N$6:$N$29,$R30,$M$6:$M$29)+SUMIF($P$6:$P$29,$R30,$O$6:$O$29) -> 0
D31: To add more rows, select a row starting at column C ending at column P. | R31: =Guide!C49 -> B9 | S31: =Guide!F49 -> Maintenance | V31: =COUNTIF($D$6:$D$29,$R31)+COUNTIF($F$6:$F$29,$R31)+COUNTIF($H$6:$H$29,$R31)+COUNTIF($J$6:$J$29,$R31)+COUNTIF($L$6:$L$29,$R31)+COUNTIF($N$6:$N$29,$R31)+COUNTIF($P$6:$P$29,$R31) -> 0 | W31: =SUMIF($D$6:$D$29,$R31,$C$6:$C$29) +SUMIF($F$6:$F$29,$R31,$E$6:$E$29) +SUMIF($H$6:$H$29,$R31,$G$6:$G$29)+SUMIF($J$6:$J$29,$R31,$I$6:$I$29)+SUMIF($L$6:$L$29,$R31,$K$6:$K$29)+SUMIF($N$6:$N$29,$R31,$M$6:$M$29)+SUMIF($P$6:$P$29,$R31,$O$6:$O$29) -> 0
D32: Then press right click and choose insert and Ok (shift cells down). | R32: =Guide!C50 -> B10 | S32: =Guide!F50 -> other (can add own) | V32: =COUNTIF($D$6:$D$29,$R32)+COUNTIF($F$6:$F$29,$R32)+COUNTIF($H$6:$H$29,$R32)+COUNTIF($J$6:$J$29,$R32)+COUNTIF($L$6:$L$29,$R32)+COUNTIF($N$6:$N$29,$R32)+COUNTIF($P$6:$P$29,$R32) -> 0 | W32: =SUMIF($D$6:$D$29,$R32,$C$6:$C$29) +SUMIF($F$6:$F$29,$R32,$E$6:$E$29) +SUMIF($H$6:$H$29,$R32,$G$6:$G$29)+SUMIF($J$6:$J$29,$R32,$I$6:$I$29)+SUMIF($L$6:$L$29,$R32,$K$6:$K$29)+SUMIF($N$6:$N$29,$R32,$M$6:$M$29)+SUMIF($P$6:$P$29,$R32,$O$6:$O$29) -> 0
R33: =Guide!C51 -> B11 | S33: =Guide!F51 -> Council Tax | V33: =COUNTIF($D$6:$D$29,$R33)+COUNTIF($F$6:$F$29,$R33)+COUNTIF($H$6:$H$29,$R33)+COUNTIF($J$6:$J$29,$R33)+COUNTIF($L$6:$L$29,$R33)+COUNTIF($N$6:$N$29,$R33)+COUNTIF($P$6:$P$29,$R33) -> 0 | W33: =SUMIF($D$6:$D$29,$R33,$C$6:$C$29) +SUMIF($F$6:$F$29,$R33,$E$6:$E$29) +SUMIF($H$6:$H$29,$R33,$G$6:$G$29)+SUMIF($J$6:$J$29,$R33,$I$6:$I$29)+SUMIF($L$6:$L$29,$R33,$K$6:$K$29)+SUMIF($N$6:$N$29,$R33,$M$6:$M$29)+SUMIF($P$6:$P$29,$R33,$O$6:$O$29) -> 0
R34: =Guide!C52 -> B12 | S34: =Guide!F52 -> User defined | V34: =COUNTIF($D$6:$D$29,$R34)+COUNTIF($F$6:$F$29,$R34)+COUNTIF($H$6:$H$29,$R34)+COUNTIF($J$6:$J$29,$R34)+COUNTIF($L$6:$L$29,$R34)+COUNTIF($N$6:$N$29,$R34)+COUNTIF($P$6:$P$29,$R34) -> 0 | W34: =SUMIF($D$6:$D$29,$R34,$C$6:$C$29) +SUMIF($F$6:$F$29,$R34,$E$6:$E$29) +SUMIF($H$6:$H$29,$R34,$G$6:$G$29)+SUMIF($J$6:$J$29,$R34,$I$6:$I$29)+SUMIF($L$6:$L$29,$R34,$K$6:$K$29)+SUMIF($N$6:$N$29,$R34,$M$6:$M$29)+SUMIF($P$6:$P$29,$R34,$O$6:$O$29) -> 0
D35: Weekly Income | R35: =Guide!C53 -> B13 | S35: =Guide!F53 -> User defined | V35: =COUNTIF($D$6:$D$29,$R35)+COUNTIF($F$6:$F$29,$R35)+COUNTIF($H$6:$H$29,$R35)+COUNTIF($J$6:$J$29,$R35)+COUNTIF($L$6:$L$29,$R35)+COUNTIF($N$6:$N$29,$R35)+COUNTIF($P$6:$P$29,$R35) -> 0 | W35: =SUMIF($D$6:$D$29,$R35,$C$6:$C$29) +SUMIF($F$6:$F$29,$R35,$E$6:$E$29) +SUMIF($H$6:$H$29,$R35,$G$6:$G$29)+SUMIF($J$6:$J$29,$R35,$I$6:$I$29)+SUMIF($L$6:$L$29,$R35,$K$6:$K$29)+SUMIF($N$6:$N$29,$R35,$M$6:$M$29)+SUMIF($P$6:$P$29,$R35,$O$6:$O$29) -> 0
H36: =AC14 -> 0 | I36: =Guide!D14 -> GBP | J36: BALANCE | L36: =H36-H38 -> -63.7 | S36: =Guide!C55 -> Transportation
R37: =Guide!C56 -> T1 | S37: =Guide!F56 -> Fuel | V37: =COUNTIF($D$6:$D$29,$R37)+COUNTIF($F$6:$F$29,$R37)+COUNTIF($H$6:$H$29,$R37)+COUNTIF($J$6:$J$29,$R37)+COUNTIF($L$6:$L$29,$R37)+COUNTIF($N$6:$N$29,$R37)+COUNTIF($P$6:$P$29,$R37) -> 0 | W37: =SUMIF($D$6:$D$29,$R37,$C$6:$C$29) +SUMIF($F$6:$F$29,$R37,$E$6:$E$29) +SUMIF($H$6:$H$29,$R37,$G$6:$G$29)+SUMIF($J$6:$J$29,$R37,$I$6:$I$29)+SUMIF($L$6:$L$29,$R37,$K$6:$K$29)+SUMIF($N$6:$N$29,$R37,$M$6:$M$29)+SUMIF($P$6:$P$29,$R37,$O$6:$O$29) -> 0
D38: Weekly Expenses | H38: =W78 -> 63.7 | I38: =Guide!D14 -> GBP | R38: =Guide!C57 -> T2 | S38: =Guide!F57 -> Insurance | V38: =COUNTIF($D$6:$D$29,$R38)+COUNTIF($F$6:$F$29,$R38)+COUNTIF($H$6:$H$29,$R38)+COUNTIF($J$6:$J$29,$R38)+COUNTIF($L$6:$L$29,$R38)+COUNTIF($N$6:$N$29,$R38)+COUNTIF($P$6:$P$29,$R38) -> 0 | W38: =SUMIF($D$6:$D$29,$R38,$C$6:$C$29) +SUMIF($F$6:$F$29,$R38,$E$6:$E$29) +SUMIF($H$6:$H$29,$R38,$G$6:$G$29)+SUMIF($J$6:$J$29,$R38,$I$6:$I$29)+SUMIF($L$6:$L$29,$R38,$K$6:$K$29)+SUMIF($N$6:$N$29,$R38,$M$6:$M$29)+SUMIF($P$6:$P$29,$R38,$O$6:$O$29) -> 0
R39: =Guide!C58 -> T3 | S39: =Guide!F58 -> Registration / Licence | V39: =COUNTIF($D$6:$D$29,$R39)+COUNTIF($F$6:$F$29,$R39)+COUNTIF($H$6:$H$29,$R39)+COUNTIF($J$6:$J$29,$R39)+COUNTIF($L$6:$L$29,$R39)+COUNTIF($N$6:$N$29,$R39)+COUNTIF($P$6:$P$29,$R39) -> 0 | W39: =SUMIF($D$6:$D$29,$R39,$C$6:$C$29) +SUMIF($F$6:$F$29,$R39,$E$6:$E$29) +SUMIF($H$6:$H$29,$R39,$G$6:$G$29)+SUMIF($J$6:$J$29,$R39,$I$6:$I$29)+SUMIF($L$6:$L$29,$R39,$K$6:$K$29)+SUMIF($N$6:$N$29,$R39,$M$6:$M$29)+SUMIF($P$6:$P$29,$R39,$O$6:$O$29) -> 0
R40: =Guide!C59 -> T4 | S40: =Guide!F59 -> Maintenance | V40: =COUNTIF($D$6:$D$29,$R40)+COUNTIF($F$6:$F$29,$R40)+COUNTIF($H$6:$H$29,$R40)+COUNTIF($J$6:$J$29,$R40)+COUNTIF($L$6:$L$29,$R40)+COUNTIF($N$6:$N$29,$R40)+COUNTIF($P$6:$P$29,$R40) -> 0 | W40: =SUMIF($D$6:$D$29,$R40,$C$6:$C$29) +SUMIF($F$6:$F$29,$R40,$E$6:$E$29) +SUMIF($H$6:$H$29,$R40,$G$6:$G$29)+SUMIF($J$6:$J$29,$R40,$I$6:$I$29)+SUMIF($L$6:$L$29,$R40,$K$6:$K$29)+SUMIF($N$6:$N$29,$R40,$M$6:$M$29)+SUMIF($P$6:$P$29,$R40,$O$6:$O$29) -> 0
R41: =Guide!C60 -> T5 | S41: =Guide!F60 -> Public transport | V41: =COUNTIF($D$6:$D$29,$R41)+COUNTIF($F$6:$F$29,$R41)+COUNTIF($H$6:$H$29,$R41)+COUNTIF($J$6:$J$29,$R41)+COUNTIF($L$6:$L$29,$R41)+COUNTIF($N$6:$N$29,$R41)+COUNTIF($P$6:$P$29,$R41) -> 0 | W41: =SUMIF($D$6:$D$29,$R41,$C$6:$C$29) +SUMIF($F$6:$F$29,$R41,$E$6:$E$29) +SUMIF($H$6:$H$29,$R41,$G$6:$G$29)+SUMIF($J$6:$J$29,$R41,$I$6:$I$29)+SUMIF($L$6:$L$29,$R41,$K$6:$K$29)+SUMIF($N$6:$N$29,$R41,$M$6:$M$29)+SUMIF($P$6:$P$29,$R41,$O$6:$O$29) -> 0
R42: =Guide!C61 -> T6 | S42: =Guide!F61 -> Vehicle payments | V42: =COUNTIF($D$6:$D$29,$R42)+COUNTIF($F$6:$F$29,$R42)+COUNTIF($H$6:$H$29,$R42)+COUNTIF($J$6:$J$29,$R42)+COUNTIF($L$6:$L$29,$R42)+COUNTIF($N$6:$N$29,$R42)+COUNTIF($P$6:$P$29,$R42) -> 0 | W42: =SUMIF($D$6:$D$29,$R42,$C$6:$C$29) +SUMIF($F$6:$F$29,$R42,$E$6:$E$29) +SUMIF($H$6:$H$29,$R42,$G$6:$G$29)+SUMIF($J$6:$J$29,$R42,$I$6:$I$29)+SUMIF($L$6:$L$29,$R42,$K$6:$K$29)+SUMIF($N$6:$N$29,$R42,$M$6:$M$29)+SUMIF($P$6:$P$29,$R42,$O$6:$O$29) -> 0
R43: =Guide!C62 -> T7 | S43: =Guide!F62 -> other (can add own) | V43: =COUNTIF($D$6:$D$29,$R43)+COUNTIF($F$6:$F$29,$R43)+COUNTIF($H$6:$H$29,$R43)+COUNTIF($J$6:$J$29,$R43)+COUNTIF($L$6:$L$29,$R43)+COUNTIF($N$6:$N$29,$R43)+COUNTIF($P$6:$P$29,$R43) -> 0 | W43: =SUMIF($D$6:$D$29,$R43,$C$6:$C$29) +SUMIF($F$6:$F$29,$R43,$E$6:$E$29) +SUMIF($H$6:$H$29,$R43,$G$6:$G$29)+SUMIF($J$6:$J$29,$R43,$I$6:$I$29)+SUMIF($L$6:$L$29,$R43,$K$6:$K$29)+SUMIF($N$6:$N$29,$R43,$M$6:$M$29)+SUMIF($P$6:$P$29,$R43,$O$6:$O$29) -> 0
R44: =Guide!C63 -> T8 | S44: =Guide!F63 -> Parking | V44: =COUNTIF($D$6:$D$29,$R44)+COUNTIF($F$6:$F$29,$R44)+COUNTIF($H$6:$H$29,$R44)+COUNTIF($J$6:$J$29,$R44)+COUNTIF($L$6:$L$29,$R44)+COUNTIF($N$6:$N$29,$R44)+COUNTIF($P$6:$P$29,$R44) -> 0 | W44: =SUMIF($D$6:$D$29,$R44,$C$6:$C$29) +SUMIF($F$6:$F$29,$R44,$E$6:$E$29) +SUMIF($H$6:$H$29,$R44,$G$6:$G$29)+SUMIF($J$6:$J$29,$R44,$I$6:$I$29)+SUMIF($L$6:$L$29,$R44,$K$6:$K$29)+SUMIF($N$6:$N$29,$R44,$M$6:$M$29)+SUMIF($P$6:$P$29,$R44,$O$6:$O$29) -> 0
R45: =Guide!C64 -> T9 | S45: =Guide!F64 -> User defined | V45: =COUNTIF($D$6:$D$29,$R45)+COUNTIF($F$6:$F$29,$R45)+COUNTIF($H$6:$H$29,$R45)+COUNTIF($J$6:$J$29,$R45)+COUNTIF($L$6:$L$29,$R45)+COUNTIF($N$6:$N$29,$R45)+COUNTIF($P$6:$P$29,$R45) -> 0 | W45: =SUMIF($D$6:$D$29,$R45,$C$6:$C$29) +SUMIF($F$6:$F$29,$R45,$E$6:$E$29) +SUMIF($H$6:$H$29,$R45,$G$6:$G$29)+SUMIF($J$6:$J$29,$R45,$I$6:$I$29)+SUMIF($L$6:$L$29,$R45,$K$6:$K$29)+SUMIF($N$6:$N$29,$R45,$M$6:$M$29)+SUMIF($P$6:$P$29,$R45,$O$6:$O$29) -> 0
R46: =Guide!C65 -> T10 | S46: =Guide!F65 -> User defined | V46: =COUNTIF($D$6:$D$29,$R46)+COUNTIF($F$6:$F$29,$R46)+COUNTIF($H$6:$H$29,$R46)+COUNTIF($J$6:$J$29,$R46)+COUNTIF($L$6:$L$29,$R46)+COUNTIF($N$6:$N$29,$R46)+COUNTIF($P$6:$P$29,$R46) -> 0 | W46: =SUMIF($D$6:$D$29,$R46,$C$6:$C$29) +SUMIF($F$6:$F$29,$R46,$E$6:$E$29) +SUMIF($H$6:$H$29,$R46,$G$6:$G$29)+SUMIF($J$6:$J$29,$R46,$I$6:$I$29)+SUMIF($L$6:$L$29,$R46,$K$6:$K$29)+SUMIF($N$6:$N$29,$R46,$M$6:$M$29)+SUMIF($P$6:$P$29,$R46,$O$6:$O$29) -> 0
S47: =Guide!C67 -> Education
R48: =Guide!C68 -> D1 | S48: =Guide!F68 -> Books | V48: =COUNTIF($D$6:$D$29,$R48)+COUNTIF($F$6:$F$29,$R48)+COUNTIF($H$6:$H$29,$R48)+COUNTIF($J$6:$J$29,$R48)+COUNTIF($L$6:$L$29,$R48)+COUNTIF($N$6:$N$29,$R48)+COUNTIF($P$6:$P$29,$R48) -> 0 | W48: =SUMIF($D$6:$D$29,$R48,$C$6:$C$29) +SUMIF($F$6:$F$29,$R48,$E$6:$E$29) +SUMIF($H$6:$H$29,$R48,$G$6:$G$29)+SUMIF($J$6:$J$29,$R48,$I$6:$I$29)+SUMIF($L$6:$L$29,$R48,$K$6:$K$29)+SUMIF($N$6:$N$29,$R48,$M$6:$M$29)+SUMIF($P$6:$P$29,$R48,$O$6:$O$29) -> 0
R49: =Guide!C69 -> D2 | S49: =Guide!F69 -> Fees | V49: =COUNTIF($D$6:$D$29,$R49)+COUNTIF($F$6:$F$29,$R49)+COUNTIF($H$6:$H$29,$R49)+COUNTIF($J$6:$J$29,$R49)+COUNTIF($L$6:$L$29,$R49)+COUNTIF($N$6:$N$29,$R49)+COUNTIF($P$6:$P$29,$R49) -> 0 | W49: =SUMIF($D$6:$D$29,$R49,$C$6:$C$29) +SUMIF($F$6:$F$29,$R49,$E$6:$E$29) +SUMIF($H$6:$H$29,$R49,$G$6:$G$29)+SUMIF($J$6:$J$29,$R49,$I$6:$I$29)+SUMIF($L$6:$L$29,$R49,$K$6:$K$29)+SUMIF($N$6:$N$29,$R49,$M$6:$M$29)+SUMIF($P$6:$P$29,$R49,$O$6:$O$29) -> 0
R50: =Guide!C70 -> D3 | S50: =Guide!F70 -> Exams | V50: =COUNTIF($D$6:$D$29,$R50)+COUNTIF($F$6:$F$29,$R50)+COUNTIF($H$6:$H$29,$R50)+COUNTIF($J$6:$J$29,$R50)+COUNTIF($L$6:$L$29,$R50)+COUNTIF($N$6:$N$29,$R50)+COUNTIF($P$6:$P$29,$R50) -> 0 | W50: =SUMIF($D$6:$D$29,$R50,$C$6:$C$29) +SUMIF($F$6:$F$29,$R50,$E$6:$E$29) +SUMIF($H$6:$H$29,$R50,$G$6:$G$29)+SUMIF($J$6:$J$29,$R50,$I$6:$I$29)+SUMIF($L$6:$L$29,$R50,$K$6:$K$29)+SUMIF($N$6:$N$29,$R50,$M$6:$M$29)+SUMIF($P$6:$P$29,$R50,$O$6:$O$29) -> 0
R51: =Guide!C71 -> D4 | S51: =Guide!F71 -> Materials | V51: =COUNTIF($D$6:$D$29,$R51)+COUNTIF($F$6:$F$29,$R51)+COUNTIF($H$6:$H$29,$R51)+COUNTIF($J$6:$J$29,$R51)+COUNTIF($L$6:$L$29,$R51)+COUNTIF($N$6:$N$29,$R51)+COUNTIF($P$6:$P$29,$R51) -> 0 | W51: =SUMIF($D$6:$D$29,$R51,$C$6:$C$29) +SUMIF($F$6:$F$29,$R51,$E$6:$E$29) +SUMIF($H$6:$H$29,$R51,$G$6:$G$29)+SUMIF($J$6:$J$29,$R51,$I$6:$I$29)+SUMIF($L$6:$L$29,$R51,$K$6:$K$29)+SUMIF($N$6:$N$29,$R51,$M$6:$M$29)+SUMIF($P$6:$P$29,$R51,$O$6:$O$29) -> 0
R52: =Guide!C72 -> D5 | S52: =Guide!F72 -> other (can add own) | V52: =COUNTIF($D$6:$D$29,$R52)+COUNTIF($F$6:$F$29,$R52)+COUNTIF($H$6:$H$29,$R52)+COUNTIF($J$6:$J$29,$R52)+COUNTIF($L$6:$L$29,$R52)+COUNTIF($N$6:$N$29,$R52)+COUNTIF($P$6:$P$29,$R52) -> 0 | W52: =SUMIF($D$6:$D$29,$R52,$C$6:$C$29) +SUMIF($F$6:$F$29,$R52,$E$6:$E$29) +SUMIF($H$6:$H$29,$R52,$G$6:$G$29)+SUMIF($J$6:$J$29,$R52,$I$6:$I$29)+SUMIF($L$6:$L$29,$R52,$K$6:$K$29)+SUMIF($N$6:$N$29,$R52,$M$6:$M$29)+SUMIF($P$6:$P$29,$R52,$O$6:$O$29) -> 0
R53: =Guide!C73 -> D6 | S53: =Guide!F73 -> User defined | V53: =COUNTIF($D$6:$D$29,$R53)+COUNTIF($F$6:$F$29,$R53)+COUNTIF($H$6:$H$29,$R53)+COUNTIF($J$6:$J$29,$R53)+COUNTIF($L$6:$L$29,$R53)+COUNTIF($N$6:$N$29,$R53)+COUNTIF($P$6:$P$29,$R53) -> 0 | W53: =SUMIF($D$6:$D$29,$R53,$C$6:$C$29) +SUMIF($F$6:$F$29,$R53,$E$6:$E$29) +SUMIF($H$6:$H$29,$R53,$G$6:$G$29)+SUMIF($J$6:$J$29,$R53,$I$6:$I$29)+SUMIF($L$6:$L$29,$R53,$K$6:$K$29)+SUMIF($N$6:$N$29,$R53,$M$6:$M$29)+SUMIF($P$6:$P$29,$R53,$O$6:$O$29) -> 0
R54: =Guide!C74 -> D7 | S54: =Guide!F74 -> User defined | V54: =COUNTIF($D$6:$D$29,$R54)+COUNTIF($F$6:$F$29,$R54)+COUNTIF($H$6:$H$29,$R54)+COUNTIF($J$6:$J$29,$R54)+COUNTIF($L$6:$L$29,$R54)+COUNTIF($N$6:$N$29,$R54)+COUNTIF($P$6:$P$29,$R54) -> 0 | W54: =SUMIF($D$6:$D$29,$R54,$C$6:$C$29) +SUMIF($F$6:$F$29,$R54,$E$6:$E$29) +SUMIF($H$6:$H$29,$R54,$G$6:$G$29)+SUMIF($J$6:$J$29,$R54,$I$6:$I$29)+SUMIF($L$6:$L$29,$R54,$K$6:$K$29)+SUMIF($N$6:$N$29,$R54,$M$6:$M$29)+SUMIF($P$6:$P$29,$R54,$O$6:$O$29) -> 0
R55: =Guide!C75 -> D8 | S55: =Guide!F75 -> User defined | V55: =COUNTIF($D$6:$D$29,$R55)+COUNTIF($F$6:$F$29,$R55)+COUNTIF($H$6:$H$29,$R55)+COUNTIF($J$6:$J$29,$R55)+COUNTIF($L$6:$L$29,$R55)+COUNTIF($N$6:$N$29,$R55)+COUNTIF($P$6:$P$29,$R55) -> 0 | W55: =SUMIF($D$6:$D$29,$R55,$C$6:$C$29) +SUMIF($F$6:$F$29,$R55,$E$6:$E$29) +SUMIF($H$6:$H$29,$R55,$G$6:$G$29)+SUMIF($J$6:$J$29,$R55,$I$6:$I$29)+SUMIF($L$6:$L$29,$R55,$K$6:$K$29)+SUMIF($N$6:$N$29,$R55,$M$6:$M$29)+SUMIF($P$6:$P$29,$R55,$O$6:$O$29) -> 0
S56: =Guide!C77 -> Entertainment
R57: =Guide!C78 -> E1 | S57: =Guide!F78 -> Movies | V57: =COUNTIF($D$6:$D$29,$R57)+COUNTIF($F$6:$F$29,$R57)+COUNTIF($H$6:$H$29,$R57)+COUNTIF($J$6:$J$29,$R57)+COUNTIF($L$6:$L$29,$R57)+COUNTIF($N$6:$N$29,$R57)+COUNTIF($P$6:$P$29,$R57) -> 0 | W57: =SUMIF($D$6:$D$29,$R57,$C$6:$C$29) +SUMIF($F$6:$F$29,$R57,$E$6:$E$29) +SUMIF($H$6:$H$29,$R57,$G$6:$G$29)+SUMIF($J$6:$J$29,$R57,$I$6:$I$29)+SUMIF($L$6:$L$29,$R57,$K$6:$K$29)+SUMIF($N$6:$N$29,$R57,$M$6:$M$29)+SUMIF($P$6:$P$29,$R57,$O$6:$O$29) -> 0
R58: =Guide!C79 -> E2 | S58: =Guide!F79 -> Computer | V58: =COUNTIF($D$6:$D$29,$R58)+COUNTIF($F$6:$F$29,$R58)+COUNTIF($H$6:$H$29,$R58)+COUNTIF($J$6:$J$29,$R58)+COUNTIF($L$6:$L$29,$R58)+COUNTIF($N$6:$N$29,$R58)+COUNTIF($P$6:$P$29,$R58) -> 0 | W58: =SUMIF($D$6:$D$29,$R58,$C$6:$C$29) +SUMIF($F$6:$F$29,$R58,$E$6:$E$29) +SUMIF($H$6:$H$29,$R58,$G$6:$G$29)+SUMIF($J$6:$J$29,$R58,$I$6:$I$29)+SUMIF($L$6:$L$29,$R58,$K$6:$K$29)+SUMIF($N$6:$N$29,$R58,$M$6:$M$29)+SUMIF($P$6:$P$29,$R58,$O$6:$O$29) -> 0
R59: =Guide!C80 -> E3 | S59: =Guide!F80 -> Books and Magazines | V59: =COUNTIF($D$6:$D$29,$R59)+COUNTIF($F$6:$F$29,$R59)+COUNTIF($H$6:$H$29,$R59)+COUNTIF($J$6:$J$29,$R59)+COUNTIF($L$6:$L$29,$R59)+COUNTIF($N$6:$N$29,$R59)+COUNTIF($P$6:$P$29,$R59) -> 0 | W59: =SUMIF($D$6:$D$29,$R59,$C$6:$C$29) +SUMIF($F$6:$F$29,$R59,$E$6:$E$29) +SUMIF($H$6:$H$29,$R59,$G$6:$G$29)+SUMIF($J$6:$J$29,$R59,$I$6:$I$29)+SUMIF($L$6:$L$29,$R59,$K$6:$K$29)+SUMIF($N$6:$N$29,$R59,$M$6:$M$29)+SUMIF($P$6:$P$29,$R59,$O$6:$O$29) -> 0
R60: =Guide!C81 -> E4 | S60: =Guide!F81 -> Hobbies | V60: =COUNTIF($D$6:$D$29,$R60)+COUNTIF($F$6:$F$29,$R60)+COUNTIF($H$6:$H$29,$R60)+COUNTIF($J$6:$J$29,$R60)+COUNTIF($L$6:$L$29,$R60)+COUNTIF($N$6:$N$29,$R60)+COUNTIF($P$6:$P$29,$R60) -> 0 | W60: =SUMIF($D$6:$D$29,$R60,$C$6:$C$29) +SUMIF($F$6:$F$29,$R60,$E$6:$E$29) +SUMIF($H$6:$H$29,$R60,$G$6:$G$29)+SUMIF($J$6:$J$29,$R60,$I$6:$I$29)+SUMIF($L$6:$L$29,$R60,$K$6:$K$29)+SUMIF($N$6:$N$29,$R60,$M$6:$M$29)+SUMIF($P$6:$P$29,$R60,$O$6:$O$29) -> 0
R61: =Guide!C82 -> E5 | S61: =Guide!F82 -> Holidays | V61: =COUNTIF($D$6:$D$29,$R61)+COUNTIF($F$6:$F$29,$R61)+COUNTIF($H$6:$H$29,$R61)+COUNTIF($J$6:$J$29,$R61)+COUNTIF($L$6:$L$29,$R61)+COUNTIF($N$6:$N$29,$R61)+COUNTIF($P$6:$P$29,$R61) -> 0 | W61: =SUMIF($D$6:$D$29,$R61,$C$6:$C$29) +SUMIF($F$6:$F$29,$R61,$E$6:$E$29) +SUMIF($H$6:$H$29,$R61,$G$6:$G$29)+SUMIF($J$6:$J$29,$R61,$I$6:$I$29)+SUMIF($L$6:$L$29,$R61,$K$6:$K$29)+SUMIF($N$6:$N$29,$R61,$M$6:$M$29)+SUMIF($P$6:$P$29,$R61,$O$6:$O$29) -> 0
R62: =Guide!C83 -> E6 | S62: =Guide!F83 -> other (can add own) | V62: =COUNTIF($D$6:$D$29,$R62)+COUNTIF($F$6:$F$29,$R62)+COUNTIF($H$6:$H$29,$R62)+COUNTIF($J$6:$J$29,$R62)+COUNTIF($L$6:$L$29,$R62)+COUNTIF($N$6:$N$29,$R62)+COUNTIF($P$6:$P$29,$R62) -> 0 | W62: =SUMIF($D$6:$D$29,$R62,$C$6:$C$29) +SUMIF($F$6:$F$29,$R62,$E$6:$E$29) +SUMIF($H$6:$H$29,$R62,$G$6:$G$29)+SUMIF($J$6:$J$29,$R62,$I$6:$I$29)+SUMIF($L$6:$L$29,$R62,$K$6:$K$29)+SUMIF($N$6:$N$29,$R62,$M$6:$M$29)+SUMIF($P$6:$P$29,$R62,$O$6:$O$29) -> 0
R63: =Guide!C84 -> E7 | S63: =Guide!F84 -> Going Out | V63: =COUNTIF($D$6:$D$29,$R63)+COUNTIF($F$6:$F$29,$R63)+COUNTIF($H$6:$H$29,$R63)+COUNTIF($J$6:$J$29,$R63)+COUNTIF($L$6:$L$29,$R63)+COUNTIF($N$6:$N$29,$R63)+COUNTIF($P$6:$P$29,$R63) -> 3 | W63: =SUMIF($D$6:$D$29,$R63,$C$6:$C$29) +SUMIF($F$6:$F$29,$R63,$E$6:$E$29) +SUMIF($H$6:$H$29,$R63,$G$6:$G$29)+SUMIF($J$6:$J$29,$R63,$I$6:$I$29)+SUMIF($L$6:$L$29,$R63,$K$6:$K$29)+SUMIF($N$6:$N$29,$R63,$M$6:$M$29)+SUMIF($P$6:$P$29,$R63,$O$6:$O$29) -> 56.5
R64: =Guide!C85 -> E8 | S64: =Guide!F85 -> User defined | V64: =COUNTIF($D$6:$D$29,$R64)+COUNTIF($F$6:$F$29,$R64)+COUNTIF($H$6:$H$29,$R64)+COUNTIF($J$6:$J$29,$R64)+COUNTIF($L$6:$L$29,$R64)+COUNTIF($N$6:$N$29,$R64)+COUNTIF($P$6:$P$29,$R64) -> 0 | W64: =SUMIF($D$6:$D$29,$R64,$C$6:$C$29) +SUMIF($F$6:$F$29,$R64,$E$6:$E$29) +SUMIF($H$6:$H$29,$R64,$G$6:$G$29)+SUMIF($J$6:$J$29,$R64,$I$6:$I$29)+SUMIF($L$6:$L$29,$R64,$K$6:$K$29)+SUMIF($N$6:$N$29,$R64,$M$6:$M$29)+SUMIF($P$6:$P$29,$R64,$O$6:$O$29) -> 0
R65: =Guide!C86 -> E9 | S65: =Guide!F86 -> User defined | V65: =COUNTIF($D$6:$D$29,$R65)+COUNTIF($F$6:$F$29,$R65)+COUNTIF($H$6:$H$29,$R65)+COUNTIF($J$6:$J$29,$R65)+COUNTIF($L$6:$L$29,$R65)+COUNTIF($N$6:$N$29,$R65)+COUNTIF($P$6:$P$29,$R65) -> 0 | W65: =SUMIF($D$6:$D$29,$R65,$C$6:$C$29) +SUMIF($F$6:$F$29,$R65,$E$6:$E$29) +SUMIF($H$6:$H$29,$R65,$G$6:$G$29)+SUMIF($J$6:$J$29,$R65,$I$6:$I$29)+SUMIF($L$6:$L$29,$R65,$K$6:$K$29)+SUMIF($N$6:$N$29,$R65,$M$6:$M$29)+SUMIF($P$6:$P$29,$R65,$O$6:$O$29) -> 0
S66: =Guide!C88 -> Other
R67: =Guide!C89 -> O1 | S67: =Guide!F89 -> Income Protection | V67: =COUNTIF($D$6:$D$29,$R67)+COUNTIF($F$6:$F$29,$R67)+COUNTIF($H$6:$H$29,$R67)+COUNTIF($J$6:$J$29,$R67)+COUNTIF($L$6:$L$29,$R67)+COUNTIF($N$6:$N$29,$R67)+COUNTIF($P$6:$P$29,$R67) -> 0 | W67: =SUMIF($D$6:$D$29,$R67,$C$6:$C$29) +SUMIF($F$6:$F$29,$R67,$E$6:$E$29) +SUMIF($H$6:$H$29,$R67,$G$6:$G$29)+SUMIF($J$6:$J$29,$R67,$I$6:$I$29)+SUMIF($L$6:$L$29,$R67,$K$6:$K$29)+SUMIF($N$6:$N$29,$R67,$M$6:$M$29)+SUMIF($P$6:$P$29,$R67,$O$6:$O$29) -> 0
R68: =Guide!C90 -> O2 | S68: =Guide!F90 -> Life insurance | V68: =COUNTIF($D$6:$D$29,$R68)+COUNTIF($F$6:$F$29,$R68)+COUNTIF($H$6:$H$29,$R68)+COUNTIF($J$6:$J$29,$R68)+COUNTIF($L$6:$L$29,$R68)+COUNTIF($N$6:$N$29,$R68)+COUNTIF($P$6:$P$29,$R68) -> 0 | W68: =SUMIF($D$6:$D$29,$R68,$C$6:$C$29) +SUMIF($F$6:$F$29,$R68,$E$6:$E$29) +SUMIF($H$6:$H$29,$R68,$G$6:$G$29)+SUMIF($J$6:$J$29,$R68,$I$6:$I$29)+SUMIF($L$6:$L$29,$R68,$K$6:$K$29)+SUMIF($N$6:$N$29,$R68,$M$6:$M$29)+SUMIF($P$6:$P$29,$R68,$O$6:$O$29) -> 0
R69: =Guide!C91 -> O3 | S69: =Guide!F91 -> Gifts | V69: =COUNTIF($D$6:$D$29,$R69)+COUNTIF($F$6:$F$29,$R69)+COUNTIF($H$6:$H$29,$R69)+COUNTIF($J$6:$J$29,$R69)+COUNTIF($L$6:$L$29,$R69)+COUNTIF($N$6:$N$29,$R69)+COUNTIF($P$6:$P$29,$R69) -> 0 | W69: =SUMIF($D$6:$D$29,$R69,$C$6:$C$29) +SUMIF($F$6:$F$29,$R69,$E$6:$E$29) +SUMIF($H$6:$H$29,$R69,$G$6:$G$29)+SUMIF($J$6:$J$29,$R69,$I$6:$I$29)+SUMIF($L$6:$L$29,$R69,$K$6:$K$29)+SUMIF($N$6:$N$29,$R69,$M$6:$M$29)+SUMIF($P$6:$P$29,$R69,$O$6:$O$29) -> 0
R70: =Guide!C92 -> O4 | S70: =Guide!F92 -> Pet | V70: =COUNTIF($D$6:$D$29,$R70)+COUNTIF($F$6:$F$29,$R70)+COUNTIF($H$6:$H$29,$R70)+COUNTIF($J$6:$J$29,$R70)+COUNTIF($L$6:$L$29,$R70)+COUNTIF($N$6:$N$29,$R70)+COUNTIF($P$6:$P$29,$R70) -> 0 | W70: =SUMIF($D$6:$D$29,$R70,$C$6:$C$29) +SUMIF($F$6:$F$29,$R70,$E$6:$E$29) +SUMIF($H$6:$H$29,$R70,$G$6:$G$29)+SUMIF($J$6:$J$29,$R70,$I$6:$I$29)+SUMIF($L$6:$L$29,$R70,$K$6:$K$29)+SUMIF($N$6:$N$29,$R70,$M$6:$M$29)+SUMIF($P$6:$P$29,$R70,$O$6:$O$29) -> 0
R71: =Guide!C93 -> O5 | S71: =Guide!F93 -> Investments | V71: =COUNTIF($D$6:$D$29,$R71)+COUNTIF($F$6:$F$29,$R71)+COUNTIF($H$6:$H$29,$R71)+COUNTIF($J$6:$J$29,$R71)+COUNTIF($L$6:$L$29,$R71)+COUNTIF($N$6:$N$29,$R71)+COUNTIF($P$6:$P$29,$R71) -> 0 | W71: =SUMIF($D$6:$D$29,$R71,$C$6:$C$29) +SUMIF($F$6:$F$29,$R71,$E$6:$E$29) +SUMIF($H$6:$H$29,$R71,$G$6:$G$29)+SUMIF($J$6:$J$29,$R71,$I$6:$I$29)+SUMIF($L$6:$L$29,$R71,$K$6:$K$29)+SUMIF($N$6:$N$29,$R71,$M$6:$M$29)+SUMIF($P$6:$P$29,$R71,$O$6:$O$29) -> 0
R72: =Guide!C94 -> O6 | S72: =Guide!F94 -> Loans, debts, taxes | V72: =COUNTIF($D$6:$D$29,$R72)+COUNTIF($F$6:$F$29,$R72)+COUNTIF($H$6:$H$29,$R72)+COUNTIF($J$6:$J$29,$R72)+COUNTIF($L$6:$L$29,$R72)+COUNTIF($N$6:$N$29,$R72)+COUNTIF($P$6:$P$29,$R72) -> 0 | W72: =SUMIF($D$6:$D$29,$R72,$C$6:$C$29) +SUMIF($F$6:$F$29,$R72,$E$6:$E$29) +SUMIF($H$6:$H$29,$R72,$G$6:$G$29)+SUMIF($J$6:$J$29,$R72,$I$6:$I$29)+SUMIF($L$6:$L$29,$R72,$K$6:$K$29)+SUMIF($N$6:$N$29,$R72,$M$6:$M$29)+SUMIF($P$6:$P$29,$R72,$O$6:$O$29) -> 0
R73: =Guide!C95 -> O7 | S73: =Guide!F95 -> Other (can add own) | V73: =COUNTIF($D$6:$D$29,$R73)+COUNTIF($F$6:$F$29,$R73)+COUNTIF($H$6:$H$29,$R73)+COUNTIF($J$6:$J$29,$R73)+COUNTIF($L$6:$L$29,$R73)+COUNTIF($N$6:$N$29,$R73)+COUNTIF($P$6:$P$29,$R73) -> 0 | W73: =SUMIF($D$6:$D$29,$R73,$C$6:$C$29) +SUMIF($F$6:$F$29,$R73,$E$6:$E$29) +SUMIF($H$6:$H$29,$R73,$G$6:$G$29)+SUMIF($J$6:$J$29,$R73,$I$6:$I$29)+SUMIF($L$6:$L$29,$R73,$K$6:$K$29)+SUMIF($N$6:$N$29,$R73,$M$6:$M$29)+SUMIF($P$6:$P$29,$R73,$O$6:$O$29) -> 0
R74: =Guide!C96 -> O8 | S74: =Guide!F96 -> Professional Anuities | V74: =COUNTIF($D$6:$D$29,$R74)+COUNTIF($F$6:$F$29,$R74)+COUNTIF($H$6:$H$29,$R74)+COUNTIF($J$6:$J$29,$R74)+COUNTIF($L$6:$L$29,$R74)+COUNTIF($N$6:$N$29,$R74)+COUNTIF($P$6:$P$29,$R74) -> 0 | W74: =SUMIF($D$6:$D$29,$R74,$C$6:$C$29) +SUMIF($F$6:$F$29,$R74,$E$6:$E$29) +SUMIF($H$6:$H$29,$R74,$G$6:$G$29)+SUMIF($J$6:$J$29,$R74,$I$6:$I$29)+SUMIF($L$6:$L$29,$R74,$K$6:$K$29)+SUMIF($N$6:$N$29,$R74,$M$6:$M$29)+SUMIF($P$6:$P$29,$R74,$O$6:$O$29) -> 0
R75: =Guide!C97 -> O9 | S75: =Guide!F97 -> User defined | V75: =COUNTIF($D$6:$D$29,$R75)+COUNTIF($F$6:$F$29,$R75)+COUNTIF($H$6:$H$29,$R75)+COUNTIF($J$6:$J$29,$R75)+COUNTIF($L$6:$L$29,$R75)+COUNTIF($N$6:$N$29,$R75)+COUNTIF($P$6:$P$29,$R75) -> 0 | W75: =SUMIF($D$6:$D$29,$R75,$C$6:$C$29) +SUMIF($F$6:$F$29,$R75,$E$6:$E$29) +SUMIF($H$6:$H$29,$R75,$G$6:$G$29)+SUMIF($J$6:$J$29,$R75,$I$6:$I$29)+SUMIF($L$6:$L$29,$R75,$K$6:$K$29)+SUMIF($N$6:$N$29,$R75,$M$6:$M$29)+SUMIF($P$6:$P$29,$R75,$O$6:$O$29) -> 0
R76: =Guide!C98 -> O10 | S76: =Guide!F98 -> User defined | V76: =COUNTIF($D$6:$D$29,$R76)+COUNTIF($F$6:$F$29,$R76)+COUNTIF($H$6:$H$29,$R76)+COUNTIF($J$6:$J$29,$R76)+COUNTIF($L$6:$L$29,$R76)+COUNTIF($N$6:$N$29,$R76)+COUNTIF($P$6:$P$29,$R76) -> 0 | W76: =SUMIF($D$6:$D$29,$R76,$C$6:$C$29) +SUMIF($F$6:$F$29,$R76,$E$6:$E$29) +SUMIF($H$6:$H$29,$R76,$G$6:$G$29)+SUMIF($J$6:$J$29,$R76,$I$6:$I$29)+SUMIF($L$6:$L$29,$R76,$K$6:$K$29)+SUMIF($N$6:$N$29,$R76,$M$6:$M$29)+SUMIF($P$6:$P$29,$R76,$O$6:$O$29) -> 0
V78: Total | W78: =SUM(W4:W76) -> 63.7

Sheet 5 4 10
C2: =Guide!D12 -> Costas | J2: =IF(TEXT(L2,"ddd")<>"Mon","Set date to a Monday date","") | L2: 40273 | S2: =Guide!C16 -> Expenses Classification - Codes | Y2: =Guide!C102 -> Income Classification - Codes
C3: =TEXT(C4,"dddd") -> Monday | E3: =TEXT(E4,"dddd") -> Tuesday | G3: =TEXT(G4,"dddd") -> Wednesday | I3: =TEXT(I4,"dddd") -> Thursday | K3: =TEXT(K4,"dddd") -> Friday | M3: =TEXT(M4,"dddd") -> Saturday | O3: =TEXT(O4,"dddd") -> Sunday | S3: =Guide!C19 -> Health | V3: Instances | W3: Cost | Y3: Income | AB3: Instances | AC3: Cost
C4: =L2 -> 40273 | E4: =L2+1 -> 40274 | G4: =L2+2 -> 40275 | I4: =L2+3 -> 40276 | K4: =L2+4 -> 40277 | M4: =L2+5 -> 40278 | O4: =L2+6 -> 40279 | R4: =Guide!C20 -> H1 | S4: =Guide!F20 -> Health Insurance | V4: =COUNTIF($D$6:$D$29,$R4)+COUNTIF($F$6:$F$29,$R4)+COUNTIF($H$6:$H$29,$R4)+COUNTIF($J$6:$J$29,$R4)+COUNTIF($L$6:$L$29,$R4)+COUNTIF($N$6:$N$29,$R4)+COUNTIF($P$6:$P$29,$R4) -> 0 | W4: =SUMIF($D$6:$D$29,$R4,$C$6:$C$29) +SUMIF($F$6:$F$29,$R4,$E$6:$E$29) +SUMIF($H$6:$H$29,$R4,$G$6:$G$29)+SUMIF($J$6:$J$29,$R4,$I$6:$I$29)+SUMIF($L$6:$L$29,$R4,$K$6:$K$29)+SUMIF($N$6:$N$29,$R4,$M$6:$M$29)+SUMIF($P$6:$P$29,$R4,$O$6:$O$29) -> 0 | X4: =Guide!C103 -> I1 | Y4: =Guide!F103 -> Salary | AB4: =COUNTIF($D$6:$D$29,$X4)+COUNTIF($F$6:$F$29,$X4)+COUNTIF($H$6:$H$29,$X4)+COUNTIF($J$6:$J$29,$X4)+COUNTIF($L$6:$L$29,$X4)+COUNTIF($N$6:$N$29,$X4)+COUNTIF($P$6:$P$29,$X4) -> 0 | AC4: =SUMIF($D$6:$D$29,$X4,$C$6:$C$29) +SUMIF($F$6:$F$29,$X4,$E$6:$E$29) +SUMIF($H$6:$H$29,$X4,$G$6:$G$29)+SUMIF($J$6:$J$29,$X4,$I$6:$I$29)+SUMIF($L$6:$L$29,$X4,$K$6:$K$29)+SUMIF($N$6:$N$29,$X4,$M$6:$M$29)+SUMIF($P$6:$P$29,$X4,$O$6:$O$29) -> 0
C5: =Guide!D14 -> GBP | D5: Code | E5: =Guide!D14 -> GBP | F5: Code | G5: =Guide!D14 -> GBP | H5: Code | I5: =Guide!D14 -> GBP | J5: Code | K5: =Guide!D14 -> GBP | L5: Code | M5: =Guide!D14 -> GBP | N5: Code | O5: =Guide!D14 -> GBP | P5: Code | R5: =Guide!C21 -> H2 | S5: =Guide!F21 -> Hospital expenses | V5: =COUNTIF($D$6:$D$29,$R5)+COUNTIF($F$6:$F$29,$R5)+COUNTIF($H$6:$H$29,$R5)+COUNTIF($J$6:$J$29,$R5)+COUNTIF($L$6:$L$29,$R5)+COUNTIF($N$6:$N$29,$R5)+COUNTIF($P$6:$P$29,$R5) -> 0 | W5: =SUMIF($D$6:$D$29,$R5,$C$6:$C$29) +SUMIF($F$6:$F$29,$R5,$E$6:$E$29) +SUMIF($H$6:$H$29,$R5,$G$6:$G$29)+SUMIF($J$6:$J$29,$R5,$I$6:$I$29)+SUMIF($L$6:$L$29,$R5,$K$6:$K$29)+SUMIF($N$6:$N$29,$R5,$M$6:$M$29)+SUMIF($P$6:$P$29,$R5,$O$6:$O$29) -> 0 | X5: =Guide!C104 -> I2 | Y5: =Guide!F104 -> Gifts | AB5: =COUNTIF($D$6:$D$29,$X5)+COUNTIF($F$6:$F$29,$X5)+COUNTIF($H$6:$H$29,$X5)+COUNTIF($J$6:$J$29,$X5)+COUNTIF($L$6:$L$29,$X5)+COUNTIF($N$6:$N$29,$X5)+COUNTIF($P$6:$P$29,$X5) -> 1 | AC5: =SUMIF($D$6:$D$29,$X5,$C$6:$C$29) +SUMIF($F$6:$F$29,$X5,$E$6:$E$29) +SUMIF($H$6:$H$29,$X5,$G$6:$G$29)+SUMIF($J$6:$J$29,$X5,$I$6:$I$29)+SUMIF($L$6:$L$29,$X5,$K$6:$K$29)+SUMIF($N$6:$N$29,$X5,$M$6:$M$29)+SUMIF($P$6:$P$29,$X5,$O$6:$O$29) -> 200
R6: =Guide!C22 -> H3 | S6: =Guide!F22 -> Medicines | V6: =COUNTIF($D$6:$D$29,$R6)+COUNTIF($F$6:$F$29,$R6)+COUNTIF($H$6:$H$29,$R6)+COUNTIF($J$6:$J$29,$R6)+COUNTIF($L$6:$L$29,$R6)+COUNTIF($N$6:$N$29,$R6)+COUNTIF($P$6:$P$29,$R6) -> 0 | W6: =SUMIF($D$6:$D$29,$R6,$C$6:$C$29) +SUMIF($F$6:$F$29,$R6,$E$6:$E$29) +SUMIF($H$6:$H$29,$R6,$G$6:$G$29)+SUMIF($J$6:$J$29,$R6,$I$6:$I$29)+SUMIF($L$6:$L$29,$R6,$K$6:$K$29)+SUMIF($N$6:$N$29,$R6,$M$6:$M$29)+SUMIF($P$6:$P$29,$R6,$O$6:$O$29) -> 0 | X6: =Guide!C105 -> I3 | Y6: =Guide!F105 -> Investments ** | AB6: =COUNTIF($D$6:$D$29,$X6)+COUNTIF($F$6:$F$29,$X6)+COUNTIF($H$6:$H$29,$X6)+COUNTIF($J$6:$J$29,$X6)+COUNTIF($L$6:$L$29,$X6)+COUNTIF($N$6:$N$29,$X6)+COUNTIF($P$6:$P$29,$X6) -> 0 | AC6: =SUMIF($D$6:$D$29,$X6,$C$6:$C$29) +SUMIF($F$6:$F$29,$X6,$E$6:$E$29) +SUMIF($H$6:$H$29,$X6,$G$6:$G$29)+SUMIF($J$6:$J$29,$X6,$I$6:$I$29)+SUMIF($L$6:$L$29,$X6,$K$6:$K$29)+SUMIF($N$6:$N$29,$X6,$M$6:$M$29)+SUMIF($P$6:$P$29,$X6,$O$6:$O$29) -> 0
C7: 200 | D7: I8 | E7: 49.84 | F7: T1 | G7: 3.9 | H7: L2 | I7: 16 | J7: E7 | R7: =Guide!C23 -> H4 | S7: =Guide!F23 -> Sports | V7: =COUNTIF($D$6:$D$29,$R7)+COUNTIF($F$6:$F$29,$R7)+COUNTIF($H$6:$H$29,$R7)+COUNTIF($J$6:$J$29,$R7)+COUNTIF($L$6:$L$29,$R7)+COUNTIF($N$6:$N$29,$R7)+COUNTIF($P$6:$P$29,$R7) -> 0 | W7: =SUMIF($D$6:$D$29,$R7,$C$6:$C$29) +SUMIF($F$6:$F$29,$R7,$E$6:$E$29) +SUMIF($H$6:$H$29,$R7,$G$6:$G$29)+SUMIF($J$6:$J$29,$R7,$I$6:$I$29)+SUMIF($L$6:$L$29,$R7,$K$6:$K$29)+SUMIF($N$6:$N$29,$R7,$M$6:$M$29)+SUMIF($P$6:$P$29,$R7,$O$6:$O$29) -> 0 | X7: =Guide!C106 -> I4 | Y7: =Guide!F106 -> Benefits | AB7: =COUNTIF($D$6:$D$29,$X7)+COUNTIF($F$6:$F$29,$X7)+COUNTIF($H$6:$H$29,$X7)+COUNTIF($J$6:$J$29,$X7)+COUNTIF($L$6:$L$29,$X7)+COUNTIF($N$6:$N$29,$X7)+COUNTIF($P$6:$P$29,$X7) -> 0 | AC7: =SUMIF($D$6:$D$29,$X7,$C$6:$C$29) +SUMIF($F$6:$F$29,$X7,$E$6:$E$29) +SUMIF($H$6:$H$29,$X7,$G$6:$G$29)+SUMIF($J$6:$J$29,$X7,$I$6:$I$29)+SUMIF($L$6:$L$29,$X7,$K$6:$K$29)+SUMIF($N$6:$N$29,$X7,$M$6:$M$29)+SUMIF($P$6:$P$29,$X7,$O$6:$O$29) -> 0
C8: 200 | D8: I2 | I8: 16 | J8: D4 | R8: =Guide!C24 -> H5 | S8: =Guide!F24 -> other (can add own) | V8: =COUNTIF($D$6:$D$29,$R8)+COUNTIF($F$6:$F$29,$R8)+COUNTIF($H$6:$H$29,$R8)+COUNTIF($J$6:$J$29,$R8)+COUNTIF($L$6:$L$29,$R8)+COUNTIF($N$6:$N$29,$R8)+COUNTIF($P$6:$P$29,$R8) -> 0 | W8: =SUMIF($D$6:$D$29,$R8,$C$6:$C$29) +SUMIF($F$6:$F$29,$R8,$E$6:$E$29) +SUMIF($H$6:$H$29,$R8,$G$6:$G$29)+SUMIF($J$6:$J$29,$R8,$I$6:$I$29)+SUMIF($L$6:$L$29,$R8,$K$6:$K$29)+SUMIF($N$6:$N$29,$R8,$M$6:$M$29)+SUMIF($P$6:$P$29,$R8,$O$6:$O$29) -> 0 | X8: =Guide!C107 -> I5 | Y8: =Guide!F107 -> Pension | AB8: =COUNTIF($D$6:$D$29,$X8)+COUNTIF($F$6:$F$29,$X8)+COUNTIF($H$6:$H$29,$X8)+COUNTIF($J$6:$J$29,$X8)+COUNTIF($L$6:$L$29,$X8)+COUNTIF($N$6:$N$29,$X8)+COUNTIF($P$6:$P$29,$X8) -> 0 | AC8: =SUMIF($D$6:$D$29,$X8,$C$6:$C$29) +SUMIF($F$6:$F$29,$X8,$E$6:$E$29) +SUMIF($H$6:$H$29,$X8,$G$6:$G$29)+SUMIF($J$6:$J$29,$X8,$I$6:$I$29)+SUMIF($L$6:$L$29,$X8,$K$6:$K$29)+SUMIF($N$6:$N$29,$X8,$M$6:$M$29)+SUMIF($P$6:$P$29,$X8,$O$6:$O$29) -> 0
R9: =Guide!C25 -> H6 | S9: =Guide!F25 -> User defined | V9: =COUNTIF($D$6:$D$29,$R9)+COUNTIF($F$6:$F$29,$R9)+COUNTIF($H$6:$H$29,$R9)+COUNTIF($J$6:$J$29,$R9)+COUNTIF($L$6:$L$29,$R9)+COUNTIF($N$6:$N$29,$R9)+COUNTIF($P$6:$P$29,$R9) -> 0 | W9: =SUMIF($D$6:$D$29,$R9,$C$6:$C$29) +SUMIF($F$6:$F$29,$R9,$E$6:$E$29) +SUMIF($H$6:$H$29,$R9,$G$6:$G$29)+SUMIF($J$6:$J$29,$R9,$I$6:$I$29)+SUMIF($L$6:$L$29,$R9,$K$6:$K$29)+SUMIF($N$6:$N$29,$R9,$M$6:$M$29)+SUMIF($P$6:$P$29,$R9,$O$6:$O$29) -> 0 | X9: =Guide!C108 -> I6 | Y9: =Guide!F108 -> Other (can add own) | AB9: =COUNTIF($D$6:$D$29,$X9)+COUNTIF($F$6:$F$29,$X9)+COUNTIF($H$6:$H$29,$X9)+COUNTIF($J$6:$J$29,$X9)+COUNTIF($L$6:$L$29,$X9)+COUNTIF($N$6:$N$29,$X9)+COUNTIF($P$6:$P$29,$X9) -> 0 | AC9: =SUMIF($D$6:$D$29,$X9,$C$6:$C$29) +SUMIF($F$6:$F$29,$X9,$E$6:$E$29) +SUMIF($H$6:$H$29,$X9,$G$6:$G$29)+SUMIF($J$6:$J$29,$X9,$I$6:$I$29)+SUMIF($L$6:$L$29,$X9,$K$6:$K$29)+SUMIF($N$6:$N$29,$X9,$M$6:$M$29)+SUMIF($P$6:$P$29,$X9,$O$6:$O$29) -> 0
R10: =Guide!C26 -> H7 | S10: =Guide!F26 -> User defined | V10: =COUNTIF($D$6:$D$29,$R10)+COUNTIF($F$6:$F$29,$R10)+COUNTIF($H$6:$H$29,$R10)+COUNTIF($J$6:$J$29,$R10)+COUNTIF($L$6:$L$29,$R10)+COUNTIF($N$6:$N$29,$R10)+COUNTIF($P$6:$P$29,$R10) -> 0 | W10: =SUMIF($D$6:$D$29,$R10,$C$6:$C$29) +SUMIF($F$6:$F$29,$R10,$E$6:$E$29) +SUMIF($H$6:$H$29,$R10,$G$6:$G$29)+SUMIF($J$6:$J$29,$R10,$I$6:$I$29)+SUMIF($L$6:$L$29,$R10,$K$6:$K$29)+SUMIF($N$6:$N$29,$R10,$M$6:$M$29)+SUMIF($P$6:$P$29,$R10,$O$6:$O$29) -> 0 | X10: =Guide!C109 -> I7 | Y10: =Guide!F109 -> Taxed Interest | AB10: =COUNTIF($D$6:$D$29,$X10)+COUNTIF($F$6:$F$29,$X10)+COUNTIF($H$6:$H$29,$X10)+COUNTIF($J$6:$J$29,$X10)+COUNTIF($L$6:$L$29,$X10)+COUNTIF($N$6:$N$29,$X10)+COUNTIF($P$6:$P$29,$X10) -> 0 | AC10: =SUMIF($D$6:$D$29,$X10,$C$6:$C$29) +SUMIF($F$6:$F$29,$X10,$E$6:$E$29) +SUMIF($H$6:$H$29,$X10,$G$6:$G$29)+SUMIF($J$6:$J$29,$X10,$I$6:$I$29)+SUMIF($L$6:$L$29,$X10,$K$6:$K$29)+SUMIF($N$6:$N$29,$X10,$M$6:$M$29)+SUMIF($P$6:$P$29,$X10,$O$6:$O$29) -> 0
R11: =Guide!C27 -> H8 | S11: =Guide!F27 -> User defined | V11: =COUNTIF($D$6:$D$29,$R11)+COUNTIF($F$6:$F$29,$R11)+COUNTIF($H$6:$H$29,$R11)+COUNTIF($J$6:$J$29,$R11)+COUNTIF($L$6:$L$29,$R11)+COUNTIF($N$6:$N$29,$R11)+COUNTIF($P$6:$P$29,$R11) -> 0 | W11: =SUMIF($D$6:$D$29,$R11,$C$6:$C$29) +SUMIF($F$6:$F$29,$R11,$E$6:$E$29) +SUMIF($H$6:$H$29,$R11,$G$6:$G$29)+SUMIF($J$6:$J$29,$R11,$I$6:$I$29)+SUMIF($L$6:$L$29,$R11,$K$6:$K$29)+SUMIF($N$6:$N$29,$R11,$M$6:$M$29)+SUMIF($P$6:$P$29,$R11,$O$6:$O$29) -> 0 | X11: =Guide!C110 -> I8 | Y11: =Guide!F110 -> User defined | AB11: =COUNTIF($D$6:$D$29,$X11)+COUNTIF($F$6:$F$29,$X11)+COUNTIF($H$6:$H$29,$X11)+COUNTIF($J$6:$J$29,$X11)+COUNTIF($L$6:$L$29,$X11)+COUNTIF($N$6:$N$29,$X11)+COUNTIF($P$6:$P$29,$X11) -> 1 | AC11: =SUMIF($D$6:$D$29,$X11,$C$6:$C$29) +SUMIF($F$6:$F$29,$X11,$E$6:$E$29) +SUMIF($H$6:$H$29,$X11,$G$6:$G$29)+SUMIF($J$6:$J$29,$X11,$I$6:$I$29)+SUMIF($L$6:$L$29,$X11,$K$6:$K$29)+SUMIF($N$6:$N$29,$X11,$M$6:$M$29)+SUMIF($P$6:$P$29,$X11,$O$6:$O$29) -> 200
S12: =Guide!C29 -> Daily Living | X12: =Guide!C111 -> I9 | Y12: =Guide!F111 -> User defined | AB12: =COUNTIF($D$6:$D$29,$X12)+COUNTIF($F$6:$F$29,$X12)+COUNTIF($H$6:$H$29,$X12)+COUNTIF($J$6:$J$29,$X12)+COUNTIF($L$6:$L$29,$X12)+COUNTIF($N$6:$N$29,$X12)+COUNTIF($P$6:$P$29,$X12) -> 0 | AC12: =SUMIF($D$6:$D$29,$X12,$C$6:$C$29) +SUMIF($F$6:$F$29,$X12,$E$6:$E$29) +SUMIF($H$6:$H$29,$X12,$G$6:$G$29)+SUMIF($J$6:$J$29,$X12,$I$6:$I$29)+SUMIF($L$6:$L$29,$X12,$K$6:$K$29)+SUMIF($N$6:$N$29,$X12,$M$6:$M$29)+SUMIF($P$6:$P$29,$X12,$O$6:$O$29) -> 0
R13: =Guide!C30 -> L1 | S13: =Guide!F30 -> Groceries | V13: =COUNTIF($D$6:$D$29,$R13)+COUNTIF($F$6:$F$29,$R13)+COUNTIF($H$6:$H$29,$R13)+COUNTIF($J$6:$J$29,$R13)+COUNTIF($L$6:$L$29,$R13)+COUNTIF($N$6:$N$29,$R13)+COUNTIF($P$6:$P$29,$R13) -> 0 | W13: =SUMIF($D$6:$D$29,$R13,$C$6:$C$29) +SUMIF($F$6:$F$29,$R13,$E$6:$E$29) +SUMIF($H$6:$H$29,$R13,$G$6:$G$29)+SUMIF($J$6:$J$29,$R13,$I$6:$I$29)+SUMIF($L$6:$L$29,$R13,$K$6:$K$29)+SUMIF($N$6:$N$29,$R13,$M$6:$M$29)+SUMIF($P$6:$P$29,$R13,$O$6:$O$29) -> 0
R14: =Guide!C31 -> L2 | S14: =Guide!F31 -> Dining Out | V14: =COUNTIF($D$6:$D$29,$R14)+COUNTIF($F$6:$F$29,$R14)+COUNTIF($H$6:$H$29,$R14)+COUNTIF($J$6:$J$29,$R14)+COUNTIF($L$6:$L$29,$R14)+COUNTIF($N$6:$N$29,$R14)+COUNTIF($P$6:$P$29,$R14) -> 1 | W14: =SUMIF($D$6:$D$29,$R14,$C$6:$C$29) +SUMIF($F$6:$F$29,$R14,$E$6:$E$29) +SUMIF($H$6:$H$29,$R14,$G$6:$G$29)+SUMIF($J$6:$J$29,$R14,$I$6:$I$29)+SUMIF($L$6:$L$29,$R14,$K$6:$K$29)+SUMIF($N$6:$N$29,$R14,$M$6:$M$29)+SUMIF($P$6:$P$29,$R14,$O$6:$O$29) -> 3.9 | AB14: Total | AC14: =SUM(AC4:AC12) -> 400
R15: =Guide!C32 -> L3 | S15: =Guide!F32 -> Clothing | V15: =COUNTIF($D$6:$D$29,$R15)+COUNTIF($F$6:$F$29,$R15)+COUNTIF($H$6:$H$29,$R15)+COUNTIF($J$6:$J$29,$R15)+COUNTIF($L$6:$L$29,$R15)+COUNTIF($N$6:$N$29,$R15)+COUNTIF($P$6:$P$29,$R15) -> 0 | W15: =SUMIF($D$6:$D$29,$R15,$C$6:$C$29) +SUMIF($F$6:$F$29,$R15,$E$6:$E$29) +SUMIF($H$6:$H$29,$R15,$G$6:$G$29)+SUMIF($J$6:$J$29,$R15,$I$6:$I$29)+SUMIF($L$6:$L$29,$R15,$K$6:$K$29)+SUMIF($N$6:$N$29,$R15,$M$6:$M$29)+SUMIF($P$6:$P$29,$R15,$O$6:$O$29) -> 0
R16: =Guide!C33 -> L4 | S16: =Guide!F33 -> Hair | V16: =COUNTIF($D$6:$D$29,$R16)+COUNTIF($F$6:$F$29,$R16)+COUNTIF($H$6:$H$29,$R16)+COUNTIF($J$6:$J$29,$R16)+COUNTIF($L$6:$L$29,$R16)+COUNTIF($N$6:$N$29,$R16)+COUNTIF($P$6:$P$29,$R16) -> 0 | W16: =SUMIF($D$6:$D$29,$R16,$C$6:$C$29) +SUMIF($F$6:$F$29,$R16,$E$6:$E$29) +SUMIF($H$6:$H$29,$R16,$G$6:$G$29)+SUMIF($J$6:$J$29,$R16,$I$6:$I$29)+SUMIF($L$6:$L$29,$R16,$K$6:$K$29)+SUMIF($N$6:$N$29,$R16,$M$6:$M$29)+SUMIF($P$6:$P$29,$R16,$O$6:$O$29) -> 0
R17: =Guide!C34 -> L5 | S17: =Guide!F34 -> Mobile phone | V17: =COUNTIF($D$6:$D$29,$R17)+COUNTIF($F$6:$F$29,$R17)+COUNTIF($H$6:$H$29,$R17)+COUNTIF($J$6:$J$29,$R17)+COUNTIF($L$6:$L$29,$R17)+COUNTIF($N$6:$N$29,$R17)+COUNTIF($P$6:$P$29,$R17) -> 0 | W17: =SUMIF($D$6:$D$29,$R17,$C$6:$C$29) +SUMIF($F$6:$F$29,$R17,$E$6:$E$29) +SUMIF($H$6:$H$29,$R17,$G$6:$G$29)+SUMIF($J$6:$J$29,$R17,$I$6:$I$29)+SUMIF($L$6:$L$29,$R17,$K$6:$K$29)+SUMIF($N$6:$N$29,$R17,$M$6:$M$29)+SUMIF($P$6:$P$29,$R17,$O$6:$O$29) -> 0
R18: =Guide!C35 -> L6 | S18: =Guide!F35 -> other (can add own) | V18: =COUNTIF($D$6:$D$29,$R18)+COUNTIF($F$6:$F$29,$R18)+COUNTIF($H$6:$H$29,$R18)+COUNTIF($J$6:$J$29,$R18)+COUNTIF($L$6:$L$29,$R18)+COUNTIF($N$6:$N$29,$R18)+COUNTIF($P$6:$P$29,$R18) -> 0 | W18: =SUMIF($D$6:$D$29,$R18,$C$6:$C$29) +SUMIF($F$6:$F$29,$R18,$E$6:$E$29) +SUMIF($H$6:$H$29,$R18,$G$6:$G$29)+SUMIF($J$6:$J$29,$R18,$I$6:$I$29)+SUMIF($L$6:$L$29,$R18,$K$6:$K$29)+SUMIF($N$6:$N$29,$R18,$M$6:$M$29)+SUMIF($P$6:$P$29,$R18,$O$6:$O$29) -> 0
R19: =Guide!C36 -> L7 | S19: =Guide!F36 -> User defined | V19: =COUNTIF($D$6:$D$29,$R19)+COUNTIF($F$6:$F$29,$R19)+COUNTIF($H$6:$H$29,$R19)+COUNTIF($J$6:$J$29,$R19)+COUNTIF($L$6:$L$29,$R19)+COUNTIF($N$6:$N$29,$R19)+COUNTIF($P$6:$P$29,$R19) -> 0 | W19: =SUMIF($D$6:$D$29,$R19,$C$6:$C$29) +SUMIF($F$6:$F$29,$R19,$E$6:$E$29) +SUMIF($H$6:$H$29,$R19,$G$6:$G$29)+SUMIF($J$6:$J$29,$R19,$I$6:$I$29)+SUMIF($L$6:$L$29,$R19,$K$6:$K$29)+SUMIF($N$6:$N$29,$R19,$M$6:$M$29)+SUMIF($P$6:$P$29,$R19,$O$6:$O$29) -> 0
R20: =Guide!C37 -> L8 | S20: =Guide!F37 -> User defined | V20: =COUNTIF($D$6:$D$29,$R20)+COUNTIF($F$6:$F$29,$R20)+COUNTIF($H$6:$H$29,$R20)+COUNTIF($J$6:$J$29,$R20)+COUNTIF($L$6:$L$29,$R20)+COUNTIF($N$6:$N$29,$R20)+COUNTIF($P$6:$P$29,$R20) -> 0 | W20: =SUMIF($D$6:$D$29,$R20,$C$6:$C$29) +SUMIF($F$6:$F$29,$R20,$E$6:$E$29) +SUMIF($H$6:$H$29,$R20,$G$6:$G$29)+SUMIF($J$6:$J$29,$R20,$I$6:$I$29)+SUMIF($L$6:$L$29,$R20,$K$6:$K$29)+SUMIF($N$6:$N$29,$R20,$M$6:$M$29)+SUMIF($P$6:$P$29,$R20,$O$6:$O$29) -> 0
R21: =Guide!C38 -> L9 | S21: =Guide!F38 -> User defined | V21: =COUNTIF($D$6:$D$29,$R21)+COUNTIF($F$6:$F$29,$R21)+COUNTIF($H$6:$H$29,$R21)+COUNTIF($J$6:$J$29,$R21)+COUNTIF($L$6:$L$29,$R21)+COUNTIF($N$6:$N$29,$R21)+COUNTIF($P$6:$P$29,$R21) -> 0 | W21: =SUMIF($D$6:$D$29,$R21,$C$6:$C$29) +SUMIF($F$6:$F$29,$R21,$E$6:$E$29) +SUMIF($H$6:$H$29,$R21,$G$6:$G$29)+SUMIF($J$6:$J$29,$R21,$I$6:$I$29)+SUMIF($L$6:$L$29,$R21,$K$6:$K$29)+SUMIF($N$6:$N$29,$R21,$M$6:$M$29)+SUMIF($P$6:$P$29,$R21,$O$6:$O$29) -> 0
S22: =Guide!C40 -> Home
R23: =Guide!C41 -> B1 | S23: =Guide!F41 -> Mortgage / Rent | V23: =COUNTIF($D$6:$D$29,$R23)+COUNTIF($F$6:$F$29,$R23)+COUNTIF($H$6:$H$29,$R23)+COUNTIF($J$6:$J$29,$R23)+COUNTIF($L$6:$L$29,$R23)+COUNTIF($N$6:$N$29,$R23)+COUNTIF($P$6:$P$29,$R23) -> 0 | W23: =SUMIF($D$6:$D$29,$R23,$C$6:$C$29) +SUMIF($F$6:$F$29,$R23,$E$6:$E$29) +SUMIF($H$6:$H$29,$R23,$G$6:$G$29)+SUMIF($J$6:$J$29,$R23,$I$6:$I$29)+SUMIF($L$6:$L$29,$R23,$K$6:$K$29)+SUMIF($N$6:$N$29,$R23,$M$6:$M$29)+SUMIF($P$6:$P$29,$R23,$O$6:$O$29) -> 0
R24: =Guide!C42 -> B2 | S24: =Guide!F42 -> Buildings Insurance | V24: =COUNTIF($D$6:$D$29,$R24)+COUNTIF($F$6:$F$29,$R24)+COUNTIF($H$6:$H$29,$R24)+COUNTIF($J$6:$J$29,$R24)+COUNTIF($L$6:$L$29,$R24)+COUNTIF($N$6:$N$29,$R24)+COUNTIF($P$6:$P$29,$R24) -> 0 | W24: =SUMIF($D$6:$D$29,$R24,$C$6:$C$29) +SUMIF($F$6:$F$29,$R24,$E$6:$E$29) +SUMIF($H$6:$H$29,$R24,$G$6:$G$29)+SUMIF($J$6:$J$29,$R24,$I$6:$I$29)+SUMIF($L$6:$L$29,$R24,$K$6:$K$29)+SUMIF($N$6:$N$29,$R24,$M$6:$M$29)+SUMIF($P$6:$P$29,$R24,$O$6:$O$29) -> 0
R25: =Guide!C43 -> B3 | S25: =Guide!F43 -> Electricity | V25: =COUNTIF($D$6:$D$29,$R25)+COUNTIF($F$6:$F$29,$R25)+COUNTIF($H$6:$H$29,$R25)+COUNTIF($J$6:$J$29,$R25)+COUNTIF($L$6:$L$29,$R25)+COUNTIF($N$6:$N$29,$R25)+COUNTIF($P$6:$P$29,$R25) -> 0 | W25: =SUMIF($D$6:$D$29,$R25,$C$6:$C$29) +SUMIF($F$6:$F$29,$R25,$E$6:$E$29) +SUMIF($H$6:$H$29,$R25,$G$6:$G$29)+SUMIF($J$6:$J$29,$R25,$I$6:$I$29)+SUMIF($L$6:$L$29,$R25,$K$6:$K$29)+SUMIF($N$6:$N$29,$R25,$M$6:$M$29)+SUMIF($P$6:$P$29,$R25,$O$6:$O$29) -> 0
R26: =Guide!C44 -> B4 | S26: =Guide!F44 -> Gas / oil | V26: =COUNTIF($D$6:$D$29,$R26)+COUNTIF($F$6:$F$29,$R26)+COUNTIF($H$6:$H$29,$R26)+COUNTIF($J$6:$J$29,$R26)+COUNTIF($L$6:$L$29,$R26)+COUNTIF($N$6:$N$29,$R26)+COUNTIF($P$6:$P$29,$R26) -> 0 | W26: =SUMIF($D$6:$D$29,$R26,$C$6:$C$29) +SUMIF($F$6:$F$29,$R26,$E$6:$E$29) +SUMIF($H$6:$H$29,$R26,$G$6:$G$29)+SUMIF($J$6:$J$29,$R26,$I$6:$I$29)+SUMIF($L$6:$L$29,$R26,$K$6:$K$29)+SUMIF($N$6:$N$29,$R26,$M$6:$M$29)+SUMIF($P$6:$P$29,$R26,$O$6:$O$29) -> 0
R27: =Guide!C45 -> B5 | S27: =Guide!F45 -> Water / Sewer / Trash | V27: =COUNTIF($D$6:$D$29,$R27)+COUNTIF($F$6:$F$29,$R27)+COUNTIF($H$6:$H$29,$R27)+COUNTIF($J$6:$J$29,$R27)+COUNTIF($L$6:$L$29,$R27)+COUNTIF($N$6:$N$29,$R27)+COUNTIF($P$6:$P$29,$R27) -> 0 | W27: =SUMIF($D$6:$D$29,$R27,$C$6:$C$29) +SUMIF($F$6:$F$29,$R27,$E$6:$E$29) +SUMIF($H$6:$H$29,$R27,$G$6:$G$29)+SUMIF($J$6:$J$29,$R27,$I$6:$I$29)+SUMIF($L$6:$L$29,$R27,$K$6:$K$29)+SUMIF($N$6:$N$29,$R27,$M$6:$M$29)+SUMIF($P$6:$P$29,$R27,$O$6:$O$29) -> 0
R28: =Guide!C46 -> B6 | S28: =Guide!F46 -> Land line | V28: =COUNTIF($D$6:$D$29,$R28)+COUNTIF($F$6:$F$29,$R28)+COUNTIF($H$6:$H$29,$R28)+COUNTIF($J$6:$J$29,$R28)+COUNTIF($L$6:$L$29,$R28)+COUNTIF($N$6:$N$29,$R28)+COUNTIF($P$6:$P$29,$R28) -> 0 | W28: =SUMIF($D$6:$D$29,$R28,$C$6:$C$29) +SUMIF($F$6:$F$29,$R28,$E$6:$E$29) +SUMIF($H$6:$H$29,$R28,$G$6:$G$29)+SUMIF($J$6:$J$29,$R28,$I$6:$I$29)+SUMIF($L$6:$L$29,$R28,$K$6:$K$29)+SUMIF($N$6:$N$29,$R28,$M$6:$M$29)+SUMIF($P$6:$P$29,$R28,$O$6:$O$29) -> 0
R29: =Guide!C47 -> B7 | S29: =Guide!F47 -> TV | V29: =COUNTIF($D$6:$D$29,$R29)+COUNTIF($F$6:$F$29,$R29)+COUNTIF($H$6:$H$29,$R29)+COUNTIF($J$6:$J$29,$R29)+COUNTIF($L$6:$L$29,$R29)+COUNTIF($N$6:$N$29,$R29)+COUNTIF($P$6:$P$29,$R29) -> 0 | W29: =SUMIF($D$6:$D$29,$R29,$C$6:$C$29) +SUMIF($F$6:$F$29,$R29,$E$6:$E$29) +SUMIF($H$6:$H$29,$R29,$G$6:$G$29)+SUMIF($J$6:$J$29,$R29,$I$6:$I$29)+SUMIF($L$6:$L$29,$R29,$K$6:$K$29)+SUMIF($N$6:$N$29,$R29,$M$6:$M$29)+SUMIF($P$6:$P$29,$R29,$O$6:$O$29) -> 0
C30: DO NOT ADD ROWS BELOW THIS OR THEY WONT BE INCLUDED IN THE CALCULATIONS | R30: =Guide!C48 -> B8 | S30: =Guide!F48 -> Internet | V30: =COUNTIF($D$6:$D$29,$R30)+COUNTIF($F$6:$F$29,$R30)+COUNTIF($H$6:$H$29,$R30)+COUNTIF($J$6:$J$29,$R30)+COUNTIF($L$6:$L$29,$R30)+COUNTIF($N$6:$N$29,$R30)+COUNTIF($P$6:$P$29,$R30) -> 0 | W30: =SUMIF($D$6:$D$29,$R30,$C$6:$C$29) +SUMIF($F$6:$F$29,$R30,$E$6:$E$29) +SUMIF($H$6:$H$29,$R30,$G$6:$G$29)+SUMIF($J$6:$J$29,$R30,$I$6:$I$29)+SUMIF($L$6:$L$29,$R30,$K$6:$K$29)+SUMIF($N$6:$N$29,$R30,$M$6:$M$29)+SUMIF($P$6:$P$29,$R30,$O$6:$O$29) -> 0
D31: To add more rows, select a row starting at column C ending at column P. | R31: =Guide!C49 -> B9 | S31: =Guide!F49 -> Maintenance | V31: =COUNTIF($D$6:$D$29,$R31)+COUNTIF($F$6:$F$29,$R31)+COUNTIF($H$6:$H$29,$R31)+COUNTIF($J$6:$J$29,$R31)+COUNTIF($L$6:$L$29,$R31)+COUNTIF($N$6:$N$29,$R31)+COUNTIF($P$6:$P$29,$R31) -> 0 | W31: =SUMIF($D$6:$D$29,$R31,$C$6:$C$29) +SUMIF($F$6:$F$29,$R31,$E$6:$E$29) +SUMIF($H$6:$H$29,$R31,$G$6:$G$29)+SUMIF($J$6:$J$29,$R31,$I$6:$I$29)+SUMIF($L$6:$L$29,$R31,$K$6:$K$29)+SUMIF($N$6:$N$29,$R31,$M$6:$M$29)+SUMIF($P$6:$P$29,$R31,$O$6:$O$29) -> 0
D32: Then press right click and choose insert and Ok (shift cells down). | R32: =Guide!C50 -> B10 | S32: =Guide!F50 -> other (can add own) | V32: =COUNTIF($D$6:$D$29,$R32)+COUNTIF($F$6:$F$29,$R32)+COUNTIF($H$6:$H$29,$R32)+COUNTIF($J$6:$J$29,$R32)+COUNTIF($L$6:$L$29,$R32)+COUNTIF($N$6:$N$29,$R32)+COUNTIF($P$6:$P$29,$R32) -> 0 | W32: =SUMIF($D$6:$D$29,$R32,$C$6:$C$29) +SUMIF($F$6:$F$29,$R32,$E$6:$E$29) +SUMIF($H$6:$H$29,$R32,$G$6:$G$29)+SUMIF($J$6:$J$29,$R32,$I$6:$I$29)+SUMIF($L$6:$L$29,$R32,$K$6:$K$29)+SUMIF($N$6:$N$29,$R32,$M$6:$M$29)+SUMIF($P$6:$P$29,$R32,$O$6:$O$29) -> 0
R33: =Guide!C51 -> B11 | S33: =Guide!F51 -> Council Tax | V33: =COUNTIF($D$6:$D$29,$R33)+COUNTIF($F$6:$F$29,$R33)+COUNTIF($H$6:$H$29,$R33)+COUNTIF($J$6:$J$29,$R33)+COUNTIF($L$6:$L$29,$R33)+COUNTIF($N$6:$N$29,$R33)+COUNTIF($P$6:$P$29,$R33) -> 0 | W33: =SUMIF($D$6:$D$29,$R33,$C$6:$C$29) +SUMIF($F$6:$F$29,$R33,$E$6:$E$29) +SUMIF($H$6:$H$29,$R33,$G$6:$G$29)+SUMIF($J$6:$J$29,$R33,$I$6:$I$29)+SUMIF($L$6:$L$29,$R33,$K$6:$K$29)+SUMIF($N$6:$N$29,$R33,$M$6:$M$29)+SUMIF($P$6:$P$29,$R33,$O$6:$O$29) -> 0
R34: =Guide!C52 -> B12 | S34: =Guide!F52 -> User defined | V34: =COUNTIF($D$6:$D$29,$R34)+COUNTIF($F$6:$F$29,$R34)+COUNTIF($H$6:$H$29,$R34)+COUNTIF($J$6:$J$29,$R34)+COUNTIF($L$6:$L$29,$R34)+COUNTIF($N$6:$N$29,$R34)+COUNTIF($P$6:$P$29,$R34) -> 0 | W34: =SUMIF($D$6:$D$29,$R34,$C$6:$C$29) +SUMIF($F$6:$F$29,$R34,$E$6:$E$29) +SUMIF($H$6:$H$29,$R34,$G$6:$G$29)+SUMIF($J$6:$J$29,$R34,$I$6:$I$29)+SUMIF($L$6:$L$29,$R34,$K$6:$K$29)+SUMIF($N$6:$N$29,$R34,$M$6:$M$29)+SUMIF($P$6:$P$29,$R34,$O$6:$O$29) -> 0
D35: Weekly Income | R35: =Guide!C53 -> B13 | S35: =Guide!F53 -> User defined | V35: =COUNTIF($D$6:$D$29,$R35)+COUNTIF($F$6:$F$29,$R35)+COUNTIF($H$6:$H$29,$R35)+COUNTIF($J$6:$J$29,$R35)+COUNTIF($L$6:$L$29,$R35)+COUNTIF($N$6:$N$29,$R35)+COUNTIF($P$6:$P$29,$R35) -> 0 | W35: =SUMIF($D$6:$D$29,$R35,$C$6:$C$29) +SUMIF($F$6:$F$29,$R35,$E$6:$E$29) +SUMIF($H$6:$H$29,$R35,$G$6:$G$29)+SUMIF($J$6:$J$29,$R35,$I$6:$I$29)+SUMIF($L$6:$L$29,$R35,$K$6:$K$29)+SUMIF($N$6:$N$29,$R35,$M$6:$M$29)+SUMIF($P$6:$P$29,$R35,$O$6:$O$29) -> 0
H36: =AC14 -> 400 | I36: =Guide!D14 -> GBP | J36: BALANCE | L36: =H36-H38 -> 314.26 | S36: =Guide!C55 -> Transportation
R37: =Guide!C56 -> T1 | S37: =Guide!F56 -> Fuel | V37: =COUNTIF($D$6:$D$29,$R37)+COUNTIF($F$6:$F$29,$R37)+COUNTIF($H$6:$H$29,$R37)+COUNTIF($J$6:$J$29,$R37)+COUNTIF($L$6:$L$29,$R37)+COUNTIF($N$6:$N$29,$R37)+COUNTIF($P$6:$P$29,$R37) -> 1 | W37: =SUMIF($D$6:$D$29,$R37,$C$6:$C$29) +SUMIF($F$6:$F$29,$R37,$E$6:$E$29) +SUMIF($H$6:$H$29,$R37,$G$6:$G$29)+SUMIF($J$6:$J$29,$R37,$I$6:$I$29)+SUMIF($L$6:$L$29,$R37,$K$6:$K$29)+SUMIF($N$6:$N$29,$R37,$M$6:$M$29)+SUMIF($P$6:$P$29,$R37,$O$6:$O$29) -> 49.84
D38: Weekly Expenses | H38: =W78 -> 85.74 | I38: =Guide!D14 -> GBP | R38: =Guide!C57 -> T2 | S38: =Guide!F57 -> Insurance | V38: =COUNTIF($D$6:$D$29,$R38)+COUNTIF($F$6:$F$29,$R38)+COUNTIF($H$6:$H$29,$R38)+COUNTIF($J$6:$J$29,$R38)+COUNTIF($L$6:$L$29,$R38)+COUNTIF($N$6:$N$29,$R38)+COUNTIF($P$6:$P$29,$R38) -> 0 | W38: =SUMIF($D$6:$D$29,$R38,$C$6:$C$29) +SUMIF($F$6:$F$29,$R38,$E$6:$E$29) +SUMIF($H$6:$H$29,$R38,$G$6:$G$29)+SUMIF($J$6:$J$29,$R38,$I$6:$I$29)+SUMIF($L$6:$L$29,$R38,$K$6:$K$29)+SUMIF($N$6:$N$29,$R38,$M$6:$M$29)+SUMIF($P$6:$P$29,$R38,$O$6:$O$29) -> 0
R39: =Guide!C58 -> T3 | S39: =Guide!F58 -> Registration / Licence | V39: =COUNTIF($D$6:$D$29,$R39)+COUNTIF($F$6:$F$29,$R39)+COUNTIF($H$6:$H$29,$R39)+COUNTIF($J$6:$J$29,$R39)+COUNTIF($L$6:$L$29,$R39)+COUNTIF($N$6:$N$29,$R39)+COUNTIF($P$6:$P$29,$R39) -> 0 | W39: =SUMIF($D$6:$D$29,$R39,$C$6:$C$29) +SUMIF($F$6:$F$29,$R39,$E$6:$E$29) +SUMIF($H$6:$H$29,$R39,$G$6:$G$29)+SUMIF($J$6:$J$29,$R39,$I$6:$I$29)+SUMIF($L$6:$L$29,$R39,$K$6:$K$29)+SUMIF($N$6:$N$29,$R39,$M$6:$M$29)+SUMIF($P$6:$P$29,$R39,$O$6:$O$29) -> 0
R40: =Guide!C59 -> T4 | S40: =Guide!F59 -> Maintenance | V40: =COUNTIF($D$6:$D$29,$R40)+COUNTIF($F$6:$F$29,$R40)+COUNTIF($H$6:$H$29,$R40)+COUNTIF($J$6:$J$29,$R40)+COUNTIF($L$6:$L$29,$R40)+COUNTIF($N$6:$N$29,$R40)+COUNTIF($P$6:$P$29,$R40) -> 0 | W40: =SUMIF($D$6:$D$29,$R40,$C$6:$C$29) +SUMIF($F$6:$F$29,$R40,$E$6:$E$29) +SUMIF($H$6:$H$29,$R40,$G$6:$G$29)+SUMIF($J$6:$J$29,$R40,$I$6:$I$29)+SUMIF($L$6:$L$29,$R40,$K$6:$K$29)+SUMIF($N$6:$N$29,$R40,$M$6:$M$29)+SUMIF($P$6:$P$29,$R40,$O$6:$O$29) -> 0
R41: =Guide!C60 -> T5 | S41: =Guide!F60 -> Public transport | V41: =COUNTIF($D$6:$D$29,$R41)+COUNTIF($F$6:$F$29,$R41)+COUNTIF($H$6:$H$29,$R41)+COUNTIF($J$6:$J$29,$R41)+COUNTIF($L$6:$L$29,$R41)+COUNTIF($N$6:$N$29,$R41)+COUNTIF($P$6:$P$29,$R41) -> 0 | W41: =SUMIF($D$6:$D$29,$R41,$C$6:$C$29) +SUMIF($F$6:$F$29,$R41,$E$6:$E$29) +SUMIF($H$6:$H$29,$R41,$G$6:$G$29)+SUMIF($J$6:$J$29,$R41,$I$6:$I$29)+SUMIF($L$6:$L$29,$R41,$K$6:$K$29)+SUMIF($N$6:$N$29,$R41,$M$6:$M$29)+SUMIF($P$6:$P$29,$R41,$O$6:$O$29) -> 0
R42: =Guide!C61 -> T6 | S42: =Guide!F61 -> Vehicle payments | V42: =COUNTIF($D$6:$D$29,$R42)+COUNTIF($F$6:$F$29,$R42)+COUNTIF($H$6:$H$29,$R42)+COUNTIF($J$6:$J$29,$R42)+COUNTIF($L$6:$L$29,$R42)+COUNTIF($N$6:$N$29,$R42)+COUNTIF($P$6:$P$29,$R42) -> 0 | W42: =SUMIF($D$6:$D$29,$R42,$C$6:$C$29) +SUMIF($F$6:$F$29,$R42,$E$6:$E$29) +SUMIF($H$6:$H$29,$R42,$G$6:$G$29)+SUMIF($J$6:$J$29,$R42,$I$6:$I$29)+SUMIF($L$6:$L$29,$R42,$K$6:$K$29)+SUMIF($N$6:$N$29,$R42,$M$6:$M$29)+SUMIF($P$6:$P$29,$R42,$O$6:$O$29) -> 0
R43: =Guide!C62 -> T7 | S43: =Guide!F62 -> other (can add own) | V43: =COUNTIF($D$6:$D$29,$R43)+COUNTIF($F$6:$F$29,$R43)+COUNTIF($H$6:$H$29,$R43)+COUNTIF($J$6:$J$29,$R43)+COUNTIF($L$6:$L$29,$R43)+COUNTIF($N$6:$N$29,$R43)+COUNTIF($P$6:$P$29,$R43) -> 0 | W43: =SUMIF($D$6:$D$29,$R43,$C$6:$C$29) +SUMIF($F$6:$F$29,$R43,$E$6:$E$29) +SUMIF($H$6:$H$29,$R43,$G$6:$G$29)+SUMIF($J$6:$J$29,$R43,$I$6:$I$29)+SUMIF($L$6:$L$29,$R43,$K$6:$K$29)+SUMIF($N$6:$N$29,$R43,$M$6:$M$29)+SUMIF($P$6:$P$29,$R43,$O$6:$O$29) -> 0
R44: =Guide!C63 -> T8 | S44: =Guide!F63 -> Parking | V44: =COUNTIF($D$6:$D$29,$R44)+COUNTIF($F$6:$F$29,$R44)+COUNTIF($H$6:$H$29,$R44)+COUNTIF($J$6:$J$29,$R44)+COUNTIF($L$6:$L$29,$R44)+COUNTIF($N$6:$N$29,$R44)+COUNTIF($P$6:$P$29,$R44) -> 0 | W44: =SUMIF($D$6:$D$29,$R44,$C$6:$C$29) +SUMIF($F$6:$F$29,$R44,$E$6:$E$29) +SUMIF($H$6:$H$29,$R44,$G$6:$G$29)+SUMIF($J$6:$J$29,$R44,$I$6:$I$29)+SUMIF($L$6:$L$29,$R44,$K$6:$K$29)+SUMIF($N$6:$N$29,$R44,$M$6:$M$29)+SUMIF($P$6:$P$29,$R44,$O$6:$O$29) -> 0
R45: =Guide!C64 -> T9 | S45: =Guide!F64 -> User defined | V45: =COUNTIF($D$6:$D$29,$R45)+COUNTIF($F$6:$F$29,$R45)+COUNTIF($H$6:$H$29,$R45)+COUNTIF($J$6:$J$29,$R45)+COUNTIF($L$6:$L$29,$R45)+COUNTIF($N$6:$N$29,$R45)+COUNTIF($P$6:$P$29,$R45) -> 0 | W45: =SUMIF($D$6:$D$29,$R45,$C$6:$C$29) +SUMIF($F$6:$F$29,$R45,$E$6:$E$29) +SUMIF($H$6:$H$29,$R45,$G$6:$G$29)+SUMIF($J$6:$J$29,$R45,$I$6:$I$29)+SUMIF($L$6:$L$29,$R45,$K$6:$K$29)+SUMIF($N$6:$N$29,$R45,$M$6:$M$29)+SUMIF($P$6:$P$29,$R45,$O$6:$O$29) -> 0
R46: =Guide!C65 -> T10 | S46: =Guide!F65 -> User defined | V46: =COUNTIF($D$6:$D$29,$R46)+COUNTIF($F$6:$F$29,$R46)+COUNTIF($H$6:$H$29,$R46)+COUNTIF($J$6:$J$29,$R46)+COUNTIF($L$6:$L$29,$R46)+COUNTIF($N$6:$N$29,$R46)+COUNTIF($P$6:$P$29,$R46) -> 0 | W46: =SUMIF($D$6:$D$29,$R46,$C$6:$C$29) +SUMIF($F$6:$F$29,$R46,$E$6:$E$29) +SUMIF($H$6:$H$29,$R46,$G$6:$G$29)+SUMIF($J$6:$J$29,$R46,$I$6:$I$29)+SUMIF($L$6:$L$29,$R46,$K$6:$K$29)+SUMIF($N$6:$N$29,$R46,$M$6:$M$29)+SUMIF($P$6:$P$29,$R46,$O$6:$O$29) -> 0
S47: =Guide!C67 -> Education
R48: =Guide!C68 -> D1 | S48: =Guide!F68 -> Books | V48: =COUNTIF($D$6:$D$29,$R48)+COUNTIF($F$6:$F$29,$R48)+COUNTIF($H$6:$H$29,$R48)+COUNTIF($J$6:$J$29,$R48)+COUNTIF($L$6:$L$29,$R48)+COUNTIF($N$6:$N$29,$R48)+COUNTIF($P$6:$P$29,$R48) -> 0 | W48: =SUMIF($D$6:$D$29,$R48,$C$6:$C$29) +SUMIF($F$6:$F$29,$R48,$E$6:$E$29) +SUMIF($H$6:$H$29,$R48,$G$6:$G$29)+SUMIF($J$6:$J$29,$R48,$I$6:$I$29)+SUMIF($L$6:$L$29,$R48,$K$6:$K$29)+SUMIF($N$6:$N$29,$R48,$M$6:$M$29)+SUMIF($P$6:$P$29,$R48,$O$6:$O$29) -> 0
R49: =Guide!C69 -> D2 | S49: =Guide!F69 -> Fees | V49: =COUNTIF($D$6:$D$29,$R49)+COUNTIF($F$6:$F$29,$R49)+COUNTIF($H$6:$H$29,$R49)+COUNTIF($J$6:$J$29,$R49)+COUNTIF($L$6:$L$29,$R49)+COUNTIF($N$6:$N$29,$R49)+COUNTIF($P$6:$P$29,$R49) -> 0 | W49: =SUMIF($D$6:$D$29,$R49,$C$6:$C$29) +SUMIF($F$6:$F$29,$R49,$E$6:$E$29) +SUMIF($H$6:$H$29,$R49,$G$6:$G$29)+SUMIF($J$6:$J$29,$R49,$I$6:$I$29)+SUMIF($L$6:$L$29,$R49,$K$6:$K$29)+SUMIF($N$6:$N$29,$R49,$M$6:$M$29)+SUMIF($P$6:$P$29,$R49,$O$6:$O$29) -> 0
R50: =Guide!C70 -> D3 | S50: =Guide!F70 -> Exams | V50: =COUNTIF($D$6:$D$29,$R50)+COUNTIF($F$6:$F$29,$R50)+COUNTIF($H$6:$H$29,$R50)+COUNTIF($J$6:$J$29,$R50)+COUNTIF($L$6:$L$29,$R50)+COUNTIF($N$6:$N$29,$R50)+COUNTIF($P$6:$P$29,$R50) -> 0 | W50: =SUMIF($D$6:$D$29,$R50,$C$6:$C$29) +SUMIF($F$6:$F$29,$R50,$E$6:$E$29) +SUMIF($H$6:$H$29,$R50,$G$6:$G$29)+SUMIF($J$6:$J$29,$R50,$I$6:$I$29)+SUMIF($L$6:$L$29,$R50,$K$6:$K$29)+SUMIF($N$6:$N$29,$R50,$M$6:$M$29)+SUMIF($P$6:$P$29,$R50,$O$6:$O$29) -> 0
R51: =Guide!C71 -> D4 | S51: =Guide!F71 -> Materials | V51: =COUNTIF($D$6:$D$29,$R51)+COUNTIF($F$6:$F$29,$R51)+COUNTIF($H$6:$H$29,$R51)+COUNTIF($J$6:$J$29,$R51)+COUNTIF($L$6:$L$29,$R51)+COUNTIF($N$6:$N$29,$R51)+COUNTIF($P$6:$P$29,$R51) -> 1 | W51: =SUMIF($D$6:$D$29,$R51,$C$6:$C$29) +SUMIF($F$6:$F$29,$R51,$E$6:$E$29) +SUMIF($H$6:$H$29,$R51,$G$6:$G$29)+SUMIF($J$6:$J$29,$R51,$I$6:$I$29)+SUMIF($L$6:$L$29,$R51,$K$6:$K$29)+SUMIF($N$6:$N$29,$R51,$M$6:$M$29)+SUMIF($P$6:$P$29,$R51,$O$6:$O$29) -> 16
R52: =Guide!C72 -> D5 | S52: =Guide!F72 -> other (can add own) | V52: =COUNTIF($D$6:$D$29,$R52)+COUNTIF($F$6:$F$29,$R52)+COUNTIF($H$6:$H$29,$R52)+COUNTIF($J$6:$J$29,$R52)+COUNTIF($L$6:$L$29,$R52)+COUNTIF($N$6:$N$29,$R52)+COUNTIF($P$6:$P$29,$R52) -> 0 | W52: =SUMIF($D$6:$D$29,$R52,$C$6:$C$29) +SUMIF($F$6:$F$29,$R52,$E$6:$E$29) +SUMIF($H$6:$H$29,$R52,$G$6:$G$29)+SUMIF($J$6:$J$29,$R52,$I$6:$I$29)+SUMIF($L$6:$L$29,$R52,$K$6:$K$29)+SUMIF($N$6:$N$29,$R52,$M$6:$M$29)+SUMIF($P$6:$P$29,$R52,$O$6:$O$29) -> 0
R53: =Guide!C73 -> D6 | S53: =Guide!F73 -> User defined | V53: =COUNTIF($D$6:$D$29,$R53)+COUNTIF($F$6:$F$29,$R53)+COUNTIF($H$6:$H$29,$R53)+COUNTIF($J$6:$J$29,$R53)+COUNTIF($L$6:$L$29,$R53)+COUNTIF($N$6:$N$29,$R53)+COUNTIF($P$6:$P$29,$R53) -> 0 | W53: =SUMIF($D$6:$D$29,$R53,$C$6:$C$29) +SUMIF($F$6:$F$29,$R53,$E$6:$E$29) +SUMIF($H$6:$H$29,$R53,$G$6:$G$29)+SUMIF($J$6:$J$29,$R53,$I$6:$I$29)+SUMIF($L$6:$L$29,$R53,$K$6:$K$29)+SUMIF($N$6:$N$29,$R53,$M$6:$M$29)+SUMIF($P$6:$P$29,$R53,$O$6:$O$29) -> 0
R54: =Guide!C74 -> D7 | S54: =Guide!F74 -> User defined | V54: =COUNTIF($D$6:$D$29,$R54)+COUNTIF($F$6:$F$29,$R54)+COUNTIF($H$6:$H$29,$R54)+COUNTIF($J$6:$J$29,$R54)+COUNTIF($L$6:$L$29,$R54)+COUNTIF($N$6:$N$29,$R54)+COUNTIF($P$6:$P$29,$R54) -> 0 | W54: =SUMIF($D$6:$D$29,$R54,$C$6:$C$29) +SUMIF($F$6:$F$29,$R54,$E$6:$E$29) +SUMIF($H$6:$H$29,$R54,$G$6:$G$29)+SUMIF($J$6:$J$29,$R54,$I$6:$I$29)+SUMIF($L$6:$L$29,$R54,$K$6:$K$29)+SUMIF($N$6:$N$29,$R54,$M$6:$M$29)+SUMIF($P$6:$P$29,$R54,$O$6:$O$29) -> 0
R55: =Guide!C75 -> D8 | S55: =Guide!F75 -> User defined | V55: =COUNTIF($D$6:$D$29,$R55)+COUNTIF($F$6:$F$29,$R55)+COUNTIF($H$6:$H$29,$R55)+COUNTIF($J$6:$J$29,$R55)+COUNTIF($L$6:$L$29,$R55)+COUNTIF($N$6:$N$29,$R55)+COUNTIF($P$6:$P$29,$R55) -> 0 | W55: =SUMIF($D$6:$D$29,$R55,$C$6:$C$29) +SUMIF($F$6:$F$29,$R55,$E$6:$E$29) +SUMIF($H$6:$H$29,$R55,$G$6:$G$29)+SUMIF($J$6:$J$29,$R55,$I$6:$I$29)+SUMIF($L$6:$L$29,$R55,$K$6:$K$29)+SUMIF($N$6:$N$29,$R55,$M$6:$M$29)+SUMIF($P$6:$P$29,$R55,$O$6:$O$29) -> 0
S56: =Guide!C77 -> Entertainment
R57: =Guide!C78 -> E1 | S57: =Guide!F78 -> Movies | V57: =COUNTIF($D$6:$D$29,$R57)+COUNTIF($F$6:$F$29,$R57)+COUNTIF($H$6:$H$29,$R57)+COUNTIF($J$6:$J$29,$R57)+COUNTIF($L$6:$L$29,$R57)+COUNTIF($N$6:$N$29,$R57)+COUNTIF($P$6:$P$29,$R57) -> 0 | W57: =SUMIF($D$6:$D$29,$R57,$C$6:$C$29) +SUMIF($F$6:$F$29,$R57,$E$6:$E$29) +SUMIF($H$6:$H$29,$R57,$G$6:$G$29)+SUMIF($J$6:$J$29,$R57,$I$6:$I$29)+SUMIF($L$6:$L$29,$R57,$K$6:$K$29)+SUMIF($N$6:$N$29,$R57,$M$6:$M$29)+SUMIF($P$6:$P$29,$R57,$O$6:$O$29) -> 0
R58: =Guide!C79 -> E2 | S58: =Guide!F79 -> Computer | V58: =COUNTIF($D$6:$D$29,$R58)+COUNTIF($F$6:$F$29,$R58)+COUNTIF($H$6:$H$29,$R58)+COUNTIF($J$6:$J$29,$R58)+COUNTIF($L$6:$L$29,$R58)+COUNTIF($N$6:$N$29,$R58)+COUNTIF($P$6:$P$29,$R58) -> 0 | W58: =SUMIF($D$6:$D$29,$R58,$C$6:$C$29) +SUMIF($F$6:$F$29,$R58,$E$6:$E$29) +SUMIF($H$6:$H$29,$R58,$G$6:$G$29)+SUMIF($J$6:$J$29,$R58,$I$6:$I$29)+SUMIF($L$6:$L$29,$R58,$K$6:$K$29)+SUMIF($N$6:$N$29,$R58,$M$6:$M$29)+SUMIF($P$6:$P$29,$R58,$O$6:$O$29) -> 0
R59: =Guide!C80 -> E3 | S59: =Guide!F80 -> Books and Magazines | V59: =COUNTIF($D$6:$D$29,$R59)+COUNTIF($F$6:$F$29,$R59)+COUNTIF($H$6:$H$29,$R59)+COUNTIF($J$6:$J$29,$R59)+COUNTIF($L$6:$L$29,$R59)+COUNTIF($N$6:$N$29,$R59)+COUNTIF($P$6:$P$29,$R59) -> 0 | W59: =SUMIF($D$6:$D$29,$R59,$C$6:$C$29) +SUMIF($F$6:$F$29,$R59,$E$6:$E$29) +SUMIF($H$6:$H$29,$R59,$G$6:$G$29)+SUMIF($J$6:$J$29,$R59,$I$6:$I$29)+SUMIF($L$6:$L$29,$R59,$K$6:$K$29)+SUMIF($N$6:$N$29,$R59,$M$6:$M$29)+SUMIF($P$6:$P$29,$R59,$O$6:$O$29) -> 0
R60: =Guide!C81 -> E4 | S60: =Guide!F81 -> Hobbies | V60: =COUNTIF($D$6:$D$29,$R60)+COUNTIF($F$6:$F$29,$R60)+COUNTIF($H$6:$H$29,$R60)+COUNTIF($J$6:$J$29,$R60)+COUNTIF($L$6:$L$29,$R60)+COUNTIF($N$6:$N$29,$R60)+COUNTIF($P$6:$P$29,$R60) -> 0 | W60: =SUMIF($D$6:$D$29,$R60,$C$6:$C$29) +SUMIF($F$6:$F$29,$R60,$E$6:$E$29) +SUMIF($H$6:$H$29,$R60,$G$6:$G$29)+SUMIF($J$6:$J$29,$R60,$I$6:$I$29)+SUMIF($L$6:$L$29,$R60,$K$6:$K$29)+SUMIF($N$6:$N$29,$R60,$M$6:$M$29)+SUMIF($P$6:$P$29,$R60,$O$6:$O$29) -> 0
R61: =Guide!C82 -> E5 | S61: =Guide!F82 -> Holidays | V61: =COUNTIF($D$6:$D$29,$R61)+COUNTIF($F$6:$F$29,$R61)+COUNTIF($H$6:$H$29,$R61)+COUNTIF($J$6:$J$29,$R61)+COUNTIF($L$6:$L$29,$R61)+COUNTIF($N$6:$N$29,$R61)+COUNTIF($P$6:$P$29,$R61) -> 0 | W61: =SUMIF($D$6:$D$29,$R61,$C$6:$C$29) +SUMIF($F$6:$F$29,$R61,$E$6:$E$29) +SUMIF($H$6:$H$29,$R61,$G$6:$G$29)+SUMIF($J$6:$J$29,$R61,$I$6:$I$29)+SUMIF($L$6:$L$29,$R61,$K$6:$K$29)+SUMIF($N$6:$N$29,$R61,$M$6:$M$29)+SUMIF($P$6:$P$29,$R61,$O$6:$O$29) -> 0
R62: =Guide!C83 -> E6 | S62: =Guide!F83 -> other (can add own) | V62: =COUNTIF($D$6:$D$29,$R62)+COUNTIF($F$6:$F$29,$R62)+COUNTIF($H$6:$H$29,$R62)+COUNTIF($J$6:$J$29,$R62)+COUNTIF($L$6:$L$29,$R62)+COUNTIF($N$6:$N$29,$R62)+COUNTIF($P$6:$P$29,$R62) -> 0 | W62: =SUMIF($D$6:$D$29,$R62,$C$6:$C$29) +SUMIF($F$6:$F$29,$R62,$E$6:$E$29) +SUMIF($H$6:$H$29,$R62,$G$6:$G$29)+SUMIF($J$6:$J$29,$R62,$I$6:$I$29)+SUMIF($L$6:$L$29,$R62,$K$6:$K$29)+SUMIF($N$6:$N$29,$R62,$M$6:$M$29)+SUMIF($P$6:$P$29,$R62,$O$6:$O$29) -> 0
R63: =Guide!C84 -> E7 | S63: =Guide!F84 -> Going Out | V63: =COUNTIF($D$6:$D$29,$R63)+COUNTIF($F$6:$F$29,$R63)+COUNTIF($H$6:$H$29,$R63)+COUNTIF($J$6:$J$29,$R63)+COUNTIF($L$6:$L$29,$R63)+COUNTIF($N$6:$N$29,$R63)+COUNTIF($P$6:$P$29,$R63) -> 1 | W63: =SUMIF($D$6:$D$29,$R63,$C$6:$C$29) +SUMIF($F$6:$F$29,$R63,$E$6:$E$29) +SUMIF($H$6:$H$29,$R63,$G$6:$G$29)+SUMIF($J$6:$J$29,$R63,$I$6:$I$29)+SUMIF($L$6:$L$29,$R63,$K$6:$K$29)+SUMIF($N$6:$N$29,$R63,$M$6:$M$29)+SUMIF($P$6:$P$29,$R63,$O$6:$O$29) -> 16
R64: =Guide!C85 -> E8 | S64: =Guide!F85 -> User defined | V64: =COUNTIF($D$6:$D$29,$R64)+COUNTIF($F$6:$F$29,$R64)+COUNTIF($H$6:$H$29,$R64)+COUNTIF($J$6:$J$29,$R64)+COUNTIF($L$6:$L$29,$R64)+COUNTIF($N$6:$N$29,$R64)+COUNTIF($P$6:$P$29,$R64) -> 0 | W64: =SUMIF($D$6:$D$29,$R64,$C$6:$C$29) +SUMIF($F$6:$F$29,$R64,$E$6:$E$29) +SUMIF($H$6:$H$29,$R64,$G$6:$G$29)+SUMIF($J$6:$J$29,$R64,$I$6:$I$29)+SUMIF($L$6:$L$29,$R64,$K$6:$K$29)+SUMIF($N$6:$N$29,$R64,$M$6:$M$29)+SUMIF($P$6:$P$29,$R64,$O$6:$O$29) -> 0
R65: =Guide!C86 -> E9 | S65: =Guide!F86 -> User defined | V65: =COUNTIF($D$6:$D$29,$R65)+COUNTIF($F$6:$F$29,$R65)+COUNTIF($H$6:$H$29,$R65)+COUNTIF($J$6:$J$29,$R65)+COUNTIF($L$6:$L$29,$R65)+COUNTIF($N$6:$N$29,$R65)+COUNTIF($P$6:$P$29,$R65) -> 0 | W65: =SUMIF($D$6:$D$29,$R65,$C$6:$C$29) +SUMIF($F$6:$F$29,$R65,$E$6:$E$29) +SUMIF($H$6:$H$29,$R65,$G$6:$G$29)+SUMIF($J$6:$J$29,$R65,$I$6:$I$29)+SUMIF($L$6:$L$29,$R65,$K$6:$K$29)+SUMIF($N$6:$N$29,$R65,$M$6:$M$29)+SUMIF($P$6:$P$29,$R65,$O$6:$O$29) -> 0
S66: =Guide!C88 -> Other
R67: =Guide!C89 -> O1 | S67: =Guide!F89 -> Income Protection | V67: =COUNTIF($D$6:$D$29,$R67)+COUNTIF($F$6:$F$29,$R67)+COUNTIF($H$6:$H$29,$R67)+COUNTIF($J$6:$J$29,$R67)+COUNTIF($L$6:$L$29,$R67)+COUNTIF($N$6:$N$29,$R67)+COUNTIF($P$6:$P$29,$R67) -> 0 | W67: =SUMIF($D$6:$D$29,$R67,$C$6:$C$29) +SUMIF($F$6:$F$29,$R67,$E$6:$E$29) +SUMIF($H$6:$H$29,$R67,$G$6:$G$29)+SUMIF($J$6:$J$29,$R67,$I$6:$I$29)+SUMIF($L$6:$L$29,$R67,$K$6:$K$29)+SUMIF($N$6:$N$29,$R67,$M$6:$M$29)+SUMIF($P$6:$P$29,$R67,$O$6:$O$29) -> 0
R68: =Guide!C90 -> O2 | S68: =Guide!F90 -> Life insurance | V68: =COUNTIF($D$6:$D$29,$R68)+COUNTIF($F$6:$F$29,$R68)+COUNTIF($H$6:$H$29,$R68)+COUNTIF($J$6:$J$29,$R68)+COUNTIF($L$6:$L$29,$R68)+COUNTIF($N$6:$N$29,$R68)+COUNTIF($P$6:$P$29,$R68) -> 0 | W68: =SUMIF($D$6:$D$29,$R68,$C$6:$C$29) +SUMIF($F$6:$F$29,$R68,$E$6:$E$29) +SUMIF($H$6:$H$29,$R68,$G$6:$G$29)+SUMIF($J$6:$J$29,$R68,$I$6:$I$29)+SUMIF($L$6:$L$29,$R68,$K$6:$K$29)+SUMIF($N$6:$N$29,$R68,$M$6:$M$29)+SUMIF($P$6:$P$29,$R68,$O$6:$O$29) -> 0
R69: =Guide!C91 -> O3 | S69: =Guide!F91 -> Gifts | V69: =COUNTIF($D$6:$D$29,$R69)+COUNTIF($F$6:$F$29,$R69)+COUNTIF($H$6:$H$29,$R69)+COUNTIF($J$6:$J$29,$R69)+COUNTIF($L$6:$L$29,$R69)+COUNTIF($N$6:$N$29,$R69)+COUNTIF($P$6:$P$29,$R69) -> 0 | W69: =SUMIF($D$6:$D$29,$R69,$C$6:$C$29) +SUMIF($F$6:$F$29,$R69,$E$6:$E$29) +SUMIF($H$6:$H$29,$R69,$G$6:$G$29)+SUMIF($J$6:$J$29,$R69,$I$6:$I$29)+SUMIF($L$6:$L$29,$R69,$K$6:$K$29)+SUMIF($N$6:$N$29,$R69,$M$6:$M$29)+SUMIF($P$6:$P$29,$R69,$O$6:$O$29) -> 0
R70: =Guide!C92 -> O4 | S70: =Guide!F92 -> Pet | V70: =COUNTIF($D$6:$D$29,$R70)+COUNTIF($F$6:$F$29,$R70)+COUNTIF($H$6:$H$29,$R70)+COUNTIF($J$6:$J$29,$R70)+COUNTIF($L$6:$L$29,$R70)+COUNTIF($N$6:$N$29,$R70)+COUNTIF($P$6:$P$29,$R70) -> 0 | W70: =SUMIF($D$6:$D$29,$R70,$C$6:$C$29) +SUMIF($F$6:$F$29,$R70,$E$6:$E$29) +SUMIF($H$6:$H$29,$R70,$G$6:$G$29)+SUMIF($J$6:$J$29,$R70,$I$6:$I$29)+SUMIF($L$6:$L$29,$R70,$K$6:$K$29)+SUMIF($N$6:$N$29,$R70,$M$6:$M$29)+SUMIF($P$6:$P$29,$R70,$O$6:$O$29) -> 0
R71: =Guide!C93 -> O5 | S71: =Guide!F93 -> Investments | V71: =COUNTIF($D$6:$D$29,$R71)+COUNTIF($F$6:$F$29,$R71)+COUNTIF($H$6:$H$29,$R71)+COUNTIF($J$6:$J$29,$R71)+COUNTIF($L$6:$L$29,$R71)+COUNTIF($N$6:$N$29,$R71)+COUNTIF($P$6:$P$29,$R71) -> 0 | W71: =SUMIF($D$6:$D$29,$R71,$C$6:$C$29) +SUMIF($F$6:$F$29,$R71,$E$6:$E$29) +SUMIF($H$6:$H$29,$R71,$G$6:$G$29)+SUMIF($J$6:$J$29,$R71,$I$6:$I$29)+SUMIF($L$6:$L$29,$R71,$K$6:$K$29)+SUMIF($N$6:$N$29,$R71,$M$6:$M$29)+SUMIF($P$6:$P$29,$R71,$O$6:$O$29) -> 0
R72: =Guide!C94 -> O6 | S72: =Guide!F94 -> Loans, debts, taxes | V72: =COUNTIF($D$6:$D$29,$R72)+COUNTIF($F$6:$F$29,$R72)+COUNTIF($H$6:$H$29,$R72)+COUNTIF($J$6:$J$29,$R72)+COUNTIF($L$6:$L$29,$R72)+COUNTIF($N$6:$N$29,$R72)+COUNTIF($P$6:$P$29,$R72) -> 0 | W72: =SUMIF($D$6:$D$29,$R72,$C$6:$C$29) +SUMIF($F$6:$F$29,$R72,$E$6:$E$29) +SUMIF($H$6:$H$29,$R72,$G$6:$G$29)+SUMIF($J$6:$J$29,$R72,$I$6:$I$29)+SUMIF($L$6:$L$29,$R72,$K$6:$K$29)+SUMIF($N$6:$N$29,$R72,$M$6:$M$29)+SUMIF($P$6:$P$29,$R72,$O$6:$O$29) -> 0
R73: =Guide!C95 -> O7 | S73: =Guide!F95 -> Other (can add own) | V73: =COUNTIF($D$6:$D$29,$R73)+COUNTIF($F$6:$F$29,$R73)+COUNTIF($H$6:$H$29,$R73)+COUNTIF($J$6:$J$29,$R73)+COUNTIF($L$6:$L$29,$R73)+COUNTIF($N$6:$N$29,$R73)+COUNTIF($P$6:$P$29,$R73) -> 0 | W73: =SUMIF($D$6:$D$29,$R73,$C$6:$C$29) +SUMIF($F$6:$F$29,$R73,$E$6:$E$29) +SUMIF($H$6:$H$29,$R73,$G$6:$G$29)+SUMIF($J$6:$J$29,$R73,$I$6:$I$29)+SUMIF($L$6:$L$29,$R73,$K$6:$K$29)+SUMIF($N$6:$N$29,$R73,$M$6:$M$29)+SUMIF($P$6:$P$29,$R73,$O$6:$O$29) -> 0
R74: =Guide!C96 -> O8 | S74: =Guide!F96 -> Professional Anuities | V74: =COUNTIF($D$6:$D$29,$R74)+COUNTIF($F$6:$F$29,$R74)+COUNTIF($H$6:$H$29,$R74)+COUNTIF($J$6:$J$29,$R74)+COUNTIF($L$6:$L$29,$R74)+COUNTIF($N$6:$N$29,$R74)+COUNTIF($P$6:$P$29,$R74) -> 0 | W74: =SUMIF($D$6:$D$29,$R74,$C$6:$C$29) +SUMIF($F$6:$F$29,$R74,$E$6:$E$29) +SUMIF($H$6:$H$29,$R74,$G$6:$G$29)+SUMIF($J$6:$J$29,$R74,$I$6:$I$29)+SUMIF($L$6:$L$29,$R74,$K$6:$K$29)+SUMIF($N$6:$N$29,$R74,$M$6:$M$29)+SUMIF($P$6:$P$29,$R74,$O$6:$O$29) -> 0
R75: =Guide!C97 -> O9 | S75: =Guide!F97 -> User defined | V75: =COUNTIF($D$6:$D$29,$R75)+COUNTIF($F$6:$F$29,$R75)+COUNTIF($H$6:$H$29,$R75)+COUNTIF($J$6:$J$29,$R75)+COUNTIF($L$6:$L$29,$R75)+COUNTIF($N$6:$N$29,$R75)+COUNTIF($P$6:$P$29,$R75) -> 0 | W75: =SUMIF($D$6:$D$29,$R75,$C$6:$C$29) +SUMIF($F$6:$F$29,$R75,$E$6:$E$29) +SUMIF($H$6:$H$29,$R75,$G$6:$G$29)+SUMIF($J$6:$J$29,$R75,$I$6:$I$29)+SUMIF($L$6:$L$29,$R75,$K$6:$K$29)+SUMIF($N$6:$N$29,$R75,$M$6:$M$29)+SUMIF($P$6:$P$29,$R75,$O$6:$O$29) -> 0
R76: =Guide!C98 -> O10 | S76: =Guide!F98 -> User defined | V76: =COUNTIF($D$6:$D$29,$R76)+COUNTIF($F$6:$F$29,$R76)+COUNTIF($H$6:$H$29,$R76)+COUNTIF($J$6:$J$29,$R76)+COUNTIF($L$6:$L$29,$R76)+COUNTIF($N$6:$N$29,$R76)+COUNTIF($P$6:$P$29,$R76) -> 0 | W76: =SUMIF($D$6:$D$29,$R76,$C$6:$C$29) +SUMIF($F$6:$F$29,$R76,$E$6:$E$29) +SUMIF($H$6:$H$29,$R76,$G$6:$G$29)+SUMIF($J$6:$J$29,$R76,$I$6:$I$29)+SUMIF($L$6:$L$29,$R76,$K$6:$K$29)+SUMIF($N$6:$N$29,$R76,$M$6:$M$29)+SUMIF($P$6:$P$29,$R76,$O$6:$O$29) -> 0
V78: Total | W78: =SUM(W4:W76) -> 85.74

Sheet 29 3 10
C2: =Guide!D12 -> Costas | J2: =IF(TEXT(L2,"ddd")<>"Mon","Set date to a Monday date","") | L2: 40266 | S2: =Guide!C16 -> Expenses Classification - Codes | Y2: =Guide!C102 -> Income Classification - Codes
C3: =TEXT(C4,"dddd") -> Monday | E3: =TEXT(E4,"dddd") -> Tuesday | G3: =TEXT(G4,"dddd") -> Wednesday | I3: =TEXT(I4,"dddd") -> Thursday | K3: =TEXT(K4,"dddd") -> Friday | M3: =TEXT(M4,"dddd") -> Saturday | O3: =TEXT(O4,"dddd") -> Sunday | S3: =Guide!C19 -> Health | V3: Instances | W3: Cost | Y3: Income | AB3: Instances | AC3: Cost
C4: =L2 -> 40266 | E4: =L2+1 -> 40267 | G4: =L2+2 -> 40268 | I4: =L2+3 -> 40269 | K4: =L2+4 -> 40270 | M4: =L2+5 -> 40271 | O4: =L2+6 -> 40272 | R4: =Guide!C20 -> H1 | S4: =Guide!F20 -> Health Insurance | V4: =COUNTIF($D$6:$D$29,$R4)+COUNTIF($F$6:$F$29,$R4)+COUNTIF($H$6:$H$29,$R4)+COUNTIF($J$6:$J$29,$R4)+COUNTIF($L$6:$L$29,$R4)+COUNTIF($N$6:$N$29,$R4)+COUNTIF($P$6:$P$29,$R4) -> 0 | W4: =SUMIF($D$6:$D$29,$R4,$C$6:$C$29) +SUMIF($F$6:$F$29,$R4,$E$6:$E$29) +SUMIF($H$6:$H$29,$R4,$G$6:$G$29)+SUMIF($J$6:$J$29,$R4,$I$6:$I$29)+SUMIF($L$6:$L$29,$R4,$K$6:$K$29)+SUMIF($N$6:$N$29,$R4,$M$6:$M$29)+SUMIF($P$6:$P$29,$R4,$O$6:$O$29) -> 0 | X4: =Guide!C103 -> I1 | Y4: =Guide!F103 -> Salary | AB4: =COUNTIF($D$6:$D$29,$X4)+COUNTIF($F$6:$F$29,$X4)+COUNTIF($H$6:$H$29,$X4)+COUNTIF($J$6:$J$29,$X4)+COUNTIF($L$6:$L$29,$X4)+COUNTIF($N$6:$N$29,$X4)+COUNTIF($P$6:$P$29,$X4) -> 0 | AC4: =SUMIF($D$6:$D$29,$X4,$C$6:$C$29) +SUMIF($F$6:$F$29,$X4,$E$6:$E$29) +SUMIF($H$6:$H$29,$X4,$G$6:$G$29)+SUMIF($J$6:$J$29,$X4,$I$6:$I$29)+SUMIF($L$6:$L$29,$X4,$K$6:$K$29)+SUMIF($N$6:$N$29,$X4,$M$6:$M$29)+SUMIF($P$6:$P$29,$X4,$O$6:$O$29) -> 0
C5: =Guide!D14 -> GBP | D5: Code | E5: =Guide!D14 -> GBP | F5: Code | G5: =Guide!D14 -> GBP | H5: Code | I5: =Guide!D14 -> GBP | J5: Code | K5: =Guide!D14 -> GBP | L5: Code | M5: =Guide!D14 -> GBP | N5: Code | O5: =Guide!D14 -> GBP | P5: Code | R5: =Guide!C21 -> H2 | S5: =Guide!F21 -> Hospital expenses | V5: =COUNTIF($D$6:$D$29,$R5)+COUNTIF($F$6:$F$29,$R5)+COUNTIF($H$6:$H$29,$R5)+COUNTIF($J$6:$J$29,$R5)+COUNTIF($L$6:$L$29,$R5)+COUNTIF($N$6:$N$29,$R5)+COUNTIF($P$6:$P$29,$R5) -> 0 | W5: =SUMIF($D$6:$D$29,$R5,$C$6:$C$29) +SUMIF($F$6:$F$29,$R5,$E$6:$E$29) +SUMIF($H$6:$H$29,$R5,$G$6:$G$29)+SUMIF($J$6:$J$29,$R5,$I$6:$I$29)+SUMIF($L$6:$L$29,$R5,$K$6:$K$29)+SUMIF($N$6:$N$29,$R5,$M$6:$M$29)+SUMIF($P$6:$P$29,$R5,$O$6:$O$29) -> 0 | X5: =Guide!C104 -> I2 | Y5: =Guide!F104 -> Gifts | AB5: =COUNTIF($D$6:$D$29,$X5)+COUNTIF($F$6:$F$29,$X5)+COUNTIF($H$6:$H$29,$X5)+COUNTIF($J$6:$J$29,$X5)+COUNTIF($L$6:$L$29,$X5)+COUNTIF($N$6:$N$29,$X5)+COUNTIF($P$6:$P$29,$X5) -> 0 | AC5: =SUMIF($D$6:$D$29,$X5,$C$6:$C$29) +SUMIF($F$6:$F$29,$X5,$E$6:$E$29) +SUMIF($H$6:$H$29,$X5,$G$6:$G$29)+SUMIF($J$6:$J$29,$X5,$I$6:$I$29)+SUMIF($L$6:$L$29,$X5,$K$6:$K$29)+SUMIF($N$6:$N$29,$X5,$M$6:$M$29)+SUMIF($P$6:$P$29,$X5,$O$6:$O$29) -> 0
R6: =Guide!C22 -> H3 | S6: =Guide!F22 -> Medicines | V6: =COUNTIF($D$6:$D$29,$R6)+COUNTIF($F$6:$F$29,$R6)+COUNTIF($H$6:$H$29,$R6)+COUNTIF($J$6:$J$29,$R6)+COUNTIF($L$6:$L$29,$R6)+COUNTIF($N$6:$N$29,$R6)+COUNTIF($P$6:$P$29,$R6) -> 0 | W6: =SUMIF($D$6:$D$29,$R6,$C$6:$C$29) +SUMIF($F$6:$F$29,$R6,$E$6:$E$29) +SUMIF($H$6:$H$29,$R6,$G$6:$G$29)+SUMIF($J$6:$J$29,$R6,$I$6:$I$29)+SUMIF($L$6:$L$29,$R6,$K$6:$K$29)+SUMIF($N$6:$N$29,$R6,$M$6:$M$29)+SUMIF($P$6:$P$29,$R6,$O$6:$O$29) -> 0 | X6: =Guide!C105 -> I3 | Y6: =Guide!F105 -> Investments ** | AB6: =COUNTIF($D$6:$D$29,$X6)+COUNTIF($F$6:$F$29,$X6)+COUNTIF($H$6:$H$29,$X6)+COUNTIF($J$6:$J$29,$X6)+COUNTIF($L$6:$L$29,$X6)+COUNTIF($N$6:$N$29,$X6)+COUNTIF($P$6:$P$29,$X6) -> 0 | AC6: =SUMIF($D$6:$D$29,$X6,$C$6:$C$29) +SUMIF($F$6:$F$29,$X6,$E$6:$E$29) +SUMIF($H$6:$H$29,$X6,$G$6:$G$29)+SUMIF($J$6:$J$29,$X6,$I$6:$I$29)+SUMIF($L$6:$L$29,$X6,$K$6:$K$29)+SUMIF($N$6:$N$29,$X6,$M$6:$M$29)+SUMIF($P$6:$P$29,$X6,$O$6:$O$29) -> 0
I7: 3.8 | J7: L2 | R7: =Guide!C23 -> H4 | S7: =Guide!F23 -> Sports | V7: =COUNTIF($D$6:$D$29,$R7)+COUNTIF($F$6:$F$29,$R7)+COUNTIF($H$6:$H$29,$R7)+COUNTIF($J$6:$J$29,$R7)+COUNTIF($L$6:$L$29,$R7)+COUNTIF($N$6:$N$29,$R7)+COUNTIF($P$6:$P$29,$R7) -> 0 | W7: =SUMIF($D$6:$D$29,$R7,$C$6:$C$29) +SUMIF($F$6:$F$29,$R7,$E$6:$E$29) +SUMIF($H$6:$H$29,$R7,$G$6:$G$29)+SUMIF($J$6:$J$29,$R7,$I$6:$I$29)+SUMIF($L$6:$L$29,$R7,$K$6:$K$29)+SUMIF($N$6:$N$29,$R7,$M$6:$M$29)+SUMIF($P$6:$P$29,$R7,$O$6:$O$29) -> 0 | X7: =Guide!C106 -> I4 | Y7: =Guide!F106 -> Benefits | AB7: =COUNTIF($D$6:$D$29,$X7)+COUNTIF($F$6:$F$29,$X7)+COUNTIF($H$6:$H$29,$X7)+COUNTIF($J$6:$J$29,$X7)+COUNTIF($L$6:$L$29,$X7)+COUNTIF($N$6:$N$29,$X7)+COUNTIF($P$6:$P$29,$X7) -> 0 | AC7: =SUMIF($D$6:$D$29,$X7,$C$6:$C$29) +SUMIF($F$6:$F$29,$X7,$E$6:$E$29) +SUMIF($H$6:$H$29,$X7,$G$6:$G$29)+SUMIF($J$6:$J$29,$X7,$I$6:$I$29)+SUMIF($L$6:$L$29,$X7,$K$6:$K$29)+SUMIF($N$6:$N$29,$X7,$M$6:$M$29)+SUMIF($P$6:$P$29,$X7,$O$6:$O$29) -> 0
I8: 4.5 | J8: L2 | R8: =Guide!C24 -> H5 | S8: =Guide!F24 -> other (can add own) | V8: =COUNTIF($D$6:$D$29,$R8)+COUNTIF($F$6:$F$29,$R8)+COUNTIF($H$6:$H$29,$R8)+COUNTIF($J$6:$J$29,$R8)+COUNTIF($L$6:$L$29,$R8)+COUNTIF($N$6:$N$29,$R8)+COUNTIF($P$6:$P$29,$R8) -> 0 | W8: =SUMIF($D$6:$D$29,$R8,$C$6:$C$29) +SUMIF($F$6:$F$29,$R8,$E$6:$E$29) +SUMIF($H$6:$H$29,$R8,$G$6:$G$29)+SUMIF($J$6:$J$29,$R8,$I$6:$I$29)+SUMIF($L$6:$L$29,$R8,$K$6:$K$29)+SUMIF($N$6:$N$29,$R8,$M$6:$M$29)+SUMIF($P$6:$P$29,$R8,$O$6:$O$29) -> 0 | X8: =Guide!C107 -> I5 | Y8: =Guide!F107 -> Pension | AB8: =COUNTIF($D$6:$D$29,$X8)+COUNTIF($F$6:$F$29,$X8)+COUNTIF($H$6:$H$29,$X8)+COUNTIF($J$6:$J$29,$X8)+COUNTIF($L$6:$L$29,$X8)+COUNTIF($N$6:$N$29,$X8)+COUNTIF($P$6:$P$29,$X8) -> 0 | AC8: =SUMIF($D$6:$D$29,$X8,$C$6:$C$29) +SUMIF($F$6:$F$29,$X8,$E$6:$E$29) +SUMIF($H$6:$H$29,$X8,$G$6:$G$29)+SUMIF($J$6:$J$29,$X8,$I$6:$I$29)+SUMIF($L$6:$L$29,$X8,$K$6:$K$29)+SUMIF($N$6:$N$29,$X8,$M$6:$M$29)+SUMIF($P$6:$P$29,$X8,$O$6:$O$29) -> 0
R9: =Guide!C25 -> H6 | S9: =Guide!F25 -> User defined | V9: =COUNTIF($D$6:$D$29,$R9)+COUNTIF($F$6:$F$29,$R9)+COUNTIF($H$6:$H$29,$R9)+COUNTIF($J$6:$J$29,$R9)+COUNTIF($L$6:$L$29,$R9)+COUNTIF($N$6:$N$29,$R9)+COUNTIF($P$6:$P$29,$R9) -> 0 | W9: =SUMIF($D$6:$D$29,$R9,$C$6:$C$29) +SUMIF($F$6:$F$29,$R9,$E$6:$E$29) +SUMIF($H$6:$H$29,$R9,$G$6:$G$29)+SUMIF($J$6:$J$29,$R9,$I$6:$I$29)+SUMIF($L$6:$L$29,$R9,$K$6:$K$29)+SUMIF($N$6:$N$29,$R9,$M$6:$M$29)+SUMIF($P$6:$P$29,$R9,$O$6:$O$29) -> 0 | X9: =Guide!C108 -> I6 | Y9: =Guide!F108 -> Other (can add own) | AB9: =COUNTIF($D$6:$D$29,$X9)+COUNTIF($F$6:$F$29,$X9)+COUNTIF($H$6:$H$29,$X9)+COUNTIF($J$6:$J$29,$X9)+COUNTIF($L$6:$L$29,$X9)+COUNTIF($N$6:$N$29,$X9)+COUNTIF($P$6:$P$29,$X9) -> 0 | AC9: =SUMIF($D$6:$D$29,$X9,$C$6:$C$29) +SUMIF($F$6:$F$29,$X9,$E$6:$E$29) +SUMIF($H$6:$H$29,$X9,$G$6:$G$29)+SUMIF($J$6:$J$29,$X9,$I$6:$I$29)+SUMIF($L$6:$L$29,$X9,$K$6:$K$29)+SUMIF($N$6:$N$29,$X9,$M$6:$M$29)+SUMIF($P$6:$P$29,$X9,$O$6:$O$29) -> 0
R10: =Guide!C26 -> H7 | S10: =Guide!F26 -> User defined | V10: =COUNTIF($D$6:$D$29,$R10)+COUNTIF($F$6:$F$29,$R10)+COUNTIF($H$6:$H$29,$R10)+COUNTIF($J$6:$J$29,$R10)+COUNTIF($L$6:$L$29,$R10)+COUNTIF($N$6:$N$29,$R10)+COUNTIF($P$6:$P$29,$R10) -> 0 | W10: =SUMIF($D$6:$D$29,$R10,$C$6:$C$29) +SUMIF($F$6:$F$29,$R10,$E$6:$E$29) +SUMIF($H$6:$H$29,$R10,$G$6:$G$29)+SUMIF($J$6:$J$29,$R10,$I$6:$I$29)+SUMIF($L$6:$L$29,$R10,$K$6:$K$29)+SUMIF($N$6:$N$29,$R10,$M$6:$M$29)+SUMIF($P$6:$P$29,$R10,$O$6:$O$29) -> 0 | X10: =Guide!C109 -> I7 | Y10: =Guide!F109 -> Taxed Interest | AB10: =COUNTIF($D$6:$D$29,$X10)+COUNTIF($F$6:$F$29,$X10)+COUNTIF($H$6:$H$29,$X10)+COUNTIF($J$6:$J$29,$X10)+COUNTIF($L$6:$L$29,$X10)+COUNTIF($N$6:$N$29,$X10)+COUNTIF($P$6:$P$29,$X10) -> 0 | AC10: =SUMIF($D$6:$D$29,$X10,$C$6:$C$29) +SUMIF($F$6:$F$29,$X10,$E$6:$E$29) +SUMIF($H$6:$H$29,$X10,$G$6:$G$29)+SUMIF($J$6:$J$29,$X10,$I$6:$I$29)+SUMIF($L$6:$L$29,$X10,$K$6:$K$29)+SUMIF($N$6:$N$29,$X10,$M$6:$M$29)+SUMIF($P$6:$P$29,$X10,$O$6:$O$29) -> 0
R11: =Guide!C27 -> H8 | S11: =Guide!F27 -> User defined | V11: =COUNTIF($D$6:$D$29,$R11)+COUNTIF($F$6:$F$29,$R11)+COUNTIF($H$6:$H$29,$R11)+COUNTIF($J$6:$J$29,$R11)+COUNTIF($L$6:$L$29,$R11)+COUNTIF($N$6:$N$29,$R11)+COUNTIF($P$6:$P$29,$R11) -> 0 | W11: =SUMIF($D$6:$D$29,$R11,$C$6:$C$29) +SUMIF($F$6:$F$29,$R11,$E$6:$E$29) +SUMIF($H$6:$H$29,$R11,$G$6:$G$29)+SUMIF($J$6:$J$29,$R11,$I$6:$I$29)+SUMIF($L$6:$L$29,$R11,$K$6:$K$29)+SUMIF($N$6:$N$29,$R11,$M$6:$M$29)+SUMIF($P$6:$P$29,$R11,$O$6:$O$29) -> 0 | X11: =Guide!C110 -> I8 | Y11: =Guide!F110 -> User defined | AB11: =COUNTIF($D$6:$D$29,$X11)+COUNTIF($F$6:$F$29,$X11)+COUNTIF($H$6:$H$29,$X11)+COUNTIF($J$6:$J$29,$X11)+COUNTIF($L$6:$L$29,$X11)+COUNTIF($N$6:$N$29,$X11)+COUNTIF($P$6:$P$29,$X11) -> 0 | AC11: =SUMIF($D$6:$D$29,$X11,$C$6:$C$29) +SUMIF($F$6:$F$29,$X11,$E$6:$E$29) +SUMIF($H$6:$H$29,$X11,$G$6:$G$29)+SUMIF($J$6:$J$29,$X11,$I$6:$I$29)+SUMIF($L$6:$L$29,$X11,$K$6:$K$29)+SUMIF($N$6:$N$29,$X11,$M$6:$M$29)+SUMIF($P$6:$P$29,$X11,$O$6:$O$29) -> 0
S12: =Guide!C29 -> Daily Living | X12: =Guide!C111 -> I9 | Y12: =Guide!F111 -> User defined | AB12: =COUNTIF($D$6:$D$29,$X12)+COUNTIF($F$6:$F$29,$X12)+COUNTIF($H$6:$H$29,$X12)+COUNTIF($J$6:$J$29,$X12)+COUNTIF($L$6:$L$29,$X12)+COUNTIF($N$6:$N$29,$X12)+COUNTIF($P$6:$P$29,$X12) -> 0 | AC12: =SUMIF($D$6:$D$29,$X12,$C$6:$C$29) +SUMIF($F$6:$F$29,$X12,$E$6:$E$29) +SUMIF($H$6:$H$29,$X12,$G$6:$G$29)+SUMIF($J$6:$J$29,$X12,$I$6:$I$29)+SUMIF($L$6:$L$29,$X12,$K$6:$K$29)+SUMIF($N$6:$N$29,$X12,$M$6:$M$29)+SUMIF($P$6:$P$29,$X12,$O$6:$O$29) -> 0
R13: =Guide!C30 -> L1 | S13: =Guide!F30 -> Groceries | V13: =COUNTIF($D$6:$D$29,$R13)+COUNTIF($F$6:$F$29,$R13)+COUNTIF($H$6:$H$29,$R13)+COUNTIF($J$6:$J$29,$R13)+COUNTIF($L$6:$L$29,$R13)+COUNTIF($N$6:$N$29,$R13)+COUNTIF($P$6:$P$29,$R13) -> 0 | W13: =SUMIF($D$6:$D$29,$R13,$C$6:$C$29) +SUMIF($F$6:$F$29,$R13,$E$6:$E$29) +SUMIF($H$6:$H$29,$R13,$G$6:$G$29)+SUMIF($J$6:$J$29,$R13,$I$6:$I$29)+SUMIF($L$6:$L$29,$R13,$K$6:$K$29)+SUMIF($N$6:$N$29,$R13,$M$6:$M$29)+SUMIF($P$6:$P$29,$R13,$O$6:$O$29) -> 0
R14: =Guide!C31 -> L2 | S14: =Guide!F31 -> Dining Out | V14: =COUNTIF($D$6:$D$29,$R14)+COUNTIF($F$6:$F$29,$R14)+COUNTIF($H$6:$H$29,$R14)+COUNTIF($J$6:$J$29,$R14)+COUNTIF($L$6:$L$29,$R14)+COUNTIF($N$6:$N$29,$R14)+COUNTIF($P$6:$P$29,$R14) -> 2 | W14: =SUMIF($D$6:$D$29,$R14,$C$6:$C$29) +SUMIF($F$6:$F$29,$R14,$E$6:$E$29) +SUMIF($H$6:$H$29,$R14,$G$6:$G$29)+SUMIF($J$6:$J$29,$R14,$I$6:$I$29)+SUMIF($L$6:$L$29,$R14,$K$6:$K$29)+SUMIF($N$6:$N$29,$R14,$M$6:$M$29)+SUMIF($P$6:$P$29,$R14,$O$6:$O$29) -> 8.3 | AB14: Total | AC14: =SUM(AC4:AC12) -> 0
R15: =Guide!C32 -> L3 | S15: =Guide!F32 -> Clothing | V15: =COUNTIF($D$6:$D$29,$R15)+COUNTIF($F$6:$F$29,$R15)+COUNTIF($H$6:$H$29,$R15)+COUNTIF($J$6:$J$29,$R15)+COUNTIF($L$6:$L$29,$R15)+COUNTIF($N$6:$N$29,$R15)+COUNTIF($P$6:$P$29,$R15) -> 0 | W15: =SUMIF($D$6:$D$29,$R15,$C$6:$C$29) +SUMIF($F$6:$F$29,$R15,$E$6:$E$29) +SUMIF($H$6:$H$29,$R15,$G$6:$G$29)+SUMIF($J$6:$J$29,$R15,$I$6:$I$29)+SUMIF($L$6:$L$29,$R15,$K$6:$K$29)+SUMIF($N$6:$N$29,$R15,$M$6:$M$29)+SUMIF($P$6:$P$29,$R15,$O$6:$O$29) -> 0
R16: =Guide!C33 -> L4 | S16: =Guide!F33 -> Hair | V16: =COUNTIF($D$6:$D$29,$R16)+COUNTIF($F$6:$F$29,$R16)+COUNTIF($H$6:$H$29,$R16)+COUNTIF($J$6:$J$29,$R16)+COUNTIF($L$6:$L$29,$R16)+COUNTIF($N$6:$N$29,$R16)+COUNTIF($P$6:$P$29,$R16) -> 0 | W16: =SUMIF($D$6:$D$29,$R16,$C$6:$C$29) +SUMIF($F$6:$F$29,$R16,$E$6:$E$29) +SUMIF($H$6:$H$29,$R16,$G$6:$G$29)+SUMIF($J$6:$J$29,$R16,$I$6:$I$29)+SUMIF($L$6:$L$29,$R16,$K$6:$K$29)+SUMIF($N$6:$N$29,$R16,$M$6:$M$29)+SUMIF($P$6:$P$29,$R16,$O$6:$O$29) -> 0
R17: =Guide!C34 -> L5 | S17: =Guide!F34 -> Mobile phone | V17: =COUNTIF($D$6:$D$29,$R17)+COUNTIF($F$6:$F$29,$R17)+COUNTIF($H$6:$H$29,$R17)+COUNTIF($J$6:$J$29,$R17)+COUNTIF($L$6:$L$29,$R17)+COUNTIF($N$6:$N$29,$R17)+COUNTIF($P$6:$P$29,$R17) -> 0 | W17: =SUMIF($D$6:$D$29,$R17,$C$6:$C$29) +SUMIF($F$6:$F$29,$R17,$E$6:$E$29) +SUMIF($H$6:$H$29,$R17,$G$6:$G$29)+SUMIF($J$6:$J$29,$R17,$I$6:$I$29)+SUMIF($L$6:$L$29,$R17,$K$6:$K$29)+SUMIF($N$6:$N$29,$R17,$M$6:$M$29)+SUMIF($P$6:$P$29,$R17,$O$6:$O$29) -> 0
R18: =Guide!C35 -> L6 | S18: =Guide!F35 -> other (can add own) | V18: =COUNTIF($D$6:$D$29,$R18)+COUNTIF($F$6:$F$29,$R18)+COUNTIF($H$6:$H$29,$R18)+COUNTIF($J$6:$J$29,$R18)+COUNTIF($L$6:$L$29,$R18)+COUNTIF($N$6:$N$29,$R18)+COUNTIF($P$6:$P$29,$R18) -> 0 | W18: =SUMIF($D$6:$D$29,$R18,$C$6:$C$29) +SUMIF($F$6:$F$29,$R18,$E$6:$E$29) +SUMIF($H$6:$H$29,$R18,$G$6:$G$29)+SUMIF($J$6:$J$29,$R18,$I$6:$I$29)+SUMIF($L$6:$L$29,$R18,$K$6:$K$29)+SUMIF($N$6:$N$29,$R18,$M$6:$M$29)+SUMIF($P$6:$P$29,$R18,$O$6:$O$29) -> 0
R19: =Guide!C36 -> L7 | S19: =Guide!F36 -> User defined | V19: =COUNTIF($D$6:$D$29,$R19)+COUNTIF($F$6:$F$29,$R19)+COUNTIF($H$6:$H$29,$R19)+COUNTIF($J$6:$J$29,$R19)+COUNTIF($L$6:$L$29,$R19)+COUNTIF($N$6:$N$29,$R19)+COUNTIF($P$6:$P$29,$R19) -> 0 | W19: =SUMIF($D$6:$D$29,$R19,$C$6:$C$29) +SUMIF($F$6:$F$29,$R19,$E$6:$E$29) +SUMIF($H$6:$H$29,$R19,$G$6:$G$29)+SUMIF($J$6:$J$29,$R19,$I$6:$I$29)+SUMIF($L$6:$L$29,$R19,$K$6:$K$29)+SUMIF($N$6:$N$29,$R19,$M$6:$M$29)+SUMIF($P$6:$P$29,$R19,$O$6:$O$29) -> 0
R20: =Guide!C37 -> L8 | S20: =Guide!F37 -> User defined | V20: =COUNTIF($D$6:$D$29,$R20)+COUNTIF($F$6:$F$29,$R20)+COUNTIF($H$6:$H$29,$R20)+COUNTIF($J$6:$J$29,$R20)+COUNTIF($L$6:$L$29,$R20)+COUNTIF($N$6:$N$29,$R20)+COUNTIF($P$6:$P$29,$R20) -> 0 | W20: =SUMIF($D$6:$D$29,$R20,$C$6:$C$29) +SUMIF($F$6:$F$29,$R20,$E$6:$E$29) +SUMIF($H$6:$H$29,$R20,$G$6:$G$29)+SUMIF($J$6:$J$29,$R20,$I$6:$I$29)+SUMIF($L$6:$L$29,$R20,$K$6:$K$29)+SUMIF($N$6:$N$29,$R20,$M$6:$M$29)+SUMIF($P$6:$P$29,$R20,$O$6:$O$29) -> 0
R21: =Guide!C38 -> L9 | S21: =Guide!F38 -> User defined | V21: =COUNTIF($D$6:$D$29,$R21)+COUNTIF($F$6:$F$29,$R21)+COUNTIF($H$6:$H$29,$R21)+COUNTIF($J$6:$J$29,$R21)+COUNTIF($L$6:$L$29,$R21)+COUNTIF($N$6:$N$29,$R21)+COUNTIF($P$6:$P$29,$R21) -> 0 | W21: =SUMIF($D$6:$D$29,$R21,$C$6:$C$29) +SUMIF($F$6:$F$29,$R21,$E$6:$E$29) +SUMIF($H$6:$H$29,$R21,$G$6:$G$29)+SUMIF($J$6:$J$29,$R21,$I$6:$I$29)+SUMIF($L$6:$L$29,$R21,$K$6:$K$29)+SUMIF($N$6:$N$29,$R21,$M$6:$M$29)+SUMIF($P$6:$P$29,$R21,$O$6:$O$29) -> 0
S22: =Guide!C40 -> Home
R23: =Guide!C41 -> B1 | S23: =Guide!F41 -> Mortgage / Rent | V23: =COUNTIF($D$6:$D$29,$R23)+COUNTIF($F$6:$F$29,$R23)+COUNTIF($H$6:$H$29,$R23)+COUNTIF($J$6:$J$29,$R23)+COUNTIF($L$6:$L$29,$R23)+COUNTIF($N$6:$N$29,$R23)+COUNTIF($P$6:$P$29,$R23) -> 0 | W23: =SUMIF($D$6:$D$29,$R23,$C$6:$C$29) +SUMIF($F$6:$F$29,$R23,$E$6:$E$29) +SUMIF($H$6:$H$29,$R23,$G$6:$G$29)+SUMIF($J$6:$J$29,$R23,$I$6:$I$29)+SUMIF($L$6:$L$29,$R23,$K$6:$K$29)+SUMIF($N$6:$N$29,$R23,$M$6:$M$29)+SUMIF($P$6:$P$29,$R23,$O$6:$O$29) -> 0
R24: =Guide!C42 -> B2 | S24: =Guide!F42 -> Buildings Insurance | V24: =COUNTIF($D$6:$D$29,$R24)+COUNTIF($F$6:$F$29,$R24)+COUNTIF($H$6:$H$29,$R24)+COUNTIF($J$6:$J$29,$R24)+COUNTIF($L$6:$L$29,$R24)+COUNTIF($N$6:$N$29,$R24)+COUNTIF($P$6:$P$29,$R24) -> 0 | W24: =SUMIF($D$6:$D$29,$R24,$C$6:$C$29) +SUMIF($F$6:$F$29,$R24,$E$6:$E$29) +SUMIF($H$6:$H$29,$R24,$G$6:$G$29)+SUMIF($J$6:$J$29,$R24,$I$6:$I$29)+SUMIF($L$6:$L$29,$R24,$K$6:$K$29)+SUMIF($N$6:$N$29,$R24,$M$6:$M$29)+SUMIF($P$6:$P$29,$R24,$O$6:$O$29) -> 0
R25: =Guide!C43 -> B3 | S25: =Guide!F43 -> Electricity | V25: =COUNTIF($D$6:$D$29,$R25)+COUNTIF($F$6:$F$29,$R25)+COUNTIF($H$6:$H$29,$R25)+COUNTIF($J$6:$J$29,$R25)+COUNTIF($L$6:$L$29,$R25)+COUNTIF($N$6:$N$29,$R25)+COUNTIF($P$6:$P$29,$R25) -> 0 | W25: =SUMIF($D$6:$D$29,$R25,$C$6:$C$29) +SUMIF($F$6:$F$29,$R25,$E$6:$E$29) +SUMIF($H$6:$H$29,$R25,$G$6:$G$29)+SUMIF($J$6:$J$29,$R25,$I$6:$I$29)+SUMIF($L$6:$L$29,$R25,$K$6:$K$29)+SUMIF($N$6:$N$29,$R25,$M$6:$M$29)+SUMIF($P$6:$P$29,$R25,$O$6:$O$29) -> 0
R26: =Guide!C44 -> B4 | S26: =Guide!F44 -> Gas / oil | V26: =COUNTIF($D$6:$D$29,$R26)+COUNTIF($F$6:$F$29,$R26)+COUNTIF($H$6:$H$29,$R26)+COUNTIF($J$6:$J$29,$R26)+COUNTIF($L$6:$L$29,$R26)+COUNTIF($N$6:$N$29,$R26)+COUNTIF($P$6:$P$29,$R26) -> 0 | W26: =SUMIF($D$6:$D$29,$R26,$C$6:$C$29) +SUMIF($F$6:$F$29,$R26,$E$6:$E$29) +SUMIF($H$6:$H$29,$R26,$G$6:$G$29)+SUMIF($J$6:$J$29,$R26,$I$6:$I$29)+SUMIF($L$6:$L$29,$R26,$K$6:$K$29)+SUMIF($N$6:$N$29,$R26,$M$6:$M$29)+SUMIF($P$6:$P$29,$R26,$O$6:$O$29) -> 0
R27: =Guide!C45 -> B5 | S27: =Guide!F45 -> Water / Sewer / Trash | V27: =COUNTIF($D$6:$D$29,$R27)+COUNTIF($F$6:$F$29,$R27)+COUNTIF($H$6:$H$29,$R27)+COUNTIF($J$6:$J$29,$R27)+COUNTIF($L$6:$L$29,$R27)+COUNTIF($N$6:$N$29,$R27)+COUNTIF($P$6:$P$29,$R27) -> 0 | W27: =SUMIF($D$6:$D$29,$R27,$C$6:$C$29) +SUMIF($F$6:$F$29,$R27,$E$6:$E$29) +SUMIF($H$6:$H$29,$R27,$G$6:$G$29)+SUMIF($J$6:$J$29,$R27,$I$6:$I$29)+SUMIF($L$6:$L$29,$R27,$K$6:$K$29)+SUMIF($N$6:$N$29,$R27,$M$6:$M$29)+SUMIF($P$6:$P$29,$R27,$O$6:$O$29) -> 0
R28: =Guide!C46 -> B6 | S28: =Guide!F46 -> Land line | V28: =COUNTIF($D$6:$D$29,$R28)+COUNTIF($F$6:$F$29,$R28)+COUNTIF($H$6:$H$29,$R28)+COUNTIF($J$6:$J$29,$R28)+COUNTIF($L$6:$L$29,$R28)+COUNTIF($N$6:$N$29,$R28)+COUNTIF($P$6:$P$29,$R28) -> 0 | W28: =SUMIF($D$6:$D$29,$R28,$C$6:$C$29) +SUMIF($F$6:$F$29,$R28,$E$6:$E$29) +SUMIF($H$6:$H$29,$R28,$G$6:$G$29)+SUMIF($J$6:$J$29,$R28,$I$6:$I$29)+SUMIF($L$6:$L$29,$R28,$K$6:$K$29)+SUMIF($N$6:$N$29,$R28,$M$6:$M$29)+SUMIF($P$6:$P$29,$R28,$O$6:$O$29) -> 0
R29: =Guide!C47 -> B7 | S29: =Guide!F47 -> TV | V29: =COUNTIF($D$6:$D$29,$R29)+COUNTIF($F$6:$F$29,$R29)+COUNTIF($H$6:$H$29,$R29)+COUNTIF($J$6:$J$29,$R29)+COUNTIF($L$6:$L$29,$R29)+COUNTIF($N$6:$N$29,$R29)+COUNTIF($P$6:$P$29,$R29) -> 0 | W29: =SUMIF($D$6:$D$29,$R29,$C$6:$C$29) +SUMIF($F$6:$F$29,$R29,$E$6:$E$29) +SUMIF($H$6:$H$29,$R29,$G$6:$G$29)+SUMIF($J$6:$J$29,$R29,$I$6:$I$29)+SUMIF($L$6:$L$29,$R29,$K$6:$K$29)+SUMIF($N$6:$N$29,$R29,$M$6:$M$29)+SUMIF($P$6:$P$29,$R29,$O$6:$O$29) -> 0
C30: DO NOT ADD ROWS BELOW THIS OR THEY WONT BE INCLUDED IN THE CALCULATIONS | R30: =Guide!C48 -> B8 | S30: =Guide!F48 -> Internet | V30: =COUNTIF($D$6:$D$29,$R30)+COUNTIF($F$6:$F$29,$R30)+COUNTIF($H$6:$H$29,$R30)+COUNTIF($J$6:$J$29,$R30)+COUNTIF($L$6:$L$29,$R30)+COUNTIF($N$6:$N$29,$R30)+COUNTIF($P$6:$P$29,$R30) -> 0 | W30: =SUMIF($D$6:$D$29,$R30,$C$6:$C$29) +SUMIF($F$6:$F$29,$R30,$E$6:$E$29) +SUMIF($H$6:$H$29,$R30,$G$6:$G$29)+SUMIF($J$6:$J$29,$R30,$I$6:$I$29)+SUMIF($L$6:$L$29,$R30,$K$6:$K$29)+SUMIF($N$6:$N$29,$R30,$M$6:$M$29)+SUMIF($P$6:$P$29,$R30,$O$6:$O$29) -> 0
D31: To add more rows, select a row starting at column C ending at column P. | R31: =Guide!C49 -> B9 | S31: =Guide!F49 -> Maintenance | V31: =COUNTIF($D$6:$D$29,$R31)+COUNTIF($F$6:$F$29,$R31)+COUNTIF($H$6:$H$29,$R31)+COUNTIF($J$6:$J$29,$R31)+COUNTIF($L$6:$L$29,$R31)+COUNTIF($N$6:$N$29,$R31)+COUNTIF($P$6:$P$29,$R31) -> 0 | W31: =SUMIF($D$6:$D$29,$R31,$C$6:$C$29) +SUMIF($F$6:$F$29,$R31,$E$6:$E$29) +SUMIF($H$6:$H$29,$R31,$G$6:$G$29)+SUMIF($J$6:$J$29,$R31,$I$6:$I$29)+SUMIF($L$6:$L$29,$R31,$K$6:$K$29)+SUMIF($N$6:$N$29,$R31,$M$6:$M$29)+SUMIF($P$6:$P$29,$R31,$O$6:$O$29) -> 0
D32: Then press right click and choose insert and Ok (shift cells down). | R32: =Guide!C50 -> B10 | S32: =Guide!F50 -> other (can add own) | V32: =COUNTIF($D$6:$D$29,$R32)+COUNTIF($F$6:$F$29,$R32)+COUNTIF($H$6:$H$29,$R32)+COUNTIF($J$6:$J$29,$R32)+COUNTIF($L$6:$L$29,$R32)+COUNTIF($N$6:$N$29,$R32)+COUNTIF($P$6:$P$29,$R32) -> 0 | W32: =SUMIF($D$6:$D$29,$R32,$C$6:$C$29) +SUMIF($F$6:$F$29,$R32,$E$6:$E$29) +SUMIF($H$6:$H$29,$R32,$G$6:$G$29)+SUMIF($J$6:$J$29,$R32,$I$6:$I$29)+SUMIF($L$6:$L$29,$R32,$K$6:$K$29)+SUMIF($N$6:$N$29,$R32,$M$6:$M$29)+SUMIF($P$6:$P$29,$R32,$O$6:$O$29) -> 0
R33: =Guide!C51 -> B11 | S33: =Guide!F51 -> Council Tax | V33: =COUNTIF($D$6:$D$29,$R33)+COUNTIF($F$6:$F$29,$R33)+COUNTIF($H$6:$H$29,$R33)+COUNTIF($J$6:$J$29,$R33)+COUNTIF($L$6:$L$29,$R33)+COUNTIF($N$6:$N$29,$R33)+COUNTIF($P$6:$P$29,$R33) -> 0 | W33: =SUMIF($D$6:$D$29,$R33,$C$6:$C$29) +SUMIF($F$6:$F$29,$R33,$E$6:$E$29) +SUMIF($H$6:$H$29,$R33,$G$6:$G$29)+SUMIF($J$6:$J$29,$R33,$I$6:$I$29)+SUMIF($L$6:$L$29,$R33,$K$6:$K$29)+SUMIF($N$6:$N$29,$R33,$M$6:$M$29)+SUMIF($P$6:$P$29,$R33,$O$6:$O$29) -> 0
R34: =Guide!C52 -> B12 | S34: =Guide!F52 -> User defined | V34: =COUNTIF($D$6:$D$29,$R34)+COUNTIF($F$6:$F$29,$R34)+COUNTIF($H$6:$H$29,$R34)+COUNTIF($J$6:$J$29,$R34)+COUNTIF($L$6:$L$29,$R34)+COUNTIF($N$6:$N$29,$R34)+COUNTIF($P$6:$P$29,$R34) -> 0 | W34: =SUMIF($D$6:$D$29,$R34,$C$6:$C$29) +SUMIF($F$6:$F$29,$R34,$E$6:$E$29) +SUMIF($H$6:$H$29,$R34,$G$6:$G$29)+SUMIF($J$6:$J$29,$R34,$I$6:$I$29)+SUMIF($L$6:$L$29,$R34,$K$6:$K$29)+SUMIF($N$6:$N$29,$R34,$M$6:$M$29)+SUMIF($P$6:$P$29,$R34,$O$6:$O$29) -> 0
D35: Weekly Income | R35: =Guide!C53 -> B13 | S35: =Guide!F53 -> User defined | V35: =COUNTIF($D$6:$D$29,$R35)+COUNTIF($F$6:$F$29,$R35)+COUNTIF($H$6:$H$29,$R35)+COUNTIF($J$6:$J$29,$R35)+COUNTIF($L$6:$L$29,$R35)+COUNTIF($N$6:$N$29,$R35)+COUNTIF($P$6:$P$29,$R35) -> 0 | W35: =SUMIF($D$6:$D$29,$R35,$C$6:$C$29) +SUMIF($F$6:$F$29,$R35,$E$6:$E$29) +SUMIF($H$6:$H$29,$R35,$G$6:$G$29)+SUMIF($J$6:$J$29,$R35,$I$6:$I$29)+SUMIF($L$6:$L$29,$R35,$K$6:$K$29)+SUMIF($N$6:$N$29,$R35,$M$6:$M$29)+SUMIF($P$6:$P$29,$R35,$O$6:$O$29) -> 0
H36: =AC14 -> 0 | I36: =Guide!D14 -> GBP | J36: BALANCE | L36: =H36-H38 -> -8.3 | S36: =Guide!C55 -> Transportation
R37: =Guide!C56 -> T1 | S37: =Guide!F56 -> Fuel | V37: =COUNTIF($D$6:$D$29,$R37)+COUNTIF($F$6:$F$29,$R37)+COUNTIF($H$6:$H$29,$R37)+COUNTIF($J$6:$J$29,$R37)+COUNTIF($L$6:$L$29,$R37)+COUNTIF($N$6:$N$29,$R37)+COUNTIF($P$6:$P$29,$R37) -> 0 | W37: =SUMIF($D$6:$D$29,$R37,$C$6:$C$29) +SUMIF($F$6:$F$29,$R37,$E$6:$E$29) +SUMIF($H$6:$H$29,$R37,$G$6:$G$29)+SUMIF($J$6:$J$29,$R37,$I$6:$I$29)+SUMIF($L$6:$L$29,$R37,$K$6:$K$29)+SUMIF($N$6:$N$29,$R37,$M$6:$M$29)+SUMIF($P$6:$P$29,$R37,$O$6:$O$29) -> 0
D38: Weekly Expenses | H38: =W78 -> 8.3 | I38: =Guide!D14 -> GBP | R38: =Guide!C57 -> T2 | S38: =Guide!F57 -> Insurance | V38: =COUNTIF($D$6:$D$29,$R38)+COUNTIF($F$6:$F$29,$R38)+COUNTIF($H$6:$H$29,$R38)+COUNTIF($J$6:$J$29,$R38)+COUNTIF($L$6:$L$29,$R38)+COUNTIF($N$6:$N$29,$R38)+COUNTIF($P$6:$P$29,$R38) -> 0 | W38: =SUMIF($D$6:$D$29,$R38,$C$6:$C$29) +SUMIF($F$6:$F$29,$R38,$E$6:$E$29) +SUMIF($H$6:$H$29,$R38,$G$6:$G$29)+SUMIF($J$6:$J$29,$R38,$I$6:$I$29)+SUMIF($L$6:$L$29,$R38,$K$6:$K$29)+SUMIF($N$6:$N$29,$R38,$M$6:$M$29)+SUMIF($P$6:$P$29,$R38,$O$6:$O$29) -> 0
R39: =Guide!C58 -> T3 | S39: =Guide!F58 -> Registration / Licence | V39: =COUNTIF($D$6:$D$29,$R39)+COUNTIF($F$6:$F$29,$R39)+COUNTIF($H$6:$H$29,$R39)+COUNTIF($J$6:$J$29,$R39)+COUNTIF($L$6:$L$29,$R39)+COUNTIF($N$6:$N$29,$R39)+COUNTIF($P$6:$P$29,$R39) -> 0 | W39: =SUMIF($D$6:$D$29,$R39,$C$6:$C$29) +SUMIF($F$6:$F$29,$R39,$E$6:$E$29) +SUMIF($H$6:$H$29,$R39,$G$6:$G$29)+SUMIF($J$6:$J$29,$R39,$I$6:$I$29)+SUMIF($L$6:$L$29,$R39,$K$6:$K$29)+SUMIF($N$6:$N$29,$R39,$M$6:$M$29)+SUMIF($P$6:$P$29,$R39,$O$6:$O$29) -> 0
R40: =Guide!C59 -> T4 | S40: =Guide!F59 -> Maintenance | V40: =COUNTIF($D$6:$D$29,$R40)+COUNTIF($F$6:$F$29,$R40)+COUNTIF($H$6:$H$29,$R40)+COUNTIF($J$6:$J$29,$R40)+COUNTIF($L$6:$L$29,$R40)+COUNTIF($N$6:$N$29,$R40)+COUNTIF($P$6:$P$29,$R40) -> 0 | W40: =SUMIF($D$6:$D$29,$R40,$C$6:$C$29) +SUMIF($F$6:$F$29,$R40,$E$6:$E$29) +SUMIF($H$6:$H$29,$R40,$G$6:$G$29)+SUMIF($J$6:$J$29,$R40,$I$6:$I$29)+SUMIF($L$6:$L$29,$R40,$K$6:$K$29)+SUMIF($N$6:$N$29,$R40,$M$6:$M$29)+SUMIF($P$6:$P$29,$R40,$O$6:$O$29) -> 0
R41: =Guide!C60 -> T5 | S41: =Guide!F60 -> Public transport | V41: =COUNTIF($D$6:$D$29,$R41)+COUNTIF($F$6:$F$29,$R41)+COUNTIF($H$6:$H$29,$R41)+COUNTIF($J$6:$J$29,$R41)+COUNTIF($L$6:$L$29,$R41)+COUNTIF($N$6:$N$29,$R41)+COUNTIF($P$6:$P$29,$R41) -> 0 | W41: =SUMIF($D$6:$D$29,$R41,$C$6:$C$29) +SUMIF($F$6:$F$29,$R41,$E$6:$E$29) +SUMIF($H$6:$H$29,$R41,$G$6:$G$29)+SUMIF($J$6:$J$29,$R41,$I$6:$I$29)+SUMIF($L$6:$L$29,$R41,$K$6:$K$29)+SUMIF($N$6:$N$29,$R41,$M$6:$M$29)+SUMIF($P$6:$P$29,$R41,$O$6:$O$29) -> 0
R42: =Guide!C61 -> T6 | S42: =Guide!F61 -> Vehicle payments | V42: =COUNTIF($D$6:$D$29,$R42)+COUNTIF($F$6:$F$29,$R42)+COUNTIF($H$6:$H$29,$R42)+COUNTIF($J$6:$J$29,$R42)+COUNTIF($L$6:$L$29,$R42)+COUNTIF($N$6:$N$29,$R42)+COUNTIF($P$6:$P$29,$R42) -> 0 | W42: =SUMIF($D$6:$D$29,$R42,$C$6:$C$29) +SUMIF($F$6:$F$29,$R42,$E$6:$E$29) +SUMIF($H$6:$H$29,$R42,$G$6:$G$29)+SUMIF($J$6:$J$29,$R42,$I$6:$I$29)+SUMIF($L$6:$L$29,$R42,$K$6:$K$29)+SUMIF($N$6:$N$29,$R42,$M$6:$M$29)+SUMIF($P$6:$P$29,$R42,$O$6:$O$29) -> 0
R43: =Guide!C62 -> T7 | S43: =Guide!F62 -> other (can add own) | V43: =COUNTIF($D$6:$D$29,$R43)+COUNTIF($F$6:$F$29,$R43)+COUNTIF($H$6:$H$29,$R43)+COUNTIF($J$6:$J$29,$R43)+COUNTIF($L$6:$L$29,$R43)+COUNTIF($N$6:$N$29,$R43)+COUNTIF($P$6:$P$29,$R43) -> 0 | W43: =SUMIF($D$6:$D$29,$R43,$C$6:$C$29) +SUMIF($F$6:$F$29,$R43,$E$6:$E$29) +SUMIF($H$6:$H$29,$R43,$G$6:$G$29)+SUMIF($J$6:$J$29,$R43,$I$6:$I$29)+SUMIF($L$6:$L$29,$R43,$K$6:$K$29)+SUMIF($N$6:$N$29,$R43,$M$6:$M$29)+SUMIF($P$6:$P$29,$R43,$O$6:$O$29) -> 0
R44: =Guide!C63 -> T8 | S44: =Guide!F63 -> Parking | V44: =COUNTIF($D$6:$D$29,$R44)+COUNTIF($F$6:$F$29,$R44)+COUNTIF($H$6:$H$29,$R44)+COUNTIF($J$6:$J$29,$R44)+COUNTIF($L$6:$L$29,$R44)+COUNTIF($N$6:$N$29,$R44)+COUNTIF($P$6:$P$29,$R44) -> 0 | W44: =SUMIF($D$6:$D$29,$R44,$C$6:$C$29) +SUMIF($F$6:$F$29,$R44,$E$6:$E$29) +SUMIF($H$6:$H$29,$R44,$G$6:$G$29)+SUMIF($J$6:$J$29,$R44,$I$6:$I$29)+SUMIF($L$6:$L$29,$R44,$K$6:$K$29)+SUMIF($N$6:$N$29,$R44,$M$6:$M$29)+SUMIF($P$6:$P$29,$R44,$O$6:$O$29) -> 0
R45: =Guide!C64 -> T9 | S45: =Guide!F64 -> User defined | V45: =COUNTIF($D$6:$D$29,$R45)+COUNTIF($F$6:$F$29,$R45)+COUNTIF($H$6:$H$29,$R45)+COUNTIF($J$6:$J$29,$R45)+COUNTIF($L$6:$L$29,$R45)+COUNTIF($N$6:$N$29,$R45)+COUNTIF($P$6:$P$29,$R45) -> 0 | W45: =SUMIF($D$6:$D$29,$R45,$C$6:$C$29) +SUMIF($F$6:$F$29,$R45,$E$6:$E$29) +SUMIF($H$6:$H$29,$R45,$G$6:$G$29)+SUMIF($J$6:$J$29,$R45,$I$6:$I$29)+SUMIF($L$6:$L$29,$R45,$K$6:$K$29)+SUMIF($N$6:$N$29,$R45,$M$6:$M$29)+SUMIF($P$6:$P$29,$R45,$O$6:$O$29) -> 0
R46: =Guide!C65 -> T10 | S46: =Guide!F65 -> User defined | V46: =COUNTIF($D$6:$D$29,$R46)+COUNTIF($F$6:$F$29,$R46)+COUNTIF($H$6:$H$29,$R46)+COUNTIF($J$6:$J$29,$R46)+COUNTIF($L$6:$L$29,$R46)+COUNTIF($N$6:$N$29,$R46)+COUNTIF($P$6:$P$29,$R46) -> 0 | W46: =SUMIF($D$6:$D$29,$R46,$C$6:$C$29) +SUMIF($F$6:$F$29,$R46,$E$6:$E$29) +SUMIF($H$6:$H$29,$R46,$G$6:$G$29)+SUMIF($J$6:$J$29,$R46,$I$6:$I$29)+SUMIF($L$6:$L$29,$R46,$K$6:$K$29)+SUMIF($N$6:$N$29,$R46,$M$6:$M$29)+SUMIF($P$6:$P$29,$R46,$O$6:$O$29) -> 0
S47: =Guide!C67 -> Education
R48: =Guide!C68 -> D1 | S48: =Guide!F68 -> Books | V48: =COUNTIF($D$6:$D$29,$R48)+COUNTIF($F$6:$F$29,$R48)+COUNTIF($H$6:$H$29,$R48)+COUNTIF($J$6:$J$29,$R48)+COUNTIF($L$6:$L$29,$R48)+COUNTIF($N$6:$N$29,$R48)+COUNTIF($P$6:$P$29,$R48) -> 0 | W48: =SUMIF($D$6:$D$29,$R48,$C$6:$C$29) +SUMIF($F$6:$F$29,$R48,$E$6:$E$29) +SUMIF($H$6:$H$29,$R48,$G$6:$G$29)+SUMIF($J$6:$J$29,$R48,$I$6:$I$29)+SUMIF($L$6:$L$29,$R48,$K$6:$K$29)+SUMIF($N$6:$N$29,$R48,$M$6:$M$29)+SUMIF($P$6:$P$29,$R48,$O$6:$O$29) -> 0
R49: =Guide!C69 -> D2 | S49: =Guide!F69 -> Fees | V49: =COUNTIF($D$6:$D$29,$R49)+COUNTIF($F$6:$F$29,$R49)+COUNTIF($H$6:$H$29,$R49)+COUNTIF($J$6:$J$29,$R49)+COUNTIF($L$6:$L$29,$R49)+COUNTIF($N$6:$N$29,$R49)+COUNTIF($P$6:$P$29,$R49) -> 0 | W49: =SUMIF($D$6:$D$29,$R49,$C$6:$C$29) +SUMIF($F$6:$F$29,$R49,$E$6:$E$29) +SUMIF($H$6:$H$29,$R49,$G$6:$G$29)+SUMIF($J$6:$J$29,$R49,$I$6:$I$29)+SUMIF($L$6:$L$29,$R49,$K$6:$K$29)+SUMIF($N$6:$N$29,$R49,$M$6:$M$29)+SUMIF($P$6:$P$29,$R49,$O$6:$O$29) -> 0
R50: =Guide!C70 -> D3 | S50: =Guide!F70 -> Exams | V50: =COUNTIF($D$6:$D$29,$R50)+COUNTIF($F$6:$F$29,$R50)+COUNTIF($H$6:$H$29,$R50)+COUNTIF($J$6:$J$29,$R50)+COUNTIF($L$6:$L$29,$R50)+COUNTIF($N$6:$N$29,$R50)+COUNTIF($P$6:$P$29,$R50) -> 0 | W50: =SUMIF($D$6:$D$29,$R50,$C$6:$C$29) +SUMIF($F$6:$F$29,$R50,$E$6:$E$29) +SUMIF($H$6:$H$29,$R50,$G$6:$G$29)+SUMIF($J$6:$J$29,$R50,$I$6:$I$29)+SUMIF($L$6:$L$29,$R50,$K$6:$K$29)+SUMIF($N$6:$N$29,$R50,$M$6:$M$29)+SUMIF($P$6:$P$29,$R50,$O$6:$O$29) -> 0
R51: =Guide!C71 -> D4 | S51: =Guide!F71 -> Materials | V51: =COUNTIF($D$6:$D$29,$R51)+COUNTIF($F$6:$F$29,$R51)+COUNTIF($H$6:$H$29,$R51)+COUNTIF($J$6:$J$29,$R51)+COUNTIF($L$6:$L$29,$R51)+COUNTIF($N$6:$N$29,$R51)+COUNTIF($P$6:$P$29,$R51) -> 0 | W51: =SUMIF($D$6:$D$29,$R51,$C$6:$C$29) +SUMIF($F$6:$F$29,$R51,$E$6:$E$29) +SUMIF($H$6:$H$29,$R51,$G$6:$G$29)+SUMIF($J$6:$J$29,$R51,$I$6:$I$29)+SUMIF($L$6:$L$29,$R51,$K$6:$K$29)+SUMIF($N$6:$N$29,$R51,$M$6:$M$29)+SUMIF($P$6:$P$29,$R51,$O$6:$O$29) -> 0
R52: =Guide!C72 -> D5 | S52: =Guide!F72 -> other (can add own) | V52: =COUNTIF($D$6:$D$29,$R52)+COUNTIF($F$6:$F$29,$R52)+COUNTIF($H$6:$H$29,$R52)+COUNTIF($J$6:$J$29,$R52)+COUNTIF($L$6:$L$29,$R52)+COUNTIF($N$6:$N$29,$R52)+COUNTIF($P$6:$P$29,$R52) -> 0 | W52: =SUMIF($D$6:$D$29,$R52,$C$6:$C$29) +SUMIF($F$6:$F$29,$R52,$E$6:$E$29) +SUMIF($H$6:$H$29,$R52,$G$6:$G$29)+SUMIF($J$6:$J$29,$R52,$I$6:$I$29)+SUMIF($L$6:$L$29,$R52,$K$6:$K$29)+SUMIF($N$6:$N$29,$R52,$M$6:$M$29)+SUMIF($P$6:$P$29,$R52,$O$6:$O$29) -> 0
R53: =Guide!C73 -> D6 | S53: =Guide!F73 -> User defined | V53: =COUNTIF($D$6:$D$29,$R53)+COUNTIF($F$6:$F$29,$R53)+COUNTIF($H$6:$H$29,$R53)+COUNTIF($J$6:$J$29,$R53)+COUNTIF($L$6:$L$29,$R53)+COUNTIF($N$6:$N$29,$R53)+COUNTIF($P$6:$P$29,$R53) -> 0 | W53: =SUMIF($D$6:$D$29,$R53,$C$6:$C$29) +SUMIF($F$6:$F$29,$R53,$E$6:$E$29) +SUMIF($H$6:$H$29,$R53,$G$6:$G$29)+SUMIF($J$6:$J$29,$R53,$I$6:$I$29)+SUMIF($L$6:$L$29,$R53,$K$6:$K$29)+SUMIF($N$6:$N$29,$R53,$M$6:$M$29)+SUMIF($P$6:$P$29,$R53,$O$6:$O$29) -> 0
R54: =Guide!C74 -> D7 | S54: =Guide!F74 -> User defined | V54: =COUNTIF($D$6:$D$29,$R54)+COUNTIF($F$6:$F$29,$R54)+COUNTIF($H$6:$H$29,$R54)+COUNTIF($J$6:$J$29,$R54)+COUNTIF($L$6:$L$29,$R54)+COUNTIF($N$6:$N$29,$R54)+COUNTIF($P$6:$P$29,$R54) -> 0 | W54: =SUMIF($D$6:$D$29,$R54,$C$6:$C$29) +SUMIF($F$6:$F$29,$R54,$E$6:$E$29) +SUMIF($H$6:$H$29,$R54,$G$6:$G$29)+SUMIF($J$6:$J$29,$R54,$I$6:$I$29)+SUMIF($L$6:$L$29,$R54,$K$6:$K$29)+SUMIF($N$6:$N$29,$R54,$M$6:$M$29)+SUMIF($P$6:$P$29,$R54,$O$6:$O$29) -> 0
R55: =Guide!C75 -> D8 | S55: =Guide!F75 -> User defined | V55: =COUNTIF($D$6:$D$29,$R55)+COUNTIF($F$6:$F$29,$R55)+COUNTIF($H$6:$H$29,$R55)+COUNTIF($J$6:$J$29,$R55)+COUNTIF($L$6:$L$29,$R55)+COUNTIF($N$6:$N$29,$R55)+COUNTIF($P$6:$P$29,$R55) -> 0 | W55: =SUMIF($D$6:$D$29,$R55,$C$6:$C$29) +SUMIF($F$6:$F$29,$R55,$E$6:$E$29) +SUMIF($H$6:$H$29,$R55,$G$6:$G$29)+SUMIF($J$6:$J$29,$R55,$I$6:$I$29)+SUMIF($L$6:$L$29,$R55,$K$6:$K$29)+SUMIF($N$6:$N$29,$R55,$M$6:$M$29)+SUMIF($P$6:$P$29,$R55,$O$6:$O$29) -> 0
S56: =Guide!C77 -> Entertainment
R57: =Guide!C78 -> E1 | S57: =Guide!F78 -> Movies | V57: =COUNTIF($D$6:$D$29,$R57)+COUNTIF($F$6:$F$29,$R57)+COUNTIF($H$6:$H$29,$R57)+COUNTIF($J$6:$J$29,$R57)+COUNTIF($L$6:$L$29,$R57)+COUNTIF($N$6:$N$29,$R57)+COUNTIF($P$6:$P$29,$R57) -> 0 | W57: =SUMIF($D$6:$D$29,$R57,$C$6:$C$29) +SUMIF($F$6:$F$29,$R57,$E$6:$E$29) +SUMIF($H$6:$H$29,$R57,$G$6:$G$29)+SUMIF($J$6:$J$29,$R57,$I$6:$I$29)+SUMIF($L$6:$L$29,$R57,$K$6:$K$29)+SUMIF($N$6:$N$29,$R57,$M$6:$M$29)+SUMIF($P$6:$P$29,$R57,$O$6:$O$29) -> 0
R58: =Guide!C79 -> E2 | S58: =Guide!F79 -> Computer | V58: =COUNTIF($D$6:$D$29,$R58)+COUNTIF($F$6:$F$29,$R58)+COUNTIF($H$6:$H$29,$R58)+COUNTIF($J$6:$J$29,$R58)+COUNTIF($L$6:$L$29,$R58)+COUNTIF($N$6:$N$29,$R58)+COUNTIF($P$6:$P$29,$R58) -> 0 | W58: =SUMIF($D$6:$D$29,$R58,$C$6:$C$29) +SUMIF($F$6:$F$29,$R58,$E$6:$E$29) +SUMIF($H$6:$H$29,$R58,$G$6:$G$29)+SUMIF($J$6:$J$29,$R58,$I$6:$I$29)+SUMIF($L$6:$L$29,$R58,$K$6:$K$29)+SUMIF($N$6:$N$29,$R58,$M$6:$M$29)+SUMIF($P$6:$P$29,$R58,$O$6:$O$29) -> 0
R59: =Guide!C80 -> E3 | S59: =Guide!F80 -> Books and Magazines | V59: =COUNTIF($D$6:$D$29,$R59)+COUNTIF($F$6:$F$29,$R59)+COUNTIF($H$6:$H$29,$R59)+COUNTIF($J$6:$J$29,$R59)+COUNTIF($L$6:$L$29,$R59)+COUNTIF($N$6:$N$29,$R59)+COUNTIF($P$6:$P$29,$R59) -> 0 | W59: =SUMIF($D$6:$D$29,$R59,$C$6:$C$29) +SUMIF($F$6:$F$29,$R59,$E$6:$E$29) +SUMIF($H$6:$H$29,$R59,$G$6:$G$29)+SUMIF($J$6:$J$29,$R59,$I$6:$I$29)+SUMIF($L$6:$L$29,$R59,$K$6:$K$29)+SUMIF($N$6:$N$29,$R59,$M$6:$M$29)+SUMIF($P$6:$P$29,$R59,$O$6:$O$29) -> 0
R60: =Guide!C81 -> E4 | S60: =Guide!F81 -> Hobbies | V60: =COUNTIF($D$6:$D$29,$R60)+COUNTIF($F$6:$F$29,$R60)+COUNTIF($H$6:$H$29,$R60)+COUNTIF($J$6:$J$29,$R60)+COUNTIF($L$6:$L$29,$R60)+COUNTIF($N$6:$N$29,$R60)+COUNTIF($P$6:$P$29,$R60) -> 0 | W60: =SUMIF($D$6:$D$29,$R60,$C$6:$C$29) +SUMIF($F$6:$F$29,$R60,$E$6:$E$29) +SUMIF($H$6:$H$29,$R60,$G$6:$G$29)+SUMIF($J$6:$J$29,$R60,$I$6:$I$29)+SUMIF($L$6:$L$29,$R60,$K$6:$K$29)+SUMIF($N$6:$N$29,$R60,$M$6:$M$29)+SUMIF($P$6:$P$29,$R60,$O$6:$O$29) -> 0
R61: =Guide!C82 -> E5 | S61: =Guide!F82 -> Holidays | V61: =COUNTIF($D$6:$D$29,$R61)+COUNTIF($F$6:$F$29,$R61)+COUNTIF($H$6:$H$29,$R61)+COUNTIF($J$6:$J$29,$R61)+COUNTIF($L$6:$L$29,$R61)+COUNTIF($N$6:$N$29,$R61)+COUNTIF($P$6:$P$29,$R61) -> 0 | W61: =SUMIF($D$6:$D$29,$R61,$C$6:$C$29) +SUMIF($F$6:$F$29,$R61,$E$6:$E$29) +SUMIF($H$6:$H$29,$R61,$G$6:$G$29)+SUMIF($J$6:$J$29,$R61,$I$6:$I$29)+SUMIF($L$6:$L$29,$R61,$K$6:$K$29)+SUMIF($N$6:$N$29,$R61,$M$6:$M$29)+SUMIF($P$6:$P$29,$R61,$O$6:$O$29) -> 0
R62: =Guide!C83 -> E6 | S62: =Guide!F83 -> other (can add own) | V62: =COUNTIF($D$6:$D$29,$R62)+COUNTIF($F$6:$F$29,$R62)+COUNTIF($H$6:$H$29,$R62)+COUNTIF($J$6:$J$29,$R62)+COUNTIF($L$6:$L$29,$R62)+COUNTIF($N$6:$N$29,$R62)+COUNTIF($P$6:$P$29,$R62) -> 0 | W62: =SUMIF($D$6:$D$29,$R62,$C$6:$C$29) +SUMIF($F$6:$F$29,$R62,$E$6:$E$29) +SUMIF($H$6:$H$29,$R62,$G$6:$G$29)+SUMIF($J$6:$J$29,$R62,$I$6:$I$29)+SUMIF($L$6:$L$29,$R62,$K$6:$K$29)+SUMIF($N$6:$N$29,$R62,$M$6:$M$29)+SUMIF($P$6:$P$29,$R62,$O$6:$O$29) -> 0
R63: =Guide!C84 -> E7 | S63: =Guide!F84 -> Going Out | V63: =COUNTIF($D$6:$D$29,$R63)+COUNTIF($F$6:$F$29,$R63)+COUNTIF($H$6:$H$29,$R63)+COUNTIF($J$6:$J$29,$R63)+COUNTIF($L$6:$L$29,$R63)+COUNTIF($N$6:$N$29,$R63)+COUNTIF($P$6:$P$29,$R63) -> 0 | W63: =SUMIF($D$6:$D$29,$R63,$C$6:$C$29) +SUMIF($F$6:$F$29,$R63,$E$6:$E$29) +SUMIF($H$6:$H$29,$R63,$G$6:$G$29)+SUMIF($J$6:$J$29,$R63,$I$6:$I$29)+SUMIF($L$6:$L$29,$R63,$K$6:$K$29)+SUMIF($N$6:$N$29,$R63,$M$6:$M$29)+SUMIF($P$6:$P$29,$R63,$O$6:$O$29) -> 0
R64: =Guide!C85 -> E8 | S64: =Guide!F85 -> User defined | V64: =COUNTIF($D$6:$D$29,$R64)+COUNTIF($F$6:$F$29,$R64)+COUNTIF($H$6:$H$29,$R64)+COUNTIF($J$6:$J$29,$R64)+COUNTIF($L$6:$L$29,$R64)+COUNTIF($N$6:$N$29,$R64)+COUNTIF($P$6:$P$29,$R64) -> 0 | W64: =SUMIF($D$6:$D$29,$R64,$C$6:$C$29) +SUMIF($F$6:$F$29,$R64,$E$6:$E$29) +SUMIF($H$6:$H$29,$R64,$G$6:$G$29)+SUMIF($J$6:$J$29,$R64,$I$6:$I$29)+SUMIF($L$6:$L$29,$R64,$K$6:$K$29)+SUMIF($N$6:$N$29,$R64,$M$6:$M$29)+SUMIF($P$6:$P$29,$R64,$O$6:$O$29) -> 0
R65: =Guide!C86 -> E9 | S65: =Guide!F86 -> User defined | V65: =COUNTIF($D$6:$D$29,$R65)+COUNTIF($F$6:$F$29,$R65)+COUNTIF($H$6:$H$29,$R65)+COUNTIF($J$6:$J$29,$R65)+COUNTIF($L$6:$L$29,$R65)+COUNTIF($N$6:$N$29,$R65)+COUNTIF($P$6:$P$29,$R65) -> 0 | W65: =SUMIF($D$6:$D$29,$R65,$C$6:$C$29) +SUMIF($F$6:$F$29,$R65,$E$6:$E$29) +SUMIF($H$6:$H$29,$R65,$G$6:$G$29)+SUMIF($J$6:$J$29,$R65,$I$6:$I$29)+SUMIF($L$6:$L$29,$R65,$K$6:$K$29)+SUMIF($N$6:$N$29,$R65,$M$6:$M$29)+SUMIF($P$6:$P$29,$R65,$O$6:$O$29) -> 0
S66: =Guide!C88 -> Other
R67: =Guide!C89 -> O1 | S67: =Guide!F89 -> Income Protection | V67: =COUNTIF($D$6:$D$29,$R67)+COUNTIF($F$6:$F$29,$R67)+COUNTIF($H$6:$H$29,$R67)+COUNTIF($J$6:$J$29,$R67)+COUNTIF($L$6:$L$29,$R67)+COUNTIF($N$6:$N$29,$R67)+COUNTIF($P$6:$P$29,$R67) -> 0 | W67: =SUMIF($D$6:$D$29,$R67,$C$6:$C$29) +SUMIF($F$6:$F$29,$R67,$E$6:$E$29) +SUMIF($H$6:$H$29,$R67,$G$6:$G$29)+SUMIF($J$6:$J$29,$R67,$I$6:$I$29)+SUMIF($L$6:$L$29,$R67,$K$6:$K$29)+SUMIF($N$6:$N$29,$R67,$M$6:$M$29)+SUMIF($P$6:$P$29,$R67,$O$6:$O$29) -> 0
R68: =Guide!C90 -> O2 | S68: =Guide!F90 -> Life insurance | V68: =COUNTIF($D$6:$D$29,$R68)+COUNTIF($F$6:$F$29,$R68)+COUNTIF($H$6:$H$29,$R68)+COUNTIF($J$6:$J$29,$R68)+COUNTIF($L$6:$L$29,$R68)+COUNTIF($N$6:$N$29,$R68)+COUNTIF($P$6:$P$29,$R68) -> 0 | W68: =SUMIF($D$6:$D$29,$R68,$C$6:$C$29) +SUMIF($F$6:$F$29,$R68,$E$6:$E$29) +SUMIF($H$6:$H$29,$R68,$G$6:$G$29)+SUMIF($J$6:$J$29,$R68,$I$6:$I$29)+SUMIF($L$6:$L$29,$R68,$K$6:$K$29)+SUMIF($N$6:$N$29,$R68,$M$6:$M$29)+SUMIF($P$6:$P$29,$R68,$O$6:$O$29) -> 0
R69: =Guide!C91 -> O3 | S69: =Guide!F91 -> Gifts | V69: =COUNTIF($D$6:$D$29,$R69)+COUNTIF($F$6:$F$29,$R69)+COUNTIF($H$6:$H$29,$R69)+COUNTIF($J$6:$J$29,$R69)+COUNTIF($L$6:$L$29,$R69)+COUNTIF($N$6:$N$29,$R69)+COUNTIF($P$6:$P$29,$R69) -> 0 | W69: =SUMIF($D$6:$D$29,$R69,$C$6:$C$29) +SUMIF($F$6:$F$29,$R69,$E$6:$E$29) +SUMIF($H$6:$H$29,$R69,$G$6:$G$29)+SUMIF($J$6:$J$29,$R69,$I$6:$I$29)+SUMIF($L$6:$L$29,$R69,$K$6:$K$29)+SUMIF($N$6:$N$29,$R69,$M$6:$M$29)+SUMIF($P$6:$P$29,$R69,$O$6:$O$29) -> 0
R70: =Guide!C92 -> O4 | S70: =Guide!F92 -> Pet | V70: =COUNTIF($D$6:$D$29,$R70)+COUNTIF($F$6:$F$29,$R70)+COUNTIF($H$6:$H$29,$R70)+COUNTIF($J$6:$J$29,$R70)+COUNTIF($L$6:$L$29,$R70)+COUNTIF($N$6:$N$29,$R70)+COUNTIF($P$6:$P$29,$R70) -> 0 | W70: =SUMIF($D$6:$D$29,$R70,$C$6:$C$29) +SUMIF($F$6:$F$29,$R70,$E$6:$E$29) +SUMIF($H$6:$H$29,$R70,$G$6:$G$29)+SUMIF($J$6:$J$29,$R70,$I$6:$I$29)+SUMIF($L$6:$L$29,$R70,$K$6:$K$29)+SUMIF($N$6:$N$29,$R70,$M$6:$M$29)+SUMIF($P$6:$P$29,$R70,$O$6:$O$29) -> 0
R71: =Guide!C93 -> O5 | S71: =Guide!F93 -> Investments | V71: =COUNTIF($D$6:$D$29,$R71)+COUNTIF($F$6:$F$29,$R71)+COUNTIF($H$6:$H$29,$R71)+COUNTIF($J$6:$J$29,$R71)+COUNTIF($L$6:$L$29,$R71)+COUNTIF($N$6:$N$29,$R71)+COUNTIF($P$6:$P$29,$R71) -> 0 | W71: =SUMIF($D$6:$D$29,$R71,$C$6:$C$29) +SUMIF($F$6:$F$29,$R71,$E$6:$E$29) +SUMIF($H$6:$H$29,$R71,$G$6:$G$29)+SUMIF($J$6:$J$29,$R71,$I$6:$I$29)+SUMIF($L$6:$L$29,$R71,$K$6:$K$29)+SUMIF($N$6:$N$29,$R71,$M$6:$M$29)+SUMIF($P$6:$P$29,$R71,$O$6:$O$29) -> 0
R72: =Guide!C94 -> O6 | S72: =Guide!F94 -> Loans, debts, taxes | V72: =COUNTIF($D$6:$D$29,$R72)+COUNTIF($F$6:$F$29,$R72)+COUNTIF($H$6:$H$29,$R72)+COUNTIF($J$6:$J$29,$R72)+COUNTIF($L$6:$L$29,$R72)+COUNTIF($N$6:$N$29,$R72)+COUNTIF($P$6:$P$29,$R72) -> 0 | W72: =SUMIF($D$6:$D$29,$R72,$C$6:$C$29) +SUMIF($F$6:$F$29,$R72,$E$6:$E$29) +SUMIF($H$6:$H$29,$R72,$G$6:$G$29)+SUMIF($J$6:$J$29,$R72,$I$6:$I$29)+SUMIF($L$6:$L$29,$R72,$K$6:$K$29)+SUMIF($N$6:$N$29,$R72,$M$6:$M$29)+SUMIF($P$6:$P$29,$R72,$O$6:$O$29) -> 0
R73: =Guide!C95 -> O7 | S73: =Guide!F95 -> Other (can add own) | V73: =COUNTIF($D$6:$D$29,$R73)+COUNTIF($F$6:$F$29,$R73)+COUNTIF($H$6:$H$29,$R73)+COUNTIF($J$6:$J$29,$R73)+COUNTIF($L$6:$L$29,$R73)+COUNTIF($N$6:$N$29,$R73)+COUNTIF($P$6:$P$29,$R73) -> 0 | W73: =SUMIF($D$6:$D$29,$R73,$C$6:$C$29) +SUMIF($F$6:$F$29,$R73,$E$6:$E$29) +SUMIF($H$6:$H$29,$R73,$G$6:$G$29)+SUMIF($J$6:$J$29,$R73,$I$6:$I$29)+SUMIF($L$6:$L$29,$R73,$K$6:$K$29)+SUMIF($N$6:$N$29,$R73,$M$6:$M$29)+SUMIF($P$6:$P$29,$R73,$O$6:$O$29) -> 0
R74: =Guide!C96 -> O8 | S74: =Guide!F96 -> Professional Anuities | V74: =COUNTIF($D$6:$D$29,$R74)+COUNTIF($F$6:$F$29,$R74)+COUNTIF($H$6:$H$29,$R74)+COUNTIF($J$6:$J$29,$R74)+COUNTIF($L$6:$L$29,$R74)+COUNTIF($N$6:$N$29,$R74)+COUNTIF($P$6:$P$29,$R74) -> 0 | W74: =SUMIF($D$6:$D$29,$R74,$C$6:$C$29) +SUMIF($F$6:$F$29,$R74,$E$6:$E$29) +SUMIF($H$6:$H$29,$R74,$G$6:$G$29)+SUMIF($J$6:$J$29,$R74,$I$6:$I$29)+SUMIF($L$6:$L$29,$R74,$K$6:$K$29)+SUMIF($N$6:$N$29,$R74,$M$6:$M$29)+SUMIF($P$6:$P$29,$R74,$O$6:$O$29) -> 0
R75: =Guide!C97 -> O9 | S75: =Guide!F97 -> User defined | V75: =COUNTIF($D$6:$D$29,$R75)+COUNTIF($F$6:$F$29,$R75)+COUNTIF($H$6:$H$29,$R75)+COUNTIF($J$6:$J$29,$R75)+COUNTIF($L$6:$L$29,$R75)+COUNTIF($N$6:$N$29,$R75)+COUNTIF($P$6:$P$29,$R75) -> 0 | W75: =SUMIF($D$6:$D$29,$R75,$C$6:$C$29) +SUMIF($F$6:$F$29,$R75,$E$6:$E$29) +SUMIF($H$6:$H$29,$R75,$G$6:$G$29)+SUMIF($J$6:$J$29,$R75,$I$6:$I$29)+SUMIF($L$6:$L$29,$R75,$K$6:$K$29)+SUMIF($N$6:$N$29,$R75,$M$6:$M$29)+SUMIF($P$6:$P$29,$R75,$O$6:$O$29) -> 0
R76: =Guide!C98 -> O10 | S76: =Guide!F98 -> User defined | V76: =COUNTIF($D$6:$D$29,$R76)+COUNTIF($F$6:$F$29,$R76)+COUNTIF($H$6:$H$29,$R76)+COUNTIF($J$6:$J$29,$R76)+COUNTIF($L$6:$L$29,$R76)+COUNTIF($N$6:$N$29,$R76)+COUNTIF($P$6:$P$29,$R76) -> 0 | W76: =SUMIF($D$6:$D$29,$R76,$C$6:$C$29) +SUMIF($F$6:$F$29,$R76,$E$6:$E$29) +SUMIF($H$6:$H$29,$R76,$G$6:$G$29)+SUMIF($J$6:$J$29,$R76,$I$6:$I$29)+SUMIF($L$6:$L$29,$R76,$K$6:$K$29)+SUMIF($N$6:$N$29,$R76,$M$6:$M$29)+SUMIF($P$6:$P$29,$R76,$O$6:$O$29) -> 0
V78: Total | W78: =SUM(W4:W76) -> 8.3

Sheet End
B2: Please do not enter any data on this sheet, and please do not copy or move this sheet. The calculations in the summary and analysis sheets are done on data that lie between the 'Start' and 'End' sheets.
